Workbook
Name ad: '[1]Model Settings'!$C$4
Name Add_Generation_2: 'I_Generation and growth FCast'!$B$55:$H$65
Name AdditionalPolicyCost_Domestic: '[2]Policy billing'!$D$4
Name AssetList: 'I_Asset List'!$B$34:$H$234
Name AutoGen_Capacity1: [2]Autogeneration!$C$12
Name AutoGen_Capacity2: [2]Autogeneration!$D$12
Name AutoGen_Capacity3: [2]Autogeneration!$E$12
Name AutoGen_Capacity4: [2]Autogeneration!$F$12
Name AutoGen_LoadFactor1: [3]Autogeneration!$C$8
Name AutoGen_LoadFactor2: [3]Autogeneration!$D$8
Name AutoGen_LoadFactor3: [4]Autogeneration!$E$8
Name AutoGen_LoadFactor4: [2]Autogeneration!$F$8
Name AvSiteCapacity: '[5]IRR Calc'!$F$19
Name B_Regs: '[6]Source Numbers for Master Lists'!$J$13:$J$17
Name C_T: '[6]Source Numbers for Master Lists'!$J$42:$J$43
Name CapPay1_AnnualMaxCapacity: '[2]Capacity Payment 1'!$C$11
Name CapPay1_ChargeBack: '[2]Capacity Payment 1'!$C$9
Name CapPay1_HurdleRateAdjustment: '[2]Capacity Payment 1'!$D$17
Name CapPay1_Index: '[2]Capacity Payment 1'!$C$17
Name CapPay1_Payment_Matrix: '[2]Capacity Payment 1'!$G$6
Name CapPay1_Switch_String: '[2]Capacity Payment 1'!$B$4
Name CapPay1_Tech: '[2]Capacity Payment 1'!$B$17
Name CarbonEmissions: #REF!
Name CarbonPrice_ChargeBack: #REF!
Name Categories: 'I_Asset List'!$B$9:$C$29
Name CBA_end: '[7]CBA control'!$C$19
Name CBA_start: '[7]CBA control'!$C$18
Name ccl: '[6]Source Numbers for Master Lists'!$J$21:$J$22
Name CfD1_AnnualMaxCapacity: '[2]CfD 1'!$C$15
Name CfD1_ChargeBack: '[2]CfD 1'!$C$13
Name CfD1_HurdleRateAdjustment: '[2]CfD 1'!$D$23
Name CfD1_Index: '[2]CfD 1'!$C$23
Name CfD1_Payment_Matrix: '[2]CfD 1'!$G$6
Name CfD1_PaymentType_String: '[2]CfD 1'!$C$9
Name CfD1_Switch_String: '[2]CfD 1'!$B$4
Name CfD1_Tech: '[2]CfD 1'!$B$23
Name CfD1_UpsideOption: '[2]CfD 1'!$C$11
Name CfD11_AllowForDistortion: #REF!
Name CfD11_AnnualMaxCapacity: #REF!
Name CfD11_ChargeBack: #REF!
Name CfD11_HurdleRateAdjustment: #REF!
Name CfD11_Index: #REF!
Name CfD11_Name_String: #REF!
Name CfD11_Payment_Matrix: #REF!
Name CfD11_PaymentType_String: #REF!
Name CfD11_ReferencePriceType: #REF!
Name CfD11_Switch_String: #REF!
Name CfD11_Tech: #REF!
Name CfD11_UpsideOption: #REF!
Name CfD19_AllowForDistortion: #REF!
Name CfD19_AnnualMaxCapacity: #REF!
Name CfD19_ChargeBack: #REF!
Name CfD19_HurdleRateAdjustment: #REF!
Name CfD19_Index: #REF!
Name CfD19_MerchantPPA_Matrix: #REF!
Name CfD19_Name_String: #REF!
Name CfD19_Payment_Matrix: #REF!
Name CfD19_PaymentType_String: #REF!
Name CfD19_ReferencePriceType: #REF!
Name CfD19_Switch_String: #REF!

Sheet O_Disclaimer 
B7: DISCLAIMER
B9: This Electricity Procurement Tool has been produced by Local Partnerships to help local authorities determine their future electricity procurement requirements. Please read the “Guidance” sheet carefully to support you with relevant information regarding electricity reduction interventions. The forecast also provides emissions, determined by the multiplying of consumption data from your authority with conversion factors set by BEIS. Emissions are reported as CO2e. Please enter the relevant data points with the units prescribed in the input sheet. Any input cells are coloured light yellow; calculation cells are white; drop-down menu cells are dark green. If you have any questions please contact Local Partnerships at nathan.wicks@localpartnerships.gov.uk. Disclaimer This Electricity Procurement Tool has been produced and published in good faith by Local Partnerships and Local Partnerships shall not incur any liability for any action or omission arising out of any reliance being placed on it (including any information it contains) by any individual/organisation. This Tool is intended to provide general guidance only, and any individual/organisation should consider independent technical, legal, financial and/or other relevant professional advice when considering what action (if any) to take in respect of any associated initiative, proposal or other arrangement, or before placing any reliance on this Tool (including any information it contains). This Tool has been produced to support the public sector, and in particular local authorities in the management of their own emissions. It is not intended for use by commercial organisations where the accounting guidance may differ. Charging for the use of this Tool shall not be permitted in any circumstances.

Sheet O_Summary
B2: SUMMARY
B5: 1. Total electricity and procurement forecast
G8: ='C_Projection '!G147 -> 2023 | H8: ='C_Projection '!H147 -> 2024 | I8: ='C_Projection '!I147 -> 2025 | J8: ='C_Projection '!J147 -> 2026 | K8: ='C_Projection '!K147 -> 2027 | L8: ='C_Projection '!L147 -> 2028
B10: Electricity use at start of period | H10: =IF('C_Projection '!H149=0,"",'C_Projection '!H149) -> 21000 | I10: =IF('C_Projection '!I149=0,"",'C_Projection '!I149) -> 26356.55 | J10: =IF('C_Projection '!J149=0,"",'C_Projection '!J149) -> 30051.81 | K10: =IF('C_Projection '!K149=0,"",'C_Projection '!K149) -> 33139.862 | L10: =IF('C_Projection '!L149=0,"",'C_Projection '!L149) -> 35918.426
G11: =IF('C_Projection '!G150=0,"",'C_Projection '!G150) | H11: =IF('C_Projection '!H150=0,"",'C_Projection '!H150) | I11: =IF('C_Projection '!I150=0,"",'C_Projection '!I150) | J11: =IF('C_Projection '!J150=0,"",'C_Projection '!J150) | K11: =IF('C_Projection '!K150=0,"",'C_Projection '!K150) | L11: =IF('C_Projection '!L150=0,"",'C_Projection '!L150)
B12: Growth (KwH) | H12: ='C_Projection '!H151+'C_Projection '!H152 -> 5823.05 | I12: ='C_Projection '!I151+'C_Projection '!I152 -> 4236.26 | J12: ='C_Projection '!J151+'C_Projection '!J152 -> 4237.0521 | K12: ='C_Projection '!K151+'C_Projection '!K152 -> 4231.5638 | L12: ='C_Projection '!L151+'C_Projection '!L152 -> 4222.7846
B13: ='C_Projection '!F153 -> Intervention | G13: =IF('C_Projection '!G153=0,"",'C_Projection '!G153) | H13: =IF('C_Projection '!H153=0,"",'C_Projection '!H153) -> -466.5 | I13: =IF('C_Projection '!I153=0,"",'C_Projection '!I153) -> -541 | J13: =IF('C_Projection '!J153=0,"",'C_Projection '!J153) -> -1149 | K13: =IF('C_Projection '!K153=0,"",'C_Projection '!K153) -> -1453 | L13: =IF('C_Projection '!L153=0,"",'C_Projection '!L153) -> -2061
B14: Electricity use at end of period | G14: =IF('C_Projection '!G154=0,"",'C_Projection '!G154) -> 21000 | H14: =IF('C_Projection '!H154=0,"",'C_Projection '!H154) -> 26356.55 | I14: =IF('C_Projection '!I154=0,"",'C_Projection '!I154) -> 30051.81 | J14: =IF('C_Projection '!J154=0,"",'C_Projection '!J154) -> 33139.862 | K14: =IF('C_Projection '!K154=0,"",'C_Projection '!K154) -> 35918.426 | L14: =IF('C_Projection '!L154=0,"",'C_Projection '!L154) -> 38080.211
B15: Growth per annum | H15: =(H14-G14)/G14*100% -> 0.25507381 | I15: =(I14-H14)/H14*100% -> 0.14020272 | J15: =(J14-I14)/I14*100% -> 0.10275761 | K15: =(K14-J14)/J14*100% -> 0.083843555 | L15: =(L14-K14)/K14*100% -> 0.060185949
B17: Internal generation | H17: ='C_Projection '!H158+'C_Projection '!H160 -> -3400 | I17: ='C_Projection '!I158+'C_Projection '!I160 -> -5300 | J17: ='C_Projection '!J158+'C_Projection '!J160 -> -4900 | K17: ='C_Projection '!K158+'C_Projection '!K160 -> -6500 | L17: ='C_Projection '!L158+'C_Projection '!L160 -> -6700 | O17: Assumed forecast price (£/KwH)
B18: Procurement requirement | H18: =H14+H17 -> 22956.55 | I18: =I14+I17 -> 24751.81 | J18: =J14+J17 -> 28239.862 | K18: =K14+K17 -> 29418.426 | L18: =L14+L17 -> 31380.211 | O18: 0.34 | P18: 0.34 | Q18: 0.34 | R18: 0.34 | S18: 0.34
B20: Procurement Forecast | G20: =G8 -> 2023 | H20: =H8 -> 2024 | I20: =I8 -> 2025 | J20: =J8 -> 2026 | K20: =K8 -> 2027 | L20: =L8 -> 2028 | N20: =G20 -> 2023 | O20: =H20 -> 2024 | P20: =I20 -> 2025 | Q20: =J20 -> 2026 | R20: =K20 -> 2027 | S20: =L20 -> 2028
B22: ='I_Energy Procurement'!B24 -> Power Purchase Agreement | H22: ='I_Energy Procurement'!G35 -> 450000 | I22: ='I_Energy Procurement'!H35 -> 223150.68 | J22: ='I_Energy Procurement'!I35 -> 29315.068 | K22: ='I_Energy Procurement'!J35 -> 50000 | L22: ='I_Energy Procurement'!K35 -> 33424.658 | O22: =H22*O$18 -> 153000 | P22: =I22*P$18 -> 75871.233 | Q22: =J22*Q$18 -> 9967.1233 | R22: =K22*R$18 -> 17000 | S22: =L22*S$18 -> 11364.384
B23: ='I_Energy Procurement'!B40 -> Electricity Supply Agreement | H23: ='I_Energy Procurement'!G61 -> 0 | I23: ='I_Energy Procurement'!H61 -> 0 | J23: ='I_Energy Procurement'!I61 -> 112000 | K23: ='I_Energy Procurement'!J61 -> 168000 | L23: ='I_Energy Procurement'!K61 -> 157500 | O23: =H23*O$18 -> 0 | P23: =I23*P$18 -> 0 | Q23: =J23*Q$18 -> 38080 | R23: =K23*R$18 -> 57120 | S23: =L23*S$18 -> 53550
B24: Total electricity procured | H24: =SUM(H22:H22) -> 450000 | I24: =SUM(I22:I22) -> 223150.68 | J24: =SUM(J22:J22) -> 29315.068 | K24: =SUM(K22:K22) -> 50000 | L24: =SUM(L22:L22) -> 33424.658 | O24: =H24*O$18 -> 153000 | P24: =I24*P$18 -> 75871.233 | Q24: =J24*Q$18 -> 9967.1233 | R24: =K24*R$18 -> 17000 | S24: =L24*S$18 -> 11364.384
B26: Variance | H26: =H24-H18 -> 427043.45 | I26: =I24-I18 -> 198398.87 | J26: =J24-J18 -> 1075.2064 | K26: =K24-K18 -> 20581.574 | L26: =L24-L18 -> 2044.447 | O26: =H26*O$18 -> 145194.77 | P26: =I26*P$18 -> 67455.617 | Q26: =J26*Q$18 -> 365.57017 | R26: =K26*R$18 -> 6997.7352 | S26: =L26*S$18 -> 695.11199
B30: 2. Electricity forecast by category
G33: 1 | H33: 2 | I33: 3 | J33: 4 | K33: 5 | L33: 6
G34: =G8 -> 2023 | H34: =H8 -> 2024 | I34: =I8 -> 2025 | J34: =J8 -> 2026 | K34: =K8 -> 2027 | L34: =L8 -> 2028
B36: Community Centres | F36: Beginning of period | G36: =OFFSET('C_Projection '!$F$5,MATCH(O_Summary!$B$36,'C_Projection '!$B$5:$B$138)-1,G$33) -> 3000 | H36: =OFFSET('C_Projection '!$F$5,MATCH(O_Summary!$B$36,'C_Projection '!$B$5:$B$138)-1,H$33) -> 3000 | I36: =OFFSET('C_Projection '!$F$5,MATCH(O_Summary!$B$36,'C_Projection '!$B$5:$B$138)-1,I$33) -> 3083 | J36: =OFFSET('C_Projection '!$F$5,MATCH(O_Summary!$B$36,'C_Projection '!$B$5:$B$138)-1,J$33) -> 3066.66 | K36: =OFFSET('C_Projection '!$F$5,MATCH(O_Summary!$B$36,'C_Projection '!$B$5:$B$138)-1,K$33) -> 2965.9932 | L36: =OFFSET('C_Projection '!$F$5,MATCH(O_Summary!$B$36,'C_Projection '!$B$5:$B$138)-1,L$33) -> 2821.3131
F38: Growth (%) | H38: =OFFSET('C_Projection '!$F$5,MATCH(O_Summary!$B$36,'C_Projection '!$B$5:$B$138)+1,H$33) -> 150 | I38: =OFFSET('C_Projection '!$F$5,MATCH(O_Summary!$B$36,'C_Projection '!$B$5:$B$138)+1,I$33) -> 61.66 | J38: =OFFSET('C_Projection '!$F$5,MATCH(O_Summary!$B$36,'C_Projection '!$B$5:$B$138)+1,J$33) -> 61.3332 | K38: =OFFSET('C_Projection '!$F$5,MATCH(O_Summary!$B$36,'C_Projection '!$B$5:$B$138)+1,K$33) -> 59.319864 | L38: =OFFSET('C_Projection '!$F$5,MATCH(O_Summary!$B$36,'C_Projection '!$B$5:$B$138)+1,L$33) -> 56.426261
F39: Growth (KwH) | H39: =OFFSET('C_Projection '!$F$5,MATCH(O_Summary!$B$36,'C_Projection '!$B$5:$B$138)+2,H$33) -> 0 | I39: =OFFSET('C_Projection '!$F$5,MATCH(O_Summary!$B$36,'C_Projection '!$B$5:$B$138)+2,I$33) -> 0 | J39: =OFFSET('C_Projection '!$F$5,MATCH(O_Summary!$B$36,'C_Projection '!$B$5:$B$138)+2,J$33) -> 0 | K39: =OFFSET('C_Projection '!$F$5,MATCH(O_Summary!$B$36,'C_Projection '!$B$5:$B$138)+2,K$33) -> 0 | L39: =OFFSET('C_Projection '!$F$5,MATCH(O_Summary!$B$36,'C_Projection '!$B$5:$B$138)+2,L$33) -> 0
F40: Intervention | H40: =OFFSET('C_Projection '!$F$5,MATCH(O_Summary!$B$36,'C_Projection '!$B$5:$B$138)+3,H$33) -> -67 | I40: =OFFSET('C_Projection '!$F$5,MATCH(O_Summary!$B$36,'C_Projection '!$B$5:$B$138)+3,I$33) -> -78 | J40: =OFFSET('C_Projection '!$F$5,MATCH(O_Summary!$B$36,'C_Projection '!$B$5:$B$138)+3,J$33) -> -162 | K40: =OFFSET('C_Projection '!$F$5,MATCH(O_Summary!$B$36,'C_Projection '!$B$5:$B$138)+3,K$33) -> -204 | L40: =OFFSET('C_Projection '!$F$5,MATCH(O_Summary!$B$36,'C_Projection '!$B$5:$B$138)+3,L$33) -> -288
F41: End of Period | G41: =OFFSET('C_Projection '!$F$5,MATCH(O_Summary!$B$36,'C_Projection '!$B$5:$B$138)+4,G$33) -> 3000 | H41: =OFFSET('C_Projection '!$F$5,MATCH(O_Summary!$B$36,'C_Projection '!$B$5:$B$138)+4,H$33) -> 3083 | I41: =OFFSET('C_Projection '!$F$5,MATCH(O_Summary!$B$36,'C_Projection '!$B$5:$B$138)+4,I$33) -> 3066.66 | J41: =OFFSET('C_Projection '!$F$5,MATCH(O_Summary!$B$36,'C_Projection '!$B$5:$B$138)+4,J$33) -> 2965.9932 | K41: =OFFSET('C_Projection '!$F$5,MATCH(O_Summary!$B$36,'C_Projection '!$B$5:$B$138)+4,K$33) -> 2821.3131 | L41: =OFFSET('C_Projection '!$F$5,MATCH(O_Summary!$B$36,'C_Projection '!$B$5:$B$138)+4,L$33) -> 2589.7393
B55: 3. On site generation forecast
C58: Project
B59: Year | C59: (blank) | D59: blue | E59: arrow | F59: waterway | G59: Total (KWh)
B60: 2024 | D60: 100 | E60: 100 | F60: 200 | G60: 400
B61: 2025 | D61: 1000 | E61: 1000 | F61: 300 | G61: 2300
B62: 2026 | D62: 1000 | E62: 500 | F62: 400 | G62: 1900
B63: 2027 | D63: 1500 | E63: 1500 | F63: 500 | G63: 3500
B64: 2028 | D64: 1500 | E64: 1500 | F64: 700 | G64: 3700
B71: 4. Total electricity forecast (CO2)
G74: =G8 -> 2023 | H74: =H8 -> 2024 | I74: =I8 -> 2025 | J74: =J8 -> 2026 | K74: =K8 -> 2027 | L74: =L8 -> 2028
B76: =B14 -> Electricity use at end of period | G76: =G14 -> 21000 | H76: =H14 -> 26356.55 | I76: =I14 -> 30051.81 | J76: =J14 -> 33139.862 | K76: =K14 -> 35918.426 | L76: =L14 -> 38080.211
B77: Equivalent CO2 | G77: =C_EmissionsFactors!N13 -> 5.2580466 | H77: =C_EmissionsFactors!O13 -> 6.2089048 | I77: =C_EmissionsFactors!P13 -> 6.6090913 | J77: =C_EmissionsFactors!Q13 -> 6.7401396 | K77: =C_EmissionsFactors!R13 -> 6.6774997 | L77: =C_EmissionsFactors!S13 -> 6.376076
B81: 5. Total electricity savings by intervention (KWh)
B84: Intervention | C84: 2024 | D84: 2025 | E84: 2026 | F84: 2027 | G84: 2028
B85: Boilers | C85: 60 | D85: 120 | E85: 180 | F85: 210 | G85: 270
B86: Building management systems | C86: 15 | D86: 30 | E86: 90 | F86: 120 | G86: 180
B87: Compressor | C87: 45 | D87: 90 | E87: 270 | F87: 360 | G87: 540
B88: Cooling | C88: 294 | D88: 196 | E88: 294 | F88: 343 | G88: 441
B89: Energy from waste | C89: 52.5 | D89: 105 | E89: 315 | F89: 420 | G89: 630
B90: Grand Total | C90: 466.5 | D90: 541 | E90: 1149 | F90: 1453 | G90: 2061
B93: 6. Total electricity savings by category (KWh)
B96: Category | C96: 2024 | D96: 2025 | E96: 2026 | F96: 2027 | G96: 2028
B97: 0 | C97: 0 | D97: 0 | E97: 0 | F97: 0 | G97: 0
B98: Admin Buildings /Offices | C98: 64.5 | D98: 73 | E98: 177 | F98: 229 | G98: 333
B99: Car Parks | C99: 67 | D99: 78 | E99: 162 | F99: 204 | G99: 288
B100: Care Homes | C100: 67 | D100: 78 | E100: 162 | F100: 204 | G100: 288
B101: Commercial Properties | C101: 67 | D101: 78 | E101: 162 | F101: 204 | G101: 288
B102: Community Centres | C102: 67 | D102: 78 | E102: 162 | F102: 204 | G102: 288
B103: Day Centres | C103: 67 | D103: 78 | E103: 162 | F103: 204 | G103: 288
B104: Depots | C104: 67 | D104: 78 | E104: 162 | F104: 204 | G104: 288
B105: Grand Total | C105: 466.5 | D105: 541 | E105: 1149 | F105: 1453 | G105: 2061

Sheet O_Scenarios
B2: SCENARIO TOOL
B4: Fill in the yellow cells to determine the impact of growth, intervention and procurement scenarios
B5: Please note this scenario tool does not change the Summary sheet or any of the Input sheets
B7: Current energy forecast (KWh) | G7: =O_Summary!G8 -> 2023 | H7: =O_Summary!H8 -> 2024 | I7: =O_Summary!I8 -> 2025 | J7: =O_Summary!J8 -> 2026 | K7: =O_Summary!K8 -> 2027 | L7: =O_Summary!L8 -> 2028
B9: =O_Summary!B10 -> Electricity use at start of period | H9: =G17 -> 21000 | I9: =H17 -> 26938.855 | J9: =I17 -> 31057.741 | K9: =J17 -> 34569.498 | L9: =K17 -> 37771.219
B10: Current projected growth | H10: =O_Summary!H12 -> 5823.05 | I10: =O_Summary!I12 -> 4236.26 | J10: =O_Summary!J12 -> 4237.0521 | K10: =O_Summary!K12 -> 4231.5638 | L10: =O_Summary!L12 -> 4222.7846
B11: Growth scenario | H11: =10%*H10 -> 582.305 | I11: =10%*I10 -> 423.626 | J11: =10%*J10 -> 423.70521 | K11: =10%*K10 -> 423.15638 | L11: =10%*L10 -> 422.27846
B13: Current intervention estimate | H13: =O_Summary!H13 -> -466.5 | I13: =O_Summary!I13 -> -541 | J13: =O_Summary!J13 -> -1149 | K13: =O_Summary!K13 -> -1453 | L13: =O_Summary!L13 -> -2061
B14: Intervention scenario
B15: Other adjustment
G16: =IF('C_Projection '!H146=0,"",'C_Projection '!H146) | H16: =IF('C_Projection '!I146=0,"",'C_Projection '!I146) | I16: =IF('C_Projection '!J146=0,"",'C_Projection '!J146) | J16: =IF('C_Projection '!K146=0,"",'C_Projection '!K146) | K16: =IF('C_Projection '!L146=0,"",'C_Projection '!L146) | L16: =IF('C_Projection '!M146=0,"",'C_Projection '!M146)
B17: =O_Summary!B14 -> Electricity use at end of period | G17: =O_Summary!G14 -> 21000 | H17: =SUM(H9:H14) -> 26938.855 | I17: =SUM(I9:I14) -> 31057.741 | J17: =SUM(J9:J14) -> 34569.498 | K17: =SUM(K9:K14) -> 37771.219 | L17: =SUM(L9:L14) -> 40355.282
H18: =(H17-G17)/G17*100% -> 0.28280262 | I18: =(I17-H17)/H17*100% -> 0.15289759 | J18: =(J17-I17)/I17*100% -> 0.11307188 | K18: =(K17-J17)/J17*100% -> 0.092616913 | L18: =(L17-K17)/K17*100% -> 0.068413546
B20: Internal generation | H20: =O_Summary!H17 -> -3400 | I20: =O_Summary!I17 -> -5300 | J20: =O_Summary!J17 -> -4900 | K20: =O_Summary!K17 -> -6500 | L20: =O_Summary!L17 -> -6700
B21: Generation scenario
B22: Total generation | H22: =SUM(H20:H21) -> -3400 | I22: =SUM(I20:I21) -> -5300 | J22: =SUM(J20:J21) -> -4900 | K22: =SUM(K20:K21) -> -6500 | L22: =SUM(L20:L21) -> -6700
B24: Procurement requirement | H24: =H17+H22 -> 23538.855 | I24: =I17+I22 -> 25757.741 | J24: =J17+J22 -> 29669.498 | K24: =K17+K22 -> 31271.219 | L24: =L17+L22 -> 33655.282
B27: Current planed electricity procurement | H27: =O_Summary!H24 -> 450000 | I27: =O_Summary!I24 -> 223150.68 | J27: =O_Summary!J24 -> 29315.068 | K27: =O_Summary!K24 -> 50000 | L27: =O_Summary!L24 -> 33424.658
B28: Procurement scenario
B29: Total procurement | H29: =SUM(H27:H28) -> 450000 | I29: =SUM(I27:I28) -> 223150.68 | J29: =SUM(J27:J28) -> 29315.068 | K29: =SUM(K27:K28) -> 50000 | L29: =SUM(L27:L28) -> 33424.658
B31: Variance | H31: =H29-H24 -> 426461.15 | I31: =I29-I24 -> 197392.94 | J31: =J29-J24 -> -354.42982 | K31: =K29-K24 -> 18728.781 | L31: =L29-L24 -> -230.62402

Sheet I_Asset List
B2: ASSET AND CATEGORY LIST
B5: Please insert the categories you use to group your building types (eg schools, car parks, care homes)
B7: Building Category
B9: Category Number | C9: Asset Category Name
B10: 1 | C10: Admin Buildings /Offices
B11: 2 | C11: Car Parks
B12: 3 | C12: Care Homes
B13: 4 | C13: Commercial Properties
B14: 5 | C14: Community Centres
B15: 6 | C15: Day Centres
B16: 7 | C16: Depots
B17: 8
B18: 9
B19: 10
B20: 11
B21: 12
B22: 13
B23: 14
B24: 15
B25: 16
B26: 17
B27: 18
B28: 19
B29: 20
B32: Asset List | C32: Please insert the relevant information for your buildings in the yellow and green cells. Please do not change any of the other cells.
B34: Property Number | C34: Property Name | D34: Asset Category | E34: Electricity Consumption (kWh) | F34: Square meters | G34: Consumption per square meter | H34: MPAN - Consumption measurement period
B35: 1 | C35: Building 1 | D35: Admin Buildings /Offices | E35: 3000 | F35: 1000 | G35: =E35/F35 -> 3 | H35: Half Hourly
B36: 2 | C36: Building 2 | D36: Car Parks | E36: 3000 | F36: 1000 | G36: =E36/F36 -> 3 | H36: Half Hourly
B37: 3 | C37: Building 3 | D37: Care Homes | E37: 3000 | F37: 1000 | G37: =E37/F37 -> 3 | H37: Half Hourly
B38: 4 | C38: Building 4 | D38: Commercial Properties | E38: 3000 | F38: 1000 | G38: =E38/F38 -> 3 | H38: Half Hourly
B39: 5 | C39: Building 5 | D39: Community Centres | E39: 3000 | F39: 1000 | G39: =E39/F39 -> 3 | H39: Half Hourly
B40: 6 | C40: Building 6 | D40: Day Centres | E40: 3000 | F40: 1000 | G40: =E40/F40 -> 3 | H40: Half Hourly
B41: 7 | C41: Building 7 | D41: Depots | E41: 3000 | F41: 1000 | G41: =E41/F41 -> 3 | H41: Half Hourly
B42: 8 | C42: Building 8 | G42: =E42/F42 -> #DIV/0!
B43: 9 | C43: Building 9 | G43: =E43/F43 -> #DIV/0!
B44: 10 | C44: Building 10 | G44: =E44/F44 -> #DIV/0!
B45: 11 | C45: Building 11 | G45: =E45/F45 -> #DIV/0!
B46: 12 | C46: Building 12 | G46: =E46/F46 -> #DIV/0!
B47: 13 | C47: Building 13 | G47: =E47/F47 -> #DIV/0!
B48: 14 | C48: Building 14 | G48: =E48/F48 -> #DIV/0!
B49: 15 | C49: Building 15 | G49: =E49/F49 -> #DIV/0!
B50: 16 | C50: Building 16 | G50: =E50/F50 -> #DIV/0!
B51: 17 | C51: Building 17 | G51: =E51/F51 -> #DIV/0!
B52: 18 | C52: Building 18 | G52: =E52/F52 -> #DIV/0!
B53: 19 | C53: Building 19 | G53: =E53/F53 -> #DIV/0!
... B234: 200 | C234: Building 200 | G234: =E234/F234 -> #DIV/0!
E235: =SUM(E35:E234) -> 21000 | F235: =SUM(F35:F234) -> 7000
AB249: `

Sheet I_Baseline
B2: ENERGY CONSUMPTION BASELINE
B3: Please insert all the relevant information in the yellow and green cells in the tables below. Please do not change any of the other cells.
B4: Baseline year | C4: 2023
B6: Baseline year – Total Local Authority Electricity Consumption (KWh) | C6: =SUM(C8:C9) -> 21000
B8: MPANs - Electricity consumption non-half hourly (KWh) | C8: =SUMIF('I_Asset List'!H$35:H$234,C_Lists!AD6,'I_Asset List'!E$35:E$234) -> 0
B9: MPANs - Electricity consumption half hourly (KWh) | C9: =SUMIF('I_Asset List'!H$35:H$234,C_Lists!AD5,'I_Asset List'!E$35:E$234) -> 21000
B12: Total number of meters (MPAN reflects a physical meter point) | C12: 500
B13: Mean consumption per meter (KWh) | C13: =C6/C12 -> 42
B15: Electricity consumed by asset category | C15: Total number of assets | D15: Baseline consumption (KWh) | E15: % of Total | F15: Number of square meters | G15: Baseline Consumption per square meter
B16: ='I_Asset List'!C10 -> Admin Buildings /Offices | C16: =COUNTIF('I_Asset List'!D$35:D$234,I_Baseline!B16) -> 1 | D16: =SUMIF('I_Asset List'!D$35:D$234,I_Baseline!B16,'I_Asset List'!E$35:E$234) -> 3000 | E16: =D16/$D$36 -> 0.14285714 | F16: =SUMIF('I_Asset List'!D$35:D$234,I_Baseline!B16,'I_Asset List'!F$35:F$234) -> 1000 | G16: =IFERROR(D16/F16,0) -> 3
B17: ='I_Asset List'!C11 -> Car Parks | C17: =COUNTIF('I_Asset List'!D$35:D$234,I_Baseline!B17) -> 1 | D17: =SUMIF('I_Asset List'!D$35:D$234,I_Baseline!B17,'I_Asset List'!E$35:E$234) -> 3000 | E17: =D17/$D$36 -> 0.14285714 | F17: =SUMIF('I_Asset List'!D$35:D$234,I_Baseline!B17,'I_Asset List'!F$35:F$234) -> 1000 | G17: =IFERROR(D17/F17,0) -> 3
B18: ='I_Asset List'!C12 -> Care Homes | C18: =COUNTIF('I_Asset List'!D$35:D$234,I_Baseline!B18) -> 1 | D18: =SUMIF('I_Asset List'!D$35:D$234,I_Baseline!B18,'I_Asset List'!E$35:E$234) -> 3000 | E18: =D18/$D$36 -> 0.14285714 | F18: =SUMIF('I_Asset List'!D$35:D$234,I_Baseline!B18,'I_Asset List'!F$35:F$234) -> 1000 | G18: =IFERROR(D18/F18,0) -> 3
B19: ='I_Asset List'!C13 -> Commercial Properties | C19: =COUNTIF('I_Asset List'!D$35:D$234,I_Baseline!B19) -> 1 | D19: =SUMIF('I_Asset List'!D$35:D$234,I_Baseline!B19,'I_Asset List'!E$35:E$234) -> 3000 | E19: =D19/$D$36 -> 0.14285714 | F19: =SUMIF('I_Asset List'!D$35:D$234,I_Baseline!B19,'I_Asset List'!F$35:F$234) -> 1000 | G19: =IFERROR(D19/F19,0) -> 3
B20: ='I_Asset List'!C14 -> Community Centres | C20: =COUNTIF('I_Asset List'!D$35:D$234,I_Baseline!B20) -> 1 | D20: =SUMIF('I_Asset List'!D$35:D$234,I_Baseline!B20,'I_Asset List'!E$35:E$234) -> 3000 | E20: =D20/$D$36 -> 0.14285714 | F20: =SUMIF('I_Asset List'!D$35:D$234,I_Baseline!B20,'I_Asset List'!F$35:F$234) -> 1000 | G20: =IFERROR(D20/F20,0) -> 3
B21: ='I_Asset List'!C15 -> Day Centres | C21: =COUNTIF('I_Asset List'!D$35:D$234,I_Baseline!B21) -> 1 | D21: =SUMIF('I_Asset List'!D$35:D$234,I_Baseline!B21,'I_Asset List'!E$35:E$234) -> 3000 | E21: =D21/$D$36 -> 0.14285714 | F21: =SUMIF('I_Asset List'!D$35:D$234,I_Baseline!B21,'I_Asset List'!F$35:F$234) -> 1000 | G21: =IFERROR(D21/F21,0) -> 3
B22: ='I_Asset List'!C16 -> Depots | C22: =COUNTIF('I_Asset List'!D$35:D$234,I_Baseline!B22) -> 1 | D22: =SUMIF('I_Asset List'!D$35:D$234,I_Baseline!B22,'I_Asset List'!E$35:E$234) -> 3000 | E22: =D22/$D$36 -> 0.14285714 | F22: =SUMIF('I_Asset List'!D$35:D$234,I_Baseline!B22,'I_Asset List'!F$35:F$234) -> 1000 | G22: =IFERROR(D22/F22,0) -> 3
B23: ='I_Asset List'!C17 -> 0 | C23: =COUNTIF('I_Asset List'!D$35:D$234,I_Baseline!B23) -> 0 | D23: =SUMIF('I_Asset List'!D$35:D$234,I_Baseline!B23,'I_Asset List'!E$35:E$234) -> 0 | E23: =D23/$D$36 -> 0 | F23: =SUMIF('I_Asset List'!D$35:D$234,I_Baseline!B23,'I_Asset List'!F$35:F$234) -> 0 | G23: =IFERROR(D23/F23,0) -> 0
B24: ='I_Asset List'!C18 -> 0 | C24: =COUNTIF('I_Asset List'!D$35:D$234,I_Baseline!B24) -> 0 | D24: =SUMIF('I_Asset List'!D$35:D$234,I_Baseline!B24,'I_Asset List'!E$35:E$234) -> 0 | E24: =D24/$D$36 -> 0 | F24: =SUMIF('I_Asset List'!D$35:D$234,I_Baseline!B24,'I_Asset List'!F$35:F$234) -> 0 | G24: =IFERROR(D24/F24,0) -> 0
B25: ='I_Asset List'!C19 -> 0 | C25: =COUNTIF('I_Asset List'!D$35:D$234,I_Baseline!B25) -> 0 | D25: =SUMIF('I_Asset List'!D$35:D$234,I_Baseline!B25,'I_Asset List'!E$35:E$234) -> 0 | E25: =D25/$D$36 -> 0 | F25: =SUMIF('I_Asset List'!D$35:D$234,I_Baseline!B25,'I_Asset List'!F$35:F$234) -> 0 | G25: =IFERROR(D25/F25,0) -> 0
B26: ='I_Asset List'!C20 -> 0 | C26: =COUNTIF('I_Asset List'!D$35:D$234,I_Baseline!B26) -> 0 | D26: =SUMIF('I_Asset List'!D$35:D$234,I_Baseline!B26,'I_Asset List'!E$35:E$234) -> 0 | E26: =D26/$D$36 -> 0 | F26: =SUMIF('I_Asset List'!D$35:D$234,I_Baseline!B26,'I_Asset List'!F$35:F$234) -> 0 | G26: =IFERROR(D26/F26,0) -> 0
B27: ='I_Asset List'!C21 -> 0 | C27: =COUNTIF('I_Asset List'!D$35:D$234,I_Baseline!B27) -> 0 | D27: =SUMIF('I_Asset List'!D$35:D$234,I_Baseline!B27,'I_Asset List'!E$35:E$234) -> 0 | E27: =D27/$D$36 -> 0 | F27: =SUMIF('I_Asset List'!D$35:D$234,I_Baseline!B27,'I_Asset List'!F$35:F$234) -> 0 | G27: =IFERROR(D27/F27,0) -> 0
... B35: ='I_Asset List'!C29 -> 0 | C35: =COUNTIF('I_Asset List'!D$35:D$234,I_Baseline!B35) -> 0 | D35: =SUMIF('I_Asset List'!D$35:D$234,I_Baseline!B35,'I_Asset List'!E$35:E$234) -> 0 | E35: =D35/$D$36 -> 0 | F35: =SUMIF('I_Asset List'!D$35:D$234,I_Baseline!B35,'I_Asset List'!F$35:F$234) -> 0 | G35: =IFERROR(D35/F35,0) -> 0
B36: Total | C36: =SUM(C16:C35) -> 7 | D36: =SUM(D16:D35) -> 21000
B40: Electricity Procurement
B42: Electricity consumed directly from on-site generation (kWh reduction) | C42: Technology | D42: Total (KWh)
B43: Site A | C43: Biomass | D43: 3000
B44: [Insert site name]
B45: [Insert site name]
B46: [Insert site name]
B47: [Insert site name]
B48: [Insert site name]
B49: [Insert site name]
B50: [Insert site name]
B51: [Insert site name]
B52: [Insert site name]
B53: On-site generation Total | D53: =SUM(D43:D52) -> 3000
B56: Power Purchase Agreement | C56: Technology | D56: Total (KWh) | E56: Contract Start Date | F56: Contract End Date
B57: PPA Number One | C57: Onshore Wind | D57: 50000 | E57: 45078 | F57: 46266
B58: PPA 2 | C58: Onshore Wind | D58: 50000 | E58: 45078 | F58: 45839
B59: PPA3 | C59: Onshore Wind | D59: 50000 | E59: 45078 | F59: 45839
B60: PPA4 | C60: Onshore Wind | D60: 50000 | E60: 45078 | F60: 45839
B61: PPA5 | C61: Onshore Wind | D61: 50000 | E61: 45078 | F61: 45839
B62: Power Purchase Agreement Total | D62: =SUM(D57:D61) -> 250000
B65: Electricity Supply Agreement | C65: Type of supply | D65: Total (KWh) | E65: Minimum Supply (kWh) | F65: Consumption tolerance (%) | G65: Contract Start Date | H65: Contract End Date
B66: British Gas | C66: Unmetered Supply (UMS) | D66: 8000 | E66: 7000 | F66: 0.2 | G66: 44562 | H66: 46022
B67: British Gas | C67: Unmetered Supply (UMS) | D67: 8000 | E67: 7000 | F67: 0.2 | G67: 44562 | H67: 46022
B68: British Gas | C68: Unmetered Supply (UMS) | D68: 8000 | E68: 7000 | F68: 0.2 | G68: 44562 | H68: 46022
B69: British Gas | C69: Unmetered Supply (UMS) | D69: 8000 | E69: 7000 | F69: 0.2 | G69: 44562 | H69: 46022
B70: British Gas | C70: Unmetered Supply (UMS) | D70: 8000 | E70: 7000 | F70: 0.2 | G70: 44562 | H70: 46022
B71: British Gas | C71: Unmetered Supply (UMS) | D71: 8000 | E71: 7000 | F71: 0.2 | G71: 44562 | H71: 46022
B72: British Gas | C72: Unmetered Supply (UMS) | D72: 8000 | E72: 7000 | F72: 0.2 | G72: 44562 | H72: 46022
B73: British Gas | C73: Unmetered Supply (UMS) | D73: 8000 | E73: 7000 | F73: 0.2 | G73: 44562 | H73: 46022
B74: British Gas | C74: Unmetered Supply (UMS) | D74: 8000 | E74: 7000 | F74: 0.2 | G74: 44562 | H74: 46022
B75: British Gas | C75: Unmetered Supply (UMS) | D75: 8000 | E75: 7000 | F75: 0.2 | G75: 44562 | H75: 46022
B76: Electricity Supply Agreement Total | D76: =SUM(D66:D75) -> 80000 | E76: =SUM(E66:E75) -> 70000
B80: Summary | C80: Total (kWh)
B81: Baseline year – Total Local Authority Electricity Consumption (kWh) | C81: =C6 -> 21000
B82: Total Electricity procurement | C82: =SUM(D53+D62+D76) -> 333000
B83: Check | C83: =C81<=C82 -> TRUE

Sheet I_Intervention FCast
D1: `
C2: INTERVENTION FORECAST
C4: Please insert all the relevant information in the yellow and green cells in the tables below. Please do not change any of the other cells.
C5: Targeted interventions for forecast years (kWh reduction)
F6: Reduction calculated as a percentage of current usage or KWh? | H6: Percentage KWh reduction | I6: Cumulative percentage of assets covered | O6: Number of interventions implemented | T6: Local Authority Estimated KWh reduction per intervention | W6: Total estimated reduction (per annum)
C7: Asset Category | E7: Energy efficiency intervention | I7: =I_Baseline!C4+1 -> 2024 | J7: =I7+1 -> 2025 | K7: =J7+1 -> 2026 | L7: =K7+1 -> 2027 | M7: =L7+1 -> 2028 | O7: =I_Baseline!C4+1 -> 2024 | P7: =O7+1 -> 2025 | Q7: =P7+1 -> 2026 | R7: =Q7+1 -> 2027 | S7: =R7+1 -> 2028 | V7: Baseline | W7: =I_Baseline!C4+1 -> 2024 | X7: =W7+1 -> 2025 | Y7: =X7+1 -> 2026 | Z7: =Y7+1 -> 2027 | AA7: =Z7+1 -> 2028
C8: =I_Baseline!B16 -> Admin Buildings /Offices | E8: Building management systems | F8: % | H8: 0.1 | O8: 2 | P8: 4 | Q8: 6 | R8: 7 | S8: 9 | T8: 5 | V8: =I_Baseline!D16 -> 3000 | W8: =IF($F8="KWh",$C9*O8*$T8,$V8*$H8*I8) -> 0 | X8: =IF($F8="KWh",$C9*P8*$T8,$V8*$H8*J8) -> 0 | Y8: =IF($F8="KWh",$C9*Q8*$T8,$V8*$H8*K8) -> 0 | Z8: =IF($F8="KWh",$C9*R8*$T8,$V8*$H8*L8) -> 0 | AA8: =IF($F8="KWh",$C9*S8*$T8,$V8*$H8*M8) -> 0
C9: =IF(C8=0,0,1) -> 1 | E9: Building management systems | F9: % | H9: 0.1 | I9: 0.05 | J9: 0.1 | K9: 0.3 | L9: 0.4 | M9: 0.6 | V9: =V8 -> 3000 | W9: =IF($F9="KWh",$C9*O9*$T9,$V9*$H9*I9) -> 15 | X9: =IF($F9="KWh",$C9*P9*$T9,$V9*$H9*J9) -> 30 | Y9: =IF($F9="KWh",$C9*Q9*$T9,$V9*$H9*K9) -> 90 | Z9: =IF($F9="KWh",$C9*R9*$T9,$V9*$H9*L9) -> 120 | AA9: =IF($F9="KWh",$C9*S9*$T9,$V9*$H9*M9) -> 180
E10: Cooling | F10: KWh | O10: 6 | P10: 4 | Q10: 6 | R10: 7 | S10: 9 | T10: 7 | V10: =V8 -> 3000 | W10: =IF($F10="KWh",$C9*O10*$T10,$V10*$H10*I10) -> 42 | X10: =IF($F10="KWh",$C9*P10*$T10,$V10*$H10*J10) -> 28 | Y10: =IF($F10="KWh",$C9*Q10*$T10,$V10*$H10*K10) -> 42 | Z10: =IF($F10="KWh",$C9*R10*$T10,$V10*$H10*L10) -> 49 | AA10: =IF($F10="KWh",$C9*S10*$T10,$V10*$H10*M10) -> 63
E11: Energy from waste | F11: % | H11: 0.05 | I11: 0.05 | J11: 0.1 | K11: 0.3 | L11: 0.4 | M11: 0.6 | V11: =V8 -> 3000 | W11: =IF($F11="KWh",$C9*O11*$T11,$V11*$H11*I11) -> 7.5 | X11: =IF($F11="KWh",$C9*P11*$T11,$V11*$H11*J11) -> 15 | Y11: =IF($F11="KWh",$C9*Q11*$T11,$V11*$H11*K11) -> 45 | Z11: =IF($F11="KWh",$C9*R11*$T11,$V11*$H11*L11) -> 60 | AA11: =IF($F11="KWh",$C9*S11*$T11,$V11*$H11*M11) -> 90
W12: =SUM(W8:W11) -> 64.5 | X12: =SUM(X8:X11) -> 73 | Y12: =SUM(Y8:Y11) -> 177 | Z12: =SUM(Z8:Z11) -> 229 | AA12: =SUM(AA8:AA11) -> 333
C14: =I_Baseline!B17 -> Car Parks | E14: Boilers | F14: KWh | O14: 2 | P14: 4 | Q14: 6 | R14: 7 | S14: 9 | T14: 5 | V14: =I_Baseline!D17 -> 3000 | W14: =IF($F14="KWh",$C15*O14*$T14,$V14*$H14*I14) -> 10 | X14: =IF($F14="KWh",$C15*P14*$T14,$V14*$H14*J14) -> 20 | Y14: =IF($F14="KWh",$C15*Q14*$T14,$V14*$H14*K14) -> 30 | Z14: =IF($F14="KWh",$C15*R14*$T14,$V14*$H14*L14) -> 35 | AA14: =IF($F14="KWh",$C15*S14*$T14,$V14*$H14*M14) -> 45
C15: =IF(C14=0,0,1) -> 1 | E15: Compressor | F15: % | H15: 0.05 | I15: 0.05 | J15: 0.1 | K15: 0.3 | L15: 0.4 | M15: 0.6 | V15: =V14 -> 3000 | W15: =IF($F15="KWh",$C15*O15*$T15,$V15*$H15*I15) -> 7.5 | X15: =IF($F15="KWh",$C15*P15*$T15,$V15*$H15*J15) -> 15 | Y15: =IF($F15="KWh",$C15*Q15*$T15,$V15*$H15*K15) -> 45 | Z15: =IF($F15="KWh",$C15*R15*$T15,$V15*$H15*L15) -> 60 | AA15: =IF($F15="KWh",$C15*S15*$T15,$V15*$H15*M15) -> 90
E16: Cooling | F16: KWh | O16: 6 | P16: 4 | Q16: 6 | R16: 7 | S16: 9 | T16: 7 | V16: =V14 -> 3000 | W16: =IF($F16="KWh",$C15*O16*$T16,$V16*$H16*I16) -> 42 | X16: =IF($F16="KWh",$C15*P16*$T16,$V16*$H16*J16) -> 28 | Y16: =IF($F16="KWh",$C15*Q16*$T16,$V16*$H16*K16) -> 42 | Z16: =IF($F16="KWh",$C15*R16*$T16,$V16*$H16*L16) -> 49 | AA16: =IF($F16="KWh",$C15*S16*$T16,$V16*$H16*M16) -> 63
E17: Energy from waste | F17: % | H17: 0.05 | I17: 0.05 | J17: 0.1 | K17: 0.3 | L17: 0.4 | M17: 0.6 | V17: =V14 -> 3000 | W17: =IF($F17="KWh",$C15*O17*$T17,$V17*$H17*I17) -> 7.5 | X17: =IF($F17="KWh",$C15*P17*$T17,$V17*$H17*J17) -> 15 | Y17: =IF($F17="KWh",$C15*Q17*$T17,$V17*$H17*K17) -> 45 | Z17: =IF($F17="KWh",$C15*R17*$T17,$V17*$H17*L17) -> 60 | AA17: =IF($F17="KWh",$C15*S17*$T17,$V17*$H17*M17) -> 90
W18: =SUM(W14:W17) -> 67 | X18: =SUM(X14:X17) -> 78 | Y18: =SUM(Y14:Y17) -> 162 | Z18: =SUM(Z14:Z17) -> 204 | AA18: =SUM(AA14:AA17) -> 288
C20: =I_Baseline!B18 -> Care Homes | E20: Boilers | F20: KWh | O20: 2 | P20: 4 | Q20: 6 | R20: 7 | S20: 9 | T20: 5 | V20: =I_Baseline!D18 -> 3000 | W20: =IF($F20="KWh",$C21*O20*$T20,$V20*$H20*I20) -> 10 | X20: =IF($F20="KWh",$C21*P20*$T20,$V20*$H20*J20) -> 20 | Y20: =IF($F20="KWh",$C21*Q20*$T20,$V20*$H20*K20) -> 30 | Z20: =IF($F20="KWh",$C21*R20*$T20,$V20*$H20*L20) -> 35 | AA20: =IF($F20="KWh",$C21*S20*$T20,$V20*$H20*M20) -> 45
C21: =IF(C20=0,0,1) -> 1 | E21: Compressor | F21: % | H21: 0.05 | I21: 0.05 | J21: 0.1 | K21: 0.3 | L21: 0.4 | M21: 0.6 | V21: =V20 -> 3000 | W21: =IF($F21="KWh",$C21*O21*$T21,$V21*$H21*I21) -> 7.5 | X21: =IF($F21="KWh",$C21*P21*$T21,$V21*$H21*J21) -> 15 | Y21: =IF($F21="KWh",$C21*Q21*$T21,$V21*$H21*K21) -> 45 | Z21: =IF($F21="KWh",$C21*R21*$T21,$V21*$H21*L21) -> 60 | AA21: =IF($F21="KWh",$C21*S21*$T21,$V21*$H21*M21) -> 90
E22: Cooling | F22: KWh | O22: 6 | P22: 4 | Q22: 6 | R22: 7 | S22: 9 | T22: 7 | V22: =V20 -> 3000 | W22: =IF($F22="KWh",$C21*O22*$T22,$V22*$H22*I22) -> 42 | X22: =IF($F22="KWh",$C21*P22*$T22,$V22*$H22*J22) -> 28 | Y22: =IF($F22="KWh",$C21*Q22*$T22,$V22*$H22*K22) -> 42 | Z22: =IF($F22="KWh",$C21*R22*$T22,$V22*$H22*L22) -> 49 | AA22: =IF($F22="KWh",$C21*S22*$T22,$V22*$H22*M22) -> 63
E23: Energy from waste | F23: % | H23: 0.05 | I23: 0.05 | J23: 0.1 | K23: 0.3 | L23: 0.4 | M23: 0.6 | V23: =V20 -> 3000 | W23: =IF($F23="KWh",$C21*O23*$T23,$V23*$H23*I23) -> 7.5 | X23: =IF($F23="KWh",$C21*P23*$T23,$V23*$H23*J23) -> 15 | Y23: =IF($F23="KWh",$C21*Q23*$T23,$V23*$H23*K23) -> 45 | Z23: =IF($F23="KWh",$C21*R23*$T23,$V23*$H23*L23) -> 60 | AA23: =IF($F23="KWh",$C21*S23*$T23,$V23*$H23*M23) -> 90
W24: =SUM(W20:W23) -> 67 | X24: =SUM(X20:X23) -> 78 | Y24: =SUM(Y20:Y23) -> 162 | Z24: =SUM(Z20:Z23) -> 204 | AA24: =SUM(AA20:AA23) -> 288
C26: =I_Baseline!B19 -> Commercial Properties | E26: Boilers | F26: KWh | O26: 2 | P26: 4 | Q26: 6 | R26: 7 | S26: 9 | T26: 5 | V26: =I_Baseline!D19 -> 3000 | W26: =IF($F26="KWh",$C27*O26*$T26,$V26*$H26*I26) -> 10 | X26: =IF($F26="KWh",$C27*P26*$T26,$V26*$H26*J26) -> 20 | Y26: =IF($F26="KWh",$C27*Q26*$T26,$V26*$H26*K26) -> 30 | Z26: =IF($F26="KWh",$C27*R26*$T26,$V26*$H26*L26) -> 35 | AA26: =IF($F26="KWh",$C27*S26*$T26,$V26*$H26*M26) -> 45
C27: =IF(C26=0,0,1) -> 1 | E27: Compressor | F27: % | H27: 0.05 | I27: 0.05 | J27: 0.1 | K27: 0.3 | L27: 0.4 | M27: 0.6 | V27: =V26 -> 3000 | W27: =IF($F27="KWh",$C27*O27*$T27,$V27*$H27*I27) -> 7.5 | X27: =IF($F27="KWh",$C27*P27*$T27,$V27*$H27*J27) -> 15 | Y27: =IF($F27="KWh",$C27*Q27*$T27,$V27*$H27*K27) -> 45 | Z27: =IF($F27="KWh",$C27*R27*$T27,$V27*$H27*L27) -> 60 | AA27: =IF($F27="KWh",$C27*S27*$T27,$V27*$H27*M27) -> 90
E28: Cooling | F28: KWh | O28: 6 | P28: 4 | Q28: 6 | R28: 7 | S28: 9 | T28: 7 | V28: =V26 -> 3000 | W28: =IF($F28="KWh",$C27*O28*$T28,$V28*$H28*I28) -> 42 | X28: =IF($F28="KWh",$C27*P28*$T28,$V28*$H28*J28) -> 28 | Y28: =IF($F28="KWh",$C27*Q28*$T28,$V28*$H28*K28) -> 42 | Z28: =IF($F28="KWh",$C27*R28*$T28,$V28*$H28*L28) -> 49 | AA28: =IF($F28="KWh",$C27*S28*$T28,$V28*$H28*M28) -> 63
E29: Energy from waste | F29: % | H29: 0.05 | I29: 0.05 | J29: 0.1 | K29: 0.3 | L29: 0.4 | M29: 0.6 | V29: =V26 -> 3000 | W29: =IF($F29="KWh",$C27*O29*$T29,$V29*$H29*I29) -> 7.5 | X29: =IF($F29="KWh",$C27*P29*$T29,$V29*$H29*J29) -> 15 | Y29: =IF($F29="KWh",$C27*Q29*$T29,$V29*$H29*K29) -> 45 | Z29: =IF($F29="KWh",$C27*R29*$T29,$V29*$H29*L29) -> 60 | AA29: =IF($F29="KWh",$C27*S29*$T29,$V29*$H29*M29) -> 90
W30: =SUM(W26:W29) -> 67 | X30: =SUM(X26:X29) -> 78 | Y30: =SUM(Y26:Y29) -> 162 | Z30: =SUM(Z26:Z29) -> 204 | AA30: =SUM(AA26:AA29) -> 288
C32: =I_Baseline!B20 -> Community Centres | E32: Boilers | F32: KWh | O32: 2 | P32: 4 | Q32: 6 | R32: 7 | S32: 9 | T32: 5 | V32: =I_Baseline!D20 -> 3000 | W32: =IF($F32="KWh",$C33*O32*$T32,$V32*$H32*I32) -> 10 | X32: =IF($F32="KWh",$C33*P32*$T32,$V32*$H32*J32) -> 20 | Y32: =IF($F32="KWh",$C33*Q32*$T32,$V32*$H32*K32) -> 30 | Z32: =IF($F32="KWh",$C33*R32*$T32,$V32*$H32*L32) -> 35 | AA32: =IF($F32="KWh",$C33*S32*$T32,$V32*$H32*M32) -> 45
C33: =IF(C32=0,0,1) -> 1 | E33: Compressor | F33: % | H33: 0.05 | I33: 0.05 | J33: 0.1 | K33: 0.3 | L33: 0.4 | M33: 0.6 | V33: =V32 -> 3000 | W33: =IF($F33="KWh",$C33*O33*$T33,$V33*$H33*I33) -> 7.5 | X33: =IF($F33="KWh",$C33*P33*$T33,$V33*$H33*J33) -> 15 | Y33: =IF($F33="KWh",$C33*Q33*$T33,$V33*$H33*K33) -> 45 | Z33: =IF($F33="KWh",$C33*R33*$T33,$V33*$H33*L33) -> 60 | AA33: =IF($F33="KWh",$C33*S33*$T33,$V33*$H33*M33) -> 90
E34: Cooling | F34: KWh | O34: 6 | P34: 4 | Q34: 6 | R34: 7 | S34: 9 | T34: 7 | V34: =V32 -> 3000 | W34: =IF($F34="KWh",$C33*O34*$T34,$V34*$H34*I34) -> 42 | X34: =IF($F34="KWh",$C33*P34*$T34,$V34*$H34*J34) -> 28 | Y34: =IF($F34="KWh",$C33*Q34*$T34,$V34*$H34*K34) -> 42 | Z34: =IF($F34="KWh",$C33*R34*$T34,$V34*$H34*L34) -> 49 | AA34: =IF($F34="KWh",$C33*S34*$T34,$V34*$H34*M34) -> 63
E35: Energy from waste | F35: % | H35: 0.05 | I35: 0.05 | J35: 0.1 | K35: 0.3 | L35: 0.4 | M35: 0.6 | V35: =V32 -> 3000 | W35: =IF($F35="KWh",$C33*O35*$T35,$V35*$H35*I35) -> 7.5 | X35: =IF($F35="KWh",$C33*P35*$T35,$V35*$H35*J35) -> 15 | Y35: =IF($F35="KWh",$C33*Q35*$T35,$V35*$H35*K35) -> 45 | Z35: =IF($F35="KWh",$C33*R35*$T35,$V35*$H35*L35) -> 60 | AA35: =IF($F35="KWh",$C33*S35*$T35,$V35*$H35*M35) -> 90
W36: =SUM(W32:W35) -> 67 | X36: =SUM(X32:X35) -> 78 | Y36: =SUM(Y32:Y35) -> 162 | Z36: =SUM(Z32:Z35) -> 204 | AA36: =SUM(AA32:AA35) -> 288
C38: =I_Baseline!B21 -> Day Centres | E38: Boilers | F38: KWh | O38: 2 | P38: 4 | Q38: 6 | R38: 7 | S38: 9 | T38: 5 | V38: =I_Baseline!D21 -> 3000 | W38: =IF($F38="KWh",$C39*O38*$T38,$V38*$H38*I38) -> 10 | X38: =IF($F38="KWh",$C39*P38*$T38,$V38*$H38*J38) -> 20 | Y38: =IF($F38="KWh",$C39*Q38*$T38,$V38*$H38*K38) -> 30 | Z38: =IF($F38="KWh",$C39*R38*$T38,$V38*$H38*L38) -> 35 | AA38: =IF($F38="KWh",$C39*S38*$T38,$V38*$H38*M38) -> 45
C39: =IF(C38=0,0,1) -> 1 | E39: Compressor | F39: % | H39: 0.05 | I39: 0.05 | J39: 0.1 | K39: 0.3 | L39: 0.4 | M39: 0.6 | V39: =V38 -> 3000 | W39: =IF($F39="KWh",$C39*O39*$T39,$V39*$H39*I39) -> 7.5 | X39: =IF($F39="KWh",$C39*P39*$T39,$V39*$H39*J39) -> 15 | Y39: =IF($F39="KWh",$C39*Q39*$T39,$V39*$H39*K39) -> 45 | Z39: =IF($F39="KWh",$C39*R39*$T39,$V39*$H39*L39) -> 60 | AA39: =IF($F39="KWh",$C39*S39*$T39,$V39*$H39*M39) -> 90
E40: Cooling | F40: KWh | O40: 6 | P40: 4 | Q40: 6 | R40: 7 | S40: 9 | T40: 7 | V40: =V38 -> 3000 | W40: =IF($F40="KWh",$C39*O40*$T40,$V40*$H40*I40) -> 42 | X40: =IF($F40="KWh",$C39*P40*$T40,$V40*$H40*J40) -> 28 | Y40: =IF($F40="KWh",$C39*Q40*$T40,$V40*$H40*K40) -> 42 | Z40: =IF($F40="KWh",$C39*R40*$T40,$V40*$H40*L40) -> 49 | AA40: =IF($F40="KWh",$C39*S40*$T40,$V40*$H40*M40) -> 63
E41: Energy from waste | F41: % | H41: 0.05 | I41: 0.05 | J41: 0.1 | K41: 0.3 | L41: 0.4 | M41: 0.6 | V41: =V38 -> 3000 | W41: =IF($F41="KWh",$C39*O41*$T41,$V41*$H41*I41) -> 7.5 | X41: =IF($F41="KWh",$C39*P41*$T41,$V41*$H41*J41) -> 15 | Y41: =IF($F41="KWh",$C39*Q41*$T41,$V41*$H41*K41) -> 45 | Z41: =IF($F41="KWh",$C39*R41*$T41,$V41*$H41*L41) -> 60 | AA41: =IF($F41="KWh",$C39*S41*$T41,$V41*$H41*M41) -> 90
W42: =SUM(W38:W41) -> 67 | X42: =SUM(X38:X41) -> 78 | Y42: =SUM(Y38:Y41) -> 162 | Z42: =SUM(Z38:Z41) -> 204 | AA42: =SUM(AA38:AA41) -> 288
C44: =I_Baseline!B22 -> Depots | E44: Boilers | F44: KWh | O44: 2 | P44: 4 | Q44: 6 | R44: 7 | S44: 9 | T44: 5 | V44: =I_Baseline!D22 -> 3000 | W44: =IF($F44="KWh",$C45*O44*$T44,$V44*$H44*I44) -> 10 | X44: =IF($F44="KWh",$C45*P44*$T44,$V44*$H44*J44) -> 20 | Y44: =IF($F44="KWh",$C45*Q44*$T44,$V44*$H44*K44) -> 30 | Z44: =IF($F44="KWh",$C45*R44*$T44,$V44*$H44*L44) -> 35 | AA44: =IF($F44="KWh",$C45*S44*$T44,$V44*$H44*M44) -> 45
C45: =IF(C44=0,0,1) -> 1 | E45: Compressor | F45: % | H45: 0.05 | I45: 0.05 | J45: 0.1 | K45: 0.3 | L45: 0.4 | M45: 0.6 | V45: =V44 -> 3000 | W45: =IF($F45="KWh",$C45*O45*$T45,$V45*$H45*I45) -> 7.5 | X45: =IF($F45="KWh",$C45*P45*$T45,$V45*$H45*J45) -> 15 | Y45: =IF($F45="KWh",$C45*Q45*$T45,$V45*$H45*K45) -> 45 | Z45: =IF($F45="KWh",$C45*R45*$T45,$V45*$H45*L45) -> 60 | AA45: =IF($F45="KWh",$C45*S45*$T45,$V45*$H45*M45) -> 90
E46: Cooling | F46: KWh | O46: 6 | P46: 4 | Q46: 6 | R46: 7 | S46: 9 | T46: 7 | V46: =V44 -> 3000 | W46: =IF($F46="KWh",$C45*O46*$T46,$V46*$H46*I46) -> 42 | X46: =IF($F46="KWh",$C45*P46*$T46,$V46*$H46*J46) -> 28 | Y46: =IF($F46="KWh",$C45*Q46*$T46,$V46*$H46*K46) -> 42 | Z46: =IF($F46="KWh",$C45*R46*$T46,$V46*$H46*L46) -> 49 | AA46: =IF($F46="KWh",$C45*S46*$T46,$V46*$H46*M46) -> 63
E47: Energy from waste | F47: % | H47: 0.05 | I47: 0.05 | J47: 0.1 | K47: 0.3 | L47: 0.4 | M47: 0.6 | V47: =V44 -> 3000 | W47: =IF($F47="KWh",$C45*O47*$T47,$V47*$H47*I47) -> 7.5 | X47: =IF($F47="KWh",$C45*P47*$T47,$V47*$H47*J47) -> 15 | Y47: =IF($F47="KWh",$C45*Q47*$T47,$V47*$H47*K47) -> 45 | Z47: =IF($F47="KWh",$C45*R47*$T47,$V47*$H47*L47) -> 60 | AA47: =IF($F47="KWh",$C45*S47*$T47,$V47*$H47*M47) -> 90
W48: =SUM(W44:W47) -> 67 | X48: =SUM(X44:X47) -> 78 | Y48: =SUM(Y44:Y47) -> 162 | Z48: =SUM(Z44:Z47) -> 204 | AA48: =SUM(AA44:AA47) -> 288
C50: =I_Baseline!B23 -> 0 | E50: Boilers | F50: KWh | O50: 2 | P50: 4 | Q50: 6 | R50: 7 | S50: 9 | T50: 5 | V50: =I_Baseline!D23 -> 0 | W50: =IF($F50="KWh",$C51*O50*$T50,$V50*$H50*I50) -> 0 | X50: =IF($F50="KWh",$C51*P50*$T50,$V50*$H50*J50) -> 0 | Y50: =IF($F50="KWh",$C51*Q50*$T50,$V50*$H50*K50) -> 0 | Z50: =IF($F50="KWh",$C51*R50*$T50,$V50*$H50*L50) -> 0 | AA50: =IF($F50="KWh",$C51*S50*$T50,$V50*$H50*M50) -> 0
C51: =IF(C50=0,0,1) -> 0 | E51: Compressor | F51: % | H51: 0.05 | I51: 0.05 | J51: 0.1 | K51: 0.3 | L51: 0.4 | M51: 0.6 | V51: =V50 -> 0 | W51: =IF($F51="KWh",$C51*O51*$T51,$V51*$H51*I51) -> 0 | X51: =IF($F51="KWh",$C51*P51*$T51,$V51*$H51*J51) -> 0 | Y51: =IF($F51="KWh",$C51*Q51*$T51,$V51*$H51*K51) -> 0 | Z51: =IF($F51="KWh",$C51*R51*$T51,$V51*$H51*L51) -> 0 | AA51: =IF($F51="KWh",$C51*S51*$T51,$V51*$H51*M51) -> 0
E52: Cooling | F52: KWh | O52: 6 | P52: 4 | Q52: 6 | R52: 7 | S52: 9 | T52: 7 | V52: =V50 -> 0 | W52: =IF($F52="KWh",$C51*O52*$T52,$V52*$H52*I52) -> 0 | X52: =IF($F52="KWh",$C51*P52*$T52,$V52*$H52*J52) -> 0 | Y52: =IF($F52="KWh",$C51*Q52*$T52,$V52*$H52*K52) -> 0 | Z52: =IF($F52="KWh",$C51*R52*$T52,$V52*$H52*L52) -> 0 | AA52: =IF($F52="KWh",$C51*S52*$T52,$V52*$H52*M52) -> 0
E53: Energy from waste | F53: % | H53: 0.05 | I53: 0.05 | J53: 0.1 | K53: 0.3 | L53: 0.4 | M53: 0.6 | V53: =V50 -> 0 | W53: =IF($F53="KWh",$C51*O53*$T53,$V53*$H53*I53) -> 0 | X53: =IF($F53="KWh",$C51*P53*$T53,$V53*$H53*J53) -> 0 | Y53: =IF($F53="KWh",$C51*Q53*$T53,$V53*$H53*K53) -> 0 | Z53: =IF($F53="KWh",$C51*R53*$T53,$V53*$H53*L53) -> 0 | AA53: =IF($F53="KWh",$C51*S53*$T53,$V53*$H53*M53) -> 0
W54: =SUM(W50:W53) -> 0 | X54: =SUM(X50:X53) -> 0 | Y54: =SUM(Y50:Y53) -> 0 | Z54: =SUM(Z50:Z53) -> 0 | AA54: =SUM(AA50:AA53) -> 0
C56: =I_Baseline!B24 -> 0 | E56: Boilers | F56: KWh | O56: 2 | P56: 4 | Q56: 6 | R56: 7 | S56: 9 | T56: 5 | V56: =I_Baseline!D24 -> 0 | W56: =IF($F56="KWh",$C57*O56*$T56,$V56*$H56*I56) -> 0 | X56: =IF($F56="KWh",$C57*P56*$T56,$V56*$H56*J56) -> 0 | Y56: =IF($F56="KWh",$C57*Q56*$T56,$V56*$H56*K56) -> 0 | Z56: =IF($F56="KWh",$C57*R56*$T56,$V56*$H56*L56) -> 0 | AA56: =IF($F56="KWh",$C57*S56*$T56,$V56*$H56*M56) -> 0
C57: =IF(C56=0,0,1) -> 0 | E57: Compressor | F57: % | H57: 0.05 | I57: 0.05 | J57: 0.1 | K57: 0.3 | L57: 0.4 | M57: 0.6 | V57: =V56 -> 0 | W57: =IF($F57="KWh",$C57*O57*$T57,$V57*$H57*I57) -> 0 | X57: =IF($F57="KWh",$C57*P57*$T57,$V57*$H57*J57) -> 0 | Y57: =IF($F57="KWh",$C57*Q57*$T57,$V57*$H57*K57) -> 0 | Z57: =IF($F57="KWh",$C57*R57*$T57,$V57*$H57*L57) -> 0 | AA57: =IF($F57="KWh",$C57*S57*$T57,$V57*$H57*M57) -> 0
E58: Cooling | F58: KWh | O58: 6 | P58: 4 | Q58: 6 | R58: 7 | S58: 9 | T58: 7 | V58: =V56 -> 0 | W58: =IF($F58="KWh",$C57*O58*$T58,$V58*$H58*I58) -> 0 | X58: =IF($F58="KWh",$C57*P58*$T58,$V58*$H58*J58) -> 0 | Y58: =IF($F58="KWh",$C57*Q58*$T58,$V58*$H58*K58) -> 0 | Z58: =IF($F58="KWh",$C57*R58*$T58,$V58*$H58*L58) -> 0 | AA58: =IF($F58="KWh",$C57*S58*$T58,$V58*$H58*M58) -> 0
E59: Energy from waste | F59: % | H59: 0.05 | I59: 0.05 | J59: 0.1 | K59: 0.3 | L59: 0.4 | M59: 0.6 | V59: =V56 -> 0 | W59: =IF($F59="KWh",$C57*O59*$T59,$V59*$H59*I59) -> 0 | X59: =IF($F59="KWh",$C57*P59*$T59,$V59*$H59*J59) -> 0 | Y59: =IF($F59="KWh",$C57*Q59*$T59,$V59*$H59*K59) -> 0 | Z59: =IF($F59="KWh",$C57*R59*$T59,$V59*$H59*L59) -> 0 | AA59: =IF($F59="KWh",$C57*S59*$T59,$V59*$H59*M59) -> 0
W60: =SUM(W56:W59) -> 0 | X60: =SUM(X56:X59) -> 0 | Y60: =SUM(Y56:Y59) -> 0 | Z60: =SUM(Z56:Z59) -> 0 | AA60: =SUM(AA56:AA59) -> 0
C62: =I_Baseline!B25 -> 0 | E62: Boilers | F62: KWh | O62: 2 | P62: 4 | Q62: 6 | R62: 7 | S62: 9 | T62: 5 | V62: =I_Baseline!D25 -> 0 | W62: =IF($F62="KWh",$C63*O62*$T62,$V62*$H62*I62) -> 0 | X62: =IF($F62="KWh",$C63*P62*$T62,$V62*$H62*J62) -> 0 | Y62: =IF($F62="KWh",$C63*Q62*$T62,$V62*$H62*K62) -> 0 | Z62: =IF($F62="KWh",$C63*R62*$T62,$V62*$H62*L62) -> 0 | AA62: =IF($F62="KWh",$C63*S62*$T62,$V62*$H62*M62) -> 0
C63: =IF(C62=0,0,1) -> 0 | E63: Compressor | F63: % | H63: 0.05 | I63: 0.05 | J63: 0.1 | K63: 0.3 | L63: 0.4 | M63: 0.6 | V63: =V62 -> 0 | W63: =IF($F63="KWh",$C63*O63*$T63,$V63*$H63*I63) -> 0 | X63: =IF($F63="KWh",$C63*P63*$T63,$V63*$H63*J63) -> 0 | Y63: =IF($F63="KWh",$C63*Q63*$T63,$V63*$H63*K63) -> 0 | Z63: =IF($F63="KWh",$C63*R63*$T63,$V63*$H63*L63) -> 0 | AA63: =IF($F63="KWh",$C63*S63*$T63,$V63*$H63*M63) -> 0
E64: Cooling | F64: KWh | O64: 6 | P64: 4 | Q64: 6 | R64: 7 | S64: 9 | T64: 7 | V64: =V62 -> 0 | W64: =IF($F64="KWh",$C63*O64*$T64,$V64*$H64*I64) -> 0 | X64: =IF($F64="KWh",$C63*P64*$T64,$V64*$H64*J64) -> 0 | Y64: =IF($F64="KWh",$C63*Q64*$T64,$V64*$H64*K64) -> 0 | Z64: =IF($F64="KWh",$C63*R64*$T64,$V64*$H64*L64) -> 0 | AA64: =IF($F64="KWh",$C63*S64*$T64,$V64*$H64*M64) -> 0
E65: Energy from waste | F65: % | H65: 0.05 | I65: 0.05 | J65: 0.1 | K65: 0.3 | L65: 0.4 | M65: 0.6 | V65: =V62 -> 0 | W65: =IF($F65="KWh",$C63*O65*$T65,$V65*$H65*I65) -> 0 | X65: =IF($F65="KWh",$C63*P65*$T65,$V65*$H65*J65) -> 0 | Y65: =IF($F65="KWh",$C63*Q65*$T65,$V65*$H65*K65) -> 0 | Z65: =IF($F65="KWh",$C63*R65*$T65,$V65*$H65*L65) -> 0 | AA65: =IF($F65="KWh",$C63*S65*$T65,$V65*$H65*M65) -> 0
W66: =SUM(W62:W65) -> 0 | X66: =SUM(X62:X65) -> 0 | Y66: =SUM(Y62:Y65) -> 0 | Z66: =SUM(Z62:Z65) -> 0 | AA66: =SUM(AA62:AA65) -> 0
C68: =I_Baseline!B26 -> 0 | E68: Boilers | F68: KWh | O68: 2 | P68: 4 | Q68: 6 | R68: 7 | S68: 9 | T68: 5 | V68: =I_Baseline!D26 -> 0 | W68: =IF($F68="KWh",$C69*O68*$T68,$V68*$H68*I68) -> 0 | X68: =IF($F68="KWh",$C69*P68*$T68,$V68*$H68*J68) -> 0 | Y68: =IF($F68="KWh",$C69*Q68*$T68,$V68*$H68*K68) -> 0 | Z68: =IF($F68="KWh",$C69*R68*$T68,$V68*$H68*L68) -> 0 | AA68: =IF($F68="KWh",$C69*S68*$T68,$V68*$H68*M68) -> 0
C69: =IF(C68=0,0,1) -> 0 | E69: Compressor | F69: % | H69: 0.05 | I69: 0.05 | J69: 0.1 | K69: 0.3 | L69: 0.4 | M69: 0.6 | V69: =V68 -> 0 | W69: =IF($F69="KWh",$C69*O69*$T69,$V69*$H69*I69) -> 0 | X69: =IF($F69="KWh",$C69*P69*$T69,$V69*$H69*J69) -> 0 | Y69: =IF($F69="KWh",$C69*Q69*$T69,$V69*$H69*K69) -> 0 | Z69: =IF($F69="KWh",$C69*R69*$T69,$V69*$H69*L69) -> 0 | AA69: =IF($F69="KWh",$C69*S69*$T69,$V69*$H69*M69) -> 0
E70: Cooling | F70: KWh | O70: 6 | P70: 4 | Q70: 6 | R70: 7 | S70: 9 | T70: 7 | V70: =V68 -> 0 | W70: =IF($F70="KWh",$C69*O70*$T70,$V70*$H70*I70) -> 0 | X70: =IF($F70="KWh",$C69*P70*$T70,$V70*$H70*J70) -> 0 | Y70: =IF($F70="KWh",$C69*Q70*$T70,$V70*$H70*K70) -> 0 | Z70: =IF($F70="KWh",$C69*R70*$T70,$V70*$H70*L70) -> 0 | AA70: =IF($F70="KWh",$C69*S70*$T70,$V70*$H70*M70) -> 0
E71: Energy from waste | F71: % | H71: 0.05 | I71: 0.05 | J71: 0.1 | K71: 0.3 | L71: 0.4 | M71: 0.6 | V71: =V68 -> 0 | W71: =IF($F71="KWh",$C69*O71*$T71,$V71*$H71*I71) -> 0 | X71: =IF($F71="KWh",$C69*P71*$T71,$V71*$H71*J71) -> 0 | Y71: =IF($F71="KWh",$C69*Q71*$T71,$V71*$H71*K71) -> 0 | Z71: =IF($F71="KWh",$C69*R71*$T71,$V71*$H71*L71) -> 0 | AA71: =IF($F71="KWh",$C69*S71*$T71,$V71*$H71*M71) -> 0
W72: =SUM(W68:W71) -> 0 | X72: =SUM(X68:X71) -> 0 | Y72: =SUM(Y68:Y71) -> 0 | Z72: =SUM(Z68:Z71) -> 0 | AA72: =SUM(AA68:AA71) -> 0
C74: =I_Baseline!B27 -> 0 | E74: Boilers | F74: KWh | O74: 2 | P74: 4 | Q74: 6 | R74: 7 | S74: 9 | T74: 5 | V74: =I_Baseline!D27 -> 0 | W74: =IF($F74="KWh",$C75*O74*$T74,$V74*$H74*I74) -> 0 | X74: =IF($F74="KWh",$C75*P74*$T74,$V74*$H74*J74) -> 0 | Y74: =IF($F74="KWh",$C75*Q74*$T74,$V74*$H74*K74) -> 0 | Z74: =IF($F74="KWh",$C75*R74*$T74,$V74*$H74*L74) -> 0 | AA74: =IF($F74="KWh",$C75*S74*$T74,$V74*$H74*M74) -> 0
C75: =IF(C74=0,0,1) -> 0 | E75: Compressor | F75: % | H75: 0.05 | I75: 0.05 | J75: 0.1 | K75: 0.3 | L75: 0.4 | M75: 0.6 | V75: =V74 -> 0 | W75: =IF($F75="KWh",$C75*O75*$T75,$V75*$H75*I75) -> 0 | X75: =IF($F75="KWh",$C75*P75*$T75,$V75*$H75*J75) -> 0 | Y75: =IF($F75="KWh",$C75*Q75*$T75,$V75*$H75*K75) -> 0 | Z75: =IF($F75="KWh",$C75*R75*$T75,$V75*$H75*L75) -> 0 | AA75: =IF($F75="KWh",$C75*S75*$T75,$V75*$H75*M75) -> 0
E76: Cooling | F76: KWh | O76: 6 | P76: 4 | Q76: 6 | R76: 7 | S76: 9 | T76: 7 | V76: =V74 -> 0 | W76: =IF($F76="KWh",$C75*O76*$T76,$V76*$H76*I76) -> 0 | X76: =IF($F76="KWh",$C75*P76*$T76,$V76*$H76*J76) -> 0 | Y76: =IF($F76="KWh",$C75*Q76*$T76,$V76*$H76*K76) -> 0 | Z76: =IF($F76="KWh",$C75*R76*$T76,$V76*$H76*L76) -> 0 | AA76: =IF($F76="KWh",$C75*S76*$T76,$V76*$H76*M76) -> 0
E77: Energy from waste | F77: % | H77: 0.05 | I77: 0.05 | J77: 0.1 | K77: 0.3 | L77: 0.4 | M77: 0.6 | V77: =V74 -> 0 | W77: =IF($F77="KWh",$C75*O77*$T77,$V77*$H77*I77) -> 0 | X77: =IF($F77="KWh",$C75*P77*$T77,$V77*$H77*J77) -> 0 | Y77: =IF($F77="KWh",$C75*Q77*$T77,$V77*$H77*K77) -> 0 | Z77: =IF($F77="KWh",$C75*R77*$T77,$V77*$H77*L77) -> 0 | AA77: =IF($F77="KWh",$C75*S77*$T77,$V77*$H77*M77) -> 0
W78: =SUM(W74:W77) -> 0 | X78: =SUM(X74:X77) -> 0 | Y78: =SUM(Y74:Y77) -> 0 | Z78: =SUM(Z74:Z77) -> 0 | AA78: =SUM(AA74:AA77) -> 0
C80: =I_Baseline!B28 -> 0 | E80: Boilers | F80: KWh | O80: 2 | P80: 4 | Q80: 6 | R80: 7 | S80: 9 | T80: 5 | V80: =I_Baseline!D28 -> 0 | W80: =IF($F80="KWh",$C81*O80*$T80,$V80*$H80*I80) -> 0 | X80: =IF($F80="KWh",$C81*P80*$T80,$V80*$H80*J80) -> 0 | Y80: =IF($F80="KWh",$C81*Q80*$T80,$V80*$H80*K80) -> 0 | Z80: =IF($F80="KWh",$C81*R80*$T80,$V80*$H80*L80) -> 0 | AA80: =IF($F80="KWh",$C81*S80*$T80,$V80*$H80*M80) -> 0
C81: =IF(C80=0,0,1) -> 0 | E81: Compressor | F81: % | H81: 0.05 | I81: 0.05 | J81: 0.1 | K81: 0.3 | L81: 0.4 | M81: 0.6 | V81: =V80 -> 0 | W81: =IF($F81="KWh",$C81*O81*$T81,$V81*$H81*I81) -> 0 | X81: =IF($F81="KWh",$C81*P81*$T81,$V81*$H81*J81) -> 0 | Y81: =IF($F81="KWh",$C81*Q81*$T81,$V81*$H81*K81) -> 0 | Z81: =IF($F81="KWh",$C81*R81*$T81,$V81*$H81*L81) -> 0 | AA81: =IF($F81="KWh",$C81*S81*$T81,$V81*$H81*M81) -> 0
E82: Cooling | F82: KWh | O82: 6 | P82: 4 | Q82: 6 | R82: 7 | S82: 9 | T82: 7 | V82: =V80 -> 0 | W82: =IF($F82="KWh",$C81*O82*$T82,$V82*$H82*I82) -> 0 | X82: =IF($F82="KWh",$C81*P82*$T82,$V82*$H82*J82) -> 0 | Y82: =IF($F82="KWh",$C81*Q82*$T82,$V82*$H82*K82) -> 0 | Z82: =IF($F82="KWh",$C81*R82*$T82,$V82*$H82*L82) -> 0 | AA82: =IF($F82="KWh",$C81*S82*$T82,$V82*$H82*M82) -> 0
E83: Energy from waste | F83: % | H83: 0.05 | I83: 0.05 | J83: 0.1 | K83: 0.3 | L83: 0.4 | M83: 0.6 | V83: =V80 -> 0 | W83: =IF($F83="KWh",$C81*O83*$T83,$V83*$H83*I83) -> 0 | X83: =IF($F83="KWh",$C81*P83*$T83,$V83*$H83*J83) -> 0 | Y83: =IF($F83="KWh",$C81*Q83*$T83,$V83*$H83*K83) -> 0 | Z83: =IF($F83="KWh",$C81*R83*$T83,$V83*$H83*L83) -> 0 | AA83: =IF($F83="KWh",$C81*S83*$T83,$V83*$H83*M83) -> 0
W84: =SUM(W80:W83) -> 0 | X84: =SUM(X80:X83) -> 0 | Y84: =SUM(Y80:Y83) -> 0 | Z84: =SUM(Z80:Z83) -> 0 | AA84: =SUM(AA80:AA83) -> 0
C86: =I_Baseline!B29 -> 0 | E86: Boilers | F86: KWh | O86: 2 | P86: 4 | Q86: 6 | R86: 7 | S86: 9 | T86: 5 | V86: =I_Baseline!D29 -> 0 | W86: =IF($F86="KWh",$C87*O86*$T86,$V86*$H86*I86) -> 0 | X86: =IF($F86="KWh",$C87*P86*$T86,$V86*$H86*J86) -> 0 | Y86: =IF($F86="KWh",$C87*Q86*$T86,$V86*$H86*K86) -> 0 | Z86: =IF($F86="KWh",$C87*R86*$T86,$V86*$H86*L86) -> 0 | AA86: =IF($F86="KWh",$C87*S86*$T86,$V86*$H86*M86) -> 0
C87: =IF(C86=0,0,1) -> 0 | E87: Compressor | F87: % | H87: 0.05 | I87: 0.05 | J87: 0.1 | K87: 0.3 | L87: 0.4 | M87: 0.6 | V87: =V86 -> 0 | W87: =IF($F87="KWh",$C87*O87*$T87,$V87*$H87*I87) -> 0 | X87: =IF($F87="KWh",$C87*P87*$T87,$V87*$H87*J87) -> 0 | Y87: =IF($F87="KWh",$C87*Q87*$T87,$V87*$H87*K87) -> 0 | Z87: =IF($F87="KWh",$C87*R87*$T87,$V87*$H87*L87) -> 0 | AA87: =IF($F87="KWh",$C87*S87*$T87,$V87*$H87*M87) -> 0
E88: Cooling | F88: KWh | O88: 6 | P88: 4 | Q88: 6 | R88: 7 | S88: 9 | T88: 7 | V88: =V86 -> 0 | W88: =IF($F88="KWh",$C87*O88*$T88,$V88*$H88*I88) -> 0 | X88: =IF($F88="KWh",$C87*P88*$T88,$V88*$H88*J88) -> 0 | Y88: =IF($F88="KWh",$C87*Q88*$T88,$V88*$H88*K88) -> 0 | Z88: =IF($F88="KWh",$C87*R88*$T88,$V88*$H88*L88) -> 0 | AA88: =IF($F88="KWh",$C87*S88*$T88,$V88*$H88*M88) -> 0
E89: Energy from waste | F89: % | H89: 0.05 | I89: 0.05 | J89: 0.1 | K89: 0.3 | L89: 0.4 | M89: 0.6 | V89: =V86 -> 0 | W89: =IF($F89="KWh",$C87*O89*$T89,$V89*$H89*I89) -> 0 | X89: =IF($F89="KWh",$C87*P89*$T89,$V89*$H89*J89) -> 0 | Y89: =IF($F89="KWh",$C87*Q89*$T89,$V89*$H89*K89) -> 0 | Z89: =IF($F89="KWh",$C87*R89*$T89,$V89*$H89*L89) -> 0 | AA89: =IF($F89="KWh",$C87*S89*$T89,$V89*$H89*M89) -> 0
W90: =SUM(W86:W89) -> 0 | X90: =SUM(X86:X89) -> 0 | Y90: =SUM(Y86:Y89) -> 0 | Z90: =SUM(Z86:Z89) -> 0 | AA90: =SUM(AA86:AA89) -> 0
C92: =I_Baseline!B30 -> 0 | E92: Boilers | F92: KWh | O92: 2 | P92: 4 | Q92: 6 | R92: 7 | S92: 9 | T92: 5 | V92: =I_Baseline!D30 -> 0 | W92: =IF($F92="KWh",$C93*O92*$T92,$V92*$H92*I92) -> 0 | X92: =IF($F92="KWh",$C93*P92*$T92,$V92*$H92*J92) -> 0 | Y92: =IF($F92="KWh",$C93*Q92*$T92,$V92*$H92*K92) -> 0 | Z92: =IF($F92="KWh",$C93*R92*$T92,$V92*$H92*L92) -> 0 | AA92: =IF($F92="KWh",$C93*S92*$T92,$V92*$H92*M92) -> 0
C93: =IF(C92=0,0,1) -> 0 | E93: Compressor | F93: % | H93: 0.05 | I93: 0.05 | J93: 0.1 | K93: 0.3 | L93: 0.4 | M93: 0.6 | V93: =V92 -> 0 | W93: =IF($F93="KWh",$C93*O93*$T93,$V93*$H93*I93) -> 0 | X93: =IF($F93="KWh",$C93*P93*$T93,$V93*$H93*J93) -> 0 | Y93: =IF($F93="KWh",$C93*Q93*$T93,$V93*$H93*K93) -> 0 | Z93: =IF($F93="KWh",$C93*R93*$T93,$V93*$H93*L93) -> 0 | AA93: =IF($F93="KWh",$C93*S93*$T93,$V93*$H93*M93) -> 0
E94: Cooling | F94: KWh | O94: 6 | P94: 4 | Q94: 6 | R94: 7 | S94: 9 | T94: 7 | V94: =V92 -> 0 | W94: =IF($F94="KWh",$C93*O94*$T94,$V94*$H94*I94) -> 0 | X94: =IF($F94="KWh",$C93*P94*$T94,$V94*$H94*J94) -> 0 | Y94: =IF($F94="KWh",$C93*Q94*$T94,$V94*$H94*K94) -> 0 | Z94: =IF($F94="KWh",$C93*R94*$T94,$V94*$H94*L94) -> 0 | AA94: =IF($F94="KWh",$C93*S94*$T94,$V94*$H94*M94) -> 0
E95: Energy from waste | F95: % | H95: 0.05 | I95: 0.05 | J95: 0.1 | K95: 0.3 | L95: 0.4 | M95: 0.6 | V95: =V92 -> 0 | W95: =IF($F95="KWh",$C93*O95*$T95,$V95*$H95*I95) -> 0 | X95: =IF($F95="KWh",$C93*P95*$T95,$V95*$H95*J95) -> 0 | Y95: =IF($F95="KWh",$C93*Q95*$T95,$V95*$H95*K95) -> 0 | Z95: =IF($F95="KWh",$C93*R95*$T95,$V95*$H95*L95) -> 0 | AA95: =IF($F95="KWh",$C93*S95*$T95,$V95*$H95*M95) -> 0
W96: =SUM(W92:W95) -> 0 | X96: =SUM(X92:X95) -> 0 | Y96: =SUM(Y92:Y95) -> 0 | Z96: =SUM(Z92:Z95) -> 0 | AA96: =SUM(AA92:AA95) -> 0
C98: =I_Baseline!B31 -> 0 | E98: Boilers | F98: KWh | O98: 2 | P98: 4 | Q98: 6 | R98: 7 | S98: 9 | T98: 5 | V98: =I_Baseline!D31 -> 0 | W98: =IF($F98="KWh",$C99*O98*$T98,$V98*$H98*I98) -> 0 | X98: =IF($F98="KWh",$C99*P98*$T98,$V98*$H98*J98) -> 0 | Y98: =IF($F98="KWh",$C99*Q98*$T98,$V98*$H98*K98) -> 0 | Z98: =IF($F98="KWh",$C99*R98*$T98,$V98*$H98*L98) -> 0 | AA98: =IF($F98="KWh",$C99*S98*$T98,$V98*$H98*M98) -> 0
C99: =IF(C98=0,0,1) -> 0 | E99: Compressor | F99: % | H99: 0.05 | I99: 0.05 | J99: 0.1 | K99: 0.3 | L99: 0.4 | M99: 0.6 | V99: =V98 -> 0 | W99: =IF($F99="KWh",$C99*O99*$T99,$V99*$H99*I99) -> 0 | X99: =IF($F99="KWh",$C99*P99*$T99,$V99*$H99*J99) -> 0 | Y99: =IF($F99="KWh",$C99*Q99*$T99,$V99*$H99*K99) -> 0 | Z99: =IF($F99="KWh",$C99*R99*$T99,$V99*$H99*L99) -> 0 | AA99: =IF($F99="KWh",$C99*S99*$T99,$V99*$H99*M99) -> 0
E100: Cooling | F100: KWh | O100: 6 | P100: 4 | Q100: 6 | R100: 7 | S100: 9 | T100: 7 | V100: =V98 -> 0 | W100: =IF($F100="KWh",$C99*O100*$T100,$V100*$H100*I100) -> 0 | X100: =IF($F100="KWh",$C99*P100*$T100,$V100*$H100*J100) -> 0 | Y100: =IF($F100="KWh",$C99*Q100*$T100,$V100*$H100*K100) -> 0 | Z100: =IF($F100="KWh",$C99*R100*$T100,$V100*$H100*L100) -> 0 | AA100: =IF($F100="KWh",$C99*S100*$T100,$V100*$H100*M100) -> 0
E101: Energy from waste | F101: % | H101: 0.05 | I101: 0.05 | J101: 0.1 | K101: 0.3 | L101: 0.4 | M101: 0.6 | V101: =V98 -> 0 | W101: =IF($F101="KWh",$C99*O101*$T101,$V101*$H101*I101) -> 0 | X101: =IF($F101="KWh",$C99*P101*$T101,$V101*$H101*J101) -> 0 | Y101: =IF($F101="KWh",$C99*Q101*$T101,$V101*$H101*K101) -> 0 | Z101: =IF($F101="KWh",$C99*R101*$T101,$V101*$H101*L101) -> 0 | AA101: =IF($F101="KWh",$C99*S101*$T101,$V101*$H101*M101) -> 0
W102: =SUM(W98:W101) -> 0 | X102: =SUM(X98:X101) -> 0 | Y102: =SUM(Y98:Y101) -> 0 | Z102: =SUM(Z98:Z101) -> 0 | AA102: =SUM(AA98:AA101) -> 0
C104: =I_Baseline!B32 -> 0 | E104: Boilers | F104: KWh | O104: 2 | P104: 4 | Q104: 6 | R104: 7 | S104: 9 | T104: 5 | V104: =I_Baseline!D32 -> 0 | W104: =IF($F104="KWh",$C105*O104*$T104,$V104*$H104*I104) -> 0 | X104: =IF($F104="KWh",$C105*P104*$T104,$V104*$H104*J104) -> 0 | Y104: =IF($F104="KWh",$C105*Q104*$T104,$V104*$H104*K104) -> 0 | Z104: =IF($F104="KWh",$C105*R104*$T104,$V104*$H104*L104) -> 0 | AA104: =IF($F104="KWh",$C105*S104*$T104,$V104*$H104*M104) -> 0
C105: =IF(C104=0,0,1) -> 0 | E105: Compressor | F105: % | H105: 0.05 | I105: 0.05 | J105: 0.1 | K105: 0.3 | L105: 0.4 | M105: 0.6 | V105: =V104 -> 0 | W105: =IF($F105="KWh",$C105*O105*$T105,$V105*$H105*I105) -> 0 | X105: =IF($F105="KWh",$C105*P105*$T105,$V105*$H105*J105) -> 0 | Y105: =IF($F105="KWh",$C105*Q105*$T105,$V105*$H105*K105) -> 0 | Z105: =IF($F105="KWh",$C105*R105*$T105,$V105*$H105*L105) -> 0 | AA105: =IF($F105="KWh",$C105*S105*$T105,$V105*$H105*M105) -> 0
E106: Cooling | F106: KWh | O106: 6 | P106: 4 | Q106: 6 | R106: 7 | S106: 9 | T106: 7 | V106: =V104 -> 0 | W106: =IF($F106="KWh",$C105*O106*$T106,$V106*$H106*I106) -> 0 | X106: =IF($F106="KWh",$C105*P106*$T106,$V106*$H106*J106) -> 0 | Y106: =IF($F106="KWh",$C105*Q106*$T106,$V106*$H106*K106) -> 0 | Z106: =IF($F106="KWh",$C105*R106*$T106,$V106*$H106*L106) -> 0 | AA106: =IF($F106="KWh",$C105*S106*$T106,$V106*$H106*M106) -> 0
E107: Energy from waste | F107: % | H107: 0.05 | I107: 0.05 | J107: 0.1 | K107: 0.3 | L107: 0.4 | M107: 0.6 | V107: =V104 -> 0 | W107: =IF($F107="KWh",$C105*O107*$T107,$V107*$H107*I107) -> 0 | X107: =IF($F107="KWh",$C105*P107*$T107,$V107*$H107*J107) -> 0 | Y107: =IF($F107="KWh",$C105*Q107*$T107,$V107*$H107*K107) -> 0 | Z107: =IF($F107="KWh",$C105*R107*$T107,$V107*$H107*L107) -> 0 | AA107: =IF($F107="KWh",$C105*S107*$T107,$V107*$H107*M107) -> 0
W108: =SUM(W104:W107) -> 0 | X108: =SUM(X104:X107) -> 0 | Y108: =SUM(Y104:Y107) -> 0 | Z108: =SUM(Z104:Z107) -> 0 | AA108: =SUM(AA104:AA107) -> 0
C110: =I_Baseline!B33 -> 0 | E110: Boilers | F110: KWh | O110: 2 | P110: 4 | Q110: 6 | R110: 7 | S110: 9 | T110: 5 | V110: =I_Baseline!D33 -> 0 | W110: =IF($F110="KWh",$C111*O110*$T110,$V110*$H110*I110) -> 0 | X110: =IF($F110="KWh",$C111*P110*$T110,$V110*$H110*J110) -> 0 | Y110: =IF($F110="KWh",$C111*Q110*$T110,$V110*$H110*K110) -> 0 | Z110: =IF($F110="KWh",$C111*R110*$T110,$V110*$H110*L110) -> 0 | AA110: =IF($F110="KWh",$C111*S110*$T110,$V110*$H110*M110) -> 0
C111: =IF(C110=0,0,1) -> 0 | E111: Compressor | F111: % | H111: 0.05 | I111: 0.05 | J111: 0.1 | K111: 0.3 | L111: 0.4 | M111: 0.6 | V111: =V110 -> 0 | W111: =IF($F111="KWh",$C111*O111*$T111,$V111*$H111*I111) -> 0 | X111: =IF($F111="KWh",$C111*P111*$T111,$V111*$H111*J111) -> 0 | Y111: =IF($F111="KWh",$C111*Q111*$T111,$V111*$H111*K111) -> 0 | Z111: =IF($F111="KWh",$C111*R111*$T111,$V111*$H111*L111) -> 0 | AA111: =IF($F111="KWh",$C111*S111*$T111,$V111*$H111*M111) -> 0
E112: Cooling | F112: KWh | O112: 6 | P112: 4 | Q112: 6 | R112: 7 | S112: 9 | T112: 7 | V112: =V110 -> 0 | W112: =IF($F112="KWh",$C111*O112*$T112,$V112*$H112*I112) -> 0 | X112: =IF($F112="KWh",$C111*P112*$T112,$V112*$H112*J112) -> 0 | Y112: =IF($F112="KWh",$C111*Q112*$T112,$V112*$H112*K112) -> 0 | Z112: =IF($F112="KWh",$C111*R112*$T112,$V112*$H112*L112) -> 0 | AA112: =IF($F112="KWh",$C111*S112*$T112,$V112*$H112*M112) -> 0
E113: Energy from waste | F113: % | H113: 0.05 | I113: 0.05 | J113: 0.1 | K113: 0.3 | L113: 0.4 | M113: 0.6 | V113: =V110 -> 0 | W113: =IF($F113="KWh",$C111*O113*$T113,$V113*$H113*I113) -> 0 | X113: =IF($F113="KWh",$C111*P113*$T113,$V113*$H113*J113) -> 0 | Y113: =IF($F113="KWh",$C111*Q113*$T113,$V113*$H113*K113) -> 0 | Z113: =IF($F113="KWh",$C111*R113*$T113,$V113*$H113*L113) -> 0 | AA113: =IF($F113="KWh",$C111*S113*$T113,$V113*$H113*M113) -> 0
W114: =SUM(W110:W113) -> 0 | X114: =SUM(X110:X113) -> 0 | Y114: =SUM(Y110:Y113) -> 0 | Z114: =SUM(Z110:Z113) -> 0 | AA114: =SUM(AA110:AA113) -> 0
C116: =I_Baseline!B34 -> 0 | E116: Boilers | F116: KWh | O116: 2 | P116: 4 | Q116: 6 | R116: 7 | S116: 9 | T116: 5 | V116: =I_Baseline!D34 -> 0 | W116: =IF($F116="KWh",$C117*O116*$T116,$V116*$H116*I116) -> 0 | X116: =IF($F116="KWh",$C117*P116*$T116,$V116*$H116*J116) -> 0 | Y116: =IF($F116="KWh",$C117*Q116*$T116,$V116*$H116*K116) -> 0 | Z116: =IF($F116="KWh",$C117*R116*$T116,$V116*$H116*L116) -> 0 | AA116: =IF($F116="KWh",$C117*S116*$T116,$V116*$H116*M116) -> 0
C117: =IF(C116=0,0,1) -> 0 | E117: Compressor | F117: % | H117: 0.05 | I117: 0.05 | J117: 0.1 | K117: 0.3 | L117: 0.4 | M117: 0.6 | V117: =V116 -> 0 | W117: =IF($F117="KWh",$C117*O117*$T117,$V117*$H117*I117) -> 0 | X117: =IF($F117="KWh",$C117*P117*$T117,$V117*$H117*J117) -> 0 | Y117: =IF($F117="KWh",$C117*Q117*$T117,$V117*$H117*K117) -> 0 | Z117: =IF($F117="KWh",$C117*R117*$T117,$V117*$H117*L117) -> 0 | AA117: =IF($F117="KWh",$C117*S117*$T117,$V117*$H117*M117) -> 0
E118: Cooling | F118: KWh | O118: 6 | P118: 4 | Q118: 6 | R118: 7 | S118: 9 | T118: 7 | V118: =V116 -> 0 | W118: =IF($F118="KWh",$C117*O118*$T118,$V118*$H118*I118) -> 0 | X118: =IF($F118="KWh",$C117*P118*$T118,$V118*$H118*J118) -> 0 | Y118: =IF($F118="KWh",$C117*Q118*$T118,$V118*$H118*K118) -> 0 | Z118: =IF($F118="KWh",$C117*R118*$T118,$V118*$H118*L118) -> 0 | AA118: =IF($F118="KWh",$C117*S118*$T118,$V118*$H118*M118) -> 0
E119: Energy from waste | F119: % | H119: 0.05 | I119: 0.05 | J119: 0.1 | K119: 0.3 | L119: 0.4 | M119: 0.6 | V119: =V116 -> 0 | W119: =IF($F119="KWh",$C117*O119*$T119,$V119*$H119*I119) -> 0 | X119: =IF($F119="KWh",$C117*P119*$T119,$V119*$H119*J119) -> 0 | Y119: =IF($F119="KWh",$C117*Q119*$T119,$V119*$H119*K119) -> 0 | Z119: =IF($F119="KWh",$C117*R119*$T119,$V119*$H119*L119) -> 0 | AA119: =IF($F119="KWh",$C117*S119*$T119,$V119*$H119*M119) -> 0
...

Sheet I_Generation and growth FCast
B2: GENERATION AND GROWTH FORECAST
B4: Please insert all the relevant information in the yellow and green cells in the tables below. Please do not change any of the other cells.
D7: Local Authority Estimated generation (KWh)
B8: Renewable Energy - Additional Generation | C8: Project Name/Site | D8: =I_Baseline!C4+1 -> 2024 | E8: =D8+1 -> 2025 | F8: =E8+1 -> 2026 | G8: =F8+1 -> 2027 | H8: =G8+1 -> 2028
B9: Solar PV | C9: blue | D9: 100 | E9: 1000 | F9: 1000 | G9: 1500 | H9: 1500
B10: Solar Thermal | C10: arrow | D10: 100 | E10: 1000 | F10: 500 | G10: 1500 | H10: 1500
B11: Small Hydropower | C11: waterway | D11: 200 | E11: 300 | F11: 400 | G11: 500 | H11: 700
B19: Total | D19: =SUM(D9:D18) -> 400 | E19: =SUM(E9:E18) -> 2300 | F19: =SUM(F9:F18) -> 1900 | G19: =SUM(G9:G18) -> 3500 | H19: =SUM(H9:H18) -> 3700
F22: Increase assumed to apply to the category as a whole
B23: Growth (KWh increase) | M23: Please don’t amend
F24: Local Authority Estimated Increase (KWh or %) | M24: =C_Lists!AF5 -> Admin Buildings /Offices
B25: Asset Category | C25: Type of Growth | D25: Project Name/Site | E25: Increase in KWh or %? | F25: =I_Baseline!C4+1 -> 2024 | G25: =F25+1 -> 2025 | H25: =G25+1 -> 2026 | I25: =H25+1 -> 2027 | J25: =I25+1 -> 2028 | N25: 2023 | O25: 2024 | P25: 2025 | Q25: 2026 | R25: 2027
B26: Admin Buildings /Offices | C26: Expansion Council Buildings | D26: a | E26: % | F26: 0.02 | G26: 0.02 | H26: 0.02 | I26: 0.02 | J26: 0.02 | M26: % | N26: =SUMIFS(F$26:F$46,$B$26:$B$46,$M24,$E$26:$E$46,"%") -> 0.02 | O26: =SUMIFS(G$26:G$46,$B$26:$B$46,$M24,$E$26:$E$46,"%") -> 0.02 | P26: =SUMIFS(H$26:H$46,$B$26:$B$46,$M24,$E$26:$E$46,"%") -> 0.02 | Q26: =SUMIFS(I$26:I$46,$B$26:$B$46,$M24,$E$26:$E$46,"%") -> 0.02 | R26: =SUMIFS(J$26:J$46,$B$26:$B$46,$M24,$E$26:$E$46,"%") -> 0.02
B27: Car Parks | C27: Heat Provision | D27: b | E27: KWh | F27: 500 | G27: 500 | H27: 500 | I27: 500 | J27: 500 | M27: KWh | N27: =SUMIFS(F$26:F$46,$B$26:$B$46,$M24,$E$26:$E$46,"KWh") -> 0 | O27: =SUMIFS(G$26:G$46,$B$26:$B$46,$M24,$E$26:$E$46,"KWh") -> 0 | P27: =SUMIFS(H$26:H$46,$B$26:$B$46,$M24,$E$26:$E$46,"KWh") -> 0 | Q27: =SUMIFS(I$26:I$46,$B$26:$B$46,$M24,$E$26:$E$46,"KWh") -> 0 | R27: =SUMIFS(J$26:J$46,$B$26:$B$46,$M24,$E$26:$E$46,"KWh") -> 0
B28: Care Homes | C28: EV Infrastructure | D28: c | E28: % | F28: 0.03 | G28: 0.03 | H28: 0.03 | I28: 0.03 | J28: 0.03
B29: Commercial Properties | C29: EV Infrastructure | D29: c | E29: KWh | F29: =F27+500 -> 1000 | G29: 500 | H29: 500 | I29: 500 | J29: 500 | M29: =C_Lists!AF6 -> Car Parks
B30: Community Centres | C30: EV Infrastructure | D30: c | E30: % | F30: =F28+2% -> 0.05 | G30: 0.02 | H30: 0.02 | I30: 0.02 | J30: 0.02 | N30: 2023 | O30: 2024 | P30: 2025 | Q30: 2026 | R30: 2027
B31: Day Centres | C31: EV Infrastructure | D31: c | E31: KWh | F31: =F29+500 -> 1500 | G31: 500 | H31: 500 | I31: 500 | J31: 500 | M31: % | N31: =SUMIFS(F$26:F$46,$B$26:$B$46,$M29,$E$26:$E$46,"%") -> 0 | O31: =SUMIFS(G$26:G$46,$B$26:$B$46,$M29,$E$26:$E$46,"%") -> 0 | P31: =SUMIFS(H$26:H$46,$B$26:$B$46,$M29,$E$26:$E$46,"%") -> 0 | Q31: =SUMIFS(I$26:I$46,$B$26:$B$46,$M29,$E$26:$E$46,"%") -> 0 | R31: =SUMIFS(J$26:J$46,$B$26:$B$46,$M29,$E$26:$E$46,"%") -> 0
B32: Depots | C32: EV Infrastructure | D32: c | E32: KWh | F32: =F30+500 -> 500.05 | G32: 500 | H32: 500 | I32: 500 | J32: 500 | M32: KWh | N32: =SUMIFS(F$26:F$46,$B$26:$B$46,$M29,$E$26:$E$46,"KWh") -> 500 | O32: =SUMIFS(G$26:G$46,$B$26:$B$46,$M29,$E$26:$E$46,"KWh") -> 500 | P32: =SUMIFS(H$26:H$46,$B$26:$B$46,$M29,$E$26:$E$46,"KWh") -> 500 | Q32: =SUMIFS(I$26:I$46,$B$26:$B$46,$M29,$E$26:$E$46,"KWh") -> 500 | R32: =SUMIFS(J$26:J$46,$B$26:$B$46,$M29,$E$26:$E$46,"KWh") -> 500
B33: Galleries & Theatres | C33: EV Infrastructure | D33: c | E33: % | F33: =2% -> 0.02 | G33: 0.02 | H33: 0.02 | I33: 0.02 | J33: 0.02
B34: Industrial Estates | C34: EV Infrastructure | D34: c | E34: % | F34: =2% -> 0.02 | G34: 0.02 | H34: 0.02 | I34: 0.02 | J34: 0.02 | M34: =C_Lists!AF7 -> Care Homes
B35: Leisure Centres/Pool | C35: EV Infrastructure | D35: c | E35: KWh | F35: =F33+500 -> 500.02 | G35: 500 | H35: 500 | I35: 500 | J35: 500 | N35: 2023 | O35: 2024 | P35: 2025 | Q35: 2026 | R35: 2027
B36: Libraries | C36: EV Infrastructure | D36: c | E36: % | F36: =F34+2% -> 0.04 | G36: 0.03 | H36: 0.03 | I36: 0.03 | J36: 0.03 | M36: % | N36: =SUMIFS(F$26:F$46,$B$26:$B$46,$M34,$E$26:$E$46,"%") -> 0.03 | O36: =SUMIFS(G$26:G$46,$B$26:$B$46,$M34,$E$26:$E$46,"%") -> 0.03 | P36: =SUMIFS(H$26:H$46,$B$26:$B$46,$M34,$E$26:$E$46,"%") -> 0.03 | Q36: =SUMIFS(I$26:I$46,$B$26:$B$46,$M34,$E$26:$E$46,"%") -> 0.03 | R36: =SUMIFS(J$26:J$46,$B$26:$B$46,$M34,$E$26:$E$46,"%") -> 0.03
B37: Markets | C37: EV Infrastructure | D37: c | E37: KWh | F37: =F35+500 -> 1000.02 | G37: 500 | H37: 500 | I37: 500 | J37: 500 | M37: KWh | N37: =SUMIFS(F$26:F$46,$B$26:$B$46,$M34,$E$26:$E$46,"KWh") -> 0 | O37: =SUMIFS(G$26:G$46,$B$26:$B$46,$M34,$E$26:$E$46,"KWh") -> 0 | P37: =SUMIFS(H$26:H$46,$B$26:$B$46,$M34,$E$26:$E$46,"KWh") -> 0 | Q37: =SUMIFS(I$26:I$46,$B$26:$B$46,$M34,$E$26:$E$46,"KWh") -> 0 | R37: =SUMIFS(J$26:J$46,$B$26:$B$46,$M34,$E$26:$E$46,"KWh") -> 0
B38: Museums | C38: EV Infrastructure | D38: c | E38: % | F38: =F36+2% -> 0.06 | G38: 0.02 | H38: 0.02 | I38: 0.02 | J38: 0.02
B39: Parks | C39: EV Infrastructure | D39: c | E39: KWh | F39: =F37+500 -> 1500.02 | G39: 500 | H39: 500 | I39: 500 | J39: 500 | M39: =C_Lists!AF8 -> Commercial Properties
B40: Primary Schools | C40: EV Infrastructure | D40: c | E40: % | F40: =F38+2% -> 0.08 | G40: 0.03 | H40: 0.03 | I40: 0.03 | J40: 0.03 | N40: 2023 | O40: 2024 | P40: 2025 | Q40: 2026 | R40: 2027
B41: Public Conveniences | C41: EV Infrastructure | D41: c | E41: KWh | F41: =F39+500 -> 2000.02 | G41: 500 | H41: 500 | I41: 500 | J41: 500 | M41: % | N41: =SUMIFS(F$26:F$46,$B$26:$B$46,$M39,$E$26:$E$46,"%") -> 0 | O41: =SUMIFS(G$26:G$46,$B$26:$B$46,$M39,$E$26:$E$46,"%") -> 0 | P41: =SUMIFS(H$26:H$46,$B$26:$B$46,$M39,$E$26:$E$46,"%") -> 0 | Q41: =SUMIFS(I$26:I$46,$B$26:$B$46,$M39,$E$26:$E$46,"%") -> 0 | R41: =SUMIFS(J$26:J$46,$B$26:$B$46,$M39,$E$26:$E$46,"%") -> 0
B42: Secondary Schools | C42: EV Infrastructure | D42: c | E42: KWh | F42: =F40+500 -> 500.08 | G42: 500 | H42: 500 | I42: 500 | J42: 500 | M42: KWh | N42: =SUMIFS(F$26:F$46,$B$26:$B$46,$M39,$E$26:$E$46,"KWh") -> 1000 | O42: =SUMIFS(G$26:G$46,$B$26:$B$46,$M39,$E$26:$E$46,"KWh") -> 500 | P42: =SUMIFS(H$26:H$46,$B$26:$B$46,$M39,$E$26:$E$46,"KWh") -> 500 | Q42: =SUMIFS(I$26:I$46,$B$26:$B$46,$M39,$E$26:$E$46,"KWh") -> 500 | R42: =SUMIFS(J$26:J$46,$B$26:$B$46,$M39,$E$26:$E$46,"KWh") -> 500
B43: Street lighting | C43: EV Infrastructure | D43: c | E43: % | F43: =F40+2% -> 0.1 | G43: 0.02 | H43: 0.02 | I43: 0.02 | J43: 0.02
B44: Cat19 | C44: EV Infrastructure | D44: c | E44: KWh | F44: =F42+500 -> 1000.08 | G44: 500 | H44: 500 | I44: 500 | J44: 500 | M44: =C_Lists!AF9 -> Community Centres
B45: Cat19 | C45: EV Infrastructure | D45: c | E45: % | F45: =F43+2% -> 0.12 | G45: 0.03 | H45: 0.03 | I45: 0.03 | J45: 0.03 | N45: 2023 | O45: 2024 | P45: 2025 | Q45: 2026 | R45: 2027
B46: Cat19 | C46: EV Infrastructure | D46: c | E46: KWh | F46: =F44+500 -> 1500.08 | G46: 500 | H46: 500 | I46: 500 | J46: 500 | M46: % | N46: =SUMIFS(F$26:F$46,$B$26:$B$46,$M44,$E$26:$E$46,"%") -> 0.05 | O46: =SUMIFS(G$26:G$46,$B$26:$B$46,$M44,$E$26:$E$46,"%") -> 0.02 | P46: =SUMIFS(H$26:H$46,$B$26:$B$46,$M44,$E$26:$E$46,"%") -> 0.02 | Q46: =SUMIFS(I$26:I$46,$B$26:$B$46,$M44,$E$26:$E$46,"%") -> 0.02 | R46: =SUMIFS(J$26:J$46,$B$26:$B$46,$M44,$E$26:$E$46,"%") -> 0.02
M47: KWh | N47: =SUMIFS(F$26:F$46,$B$26:$B$46,$M44,$E$26:$E$46,"KWh") -> 0 | O47: =SUMIFS(G$26:G$46,$B$26:$B$46,$M44,$E$26:$E$46,"KWh") -> 0 | P47: =SUMIFS(H$26:H$46,$B$26:$B$46,$M44,$E$26:$E$46,"KWh") -> 0 | Q47: =SUMIFS(I$26:I$46,$B$26:$B$46,$M44,$E$26:$E$46,"KWh") -> 0 | R47: =SUMIFS(J$26:J$46,$B$26:$B$46,$M44,$E$26:$E$46,"KWh") -> 0
M49: =C_Lists!AF10 -> Day Centres
N50: 2023 | O50: 2024 | P50: 2025 | Q50: 2026 | R50: 2027
M51: % | N51: =SUMIFS(F$26:F$46,$B$26:$B$46,$M49,$E$26:$E$46,"%") -> 0 | O51: =SUMIFS(G$26:G$46,$B$26:$B$46,$M49,$E$26:$E$46,"%") -> 0 | P51: =SUMIFS(H$26:H$46,$B$26:$B$46,$M49,$E$26:$E$46,"%") -> 0 | Q51: =SUMIFS(I$26:I$46,$B$26:$B$46,$M49,$E$26:$E$46,"%") -> 0 | R51: =SUMIFS(J$26:J$46,$B$26:$B$46,$M49,$E$26:$E$46,"%") -> 0
M52: KWh | N52: =SUMIFS(F$26:F$46,$B$26:$B$46,$M49,$E$26:$E$46,"KWh") -> 1500 | O52: =SUMIFS(G$26:G$46,$B$26:$B$46,$M49,$E$26:$E$46,"KWh") -> 500 | P52: =SUMIFS(H$26:H$46,$B$26:$B$46,$M49,$E$26:$E$46,"KWh") -> 500 | Q52: =SUMIFS(I$26:I$46,$B$26:$B$46,$M49,$E$26:$E$46,"KWh") -> 500 | R52: =SUMIFS(J$26:J$46,$B$26:$B$46,$M49,$E$26:$E$46,"KWh") -> 500
B53: Data tables - Please don’t amend
M54: =C_Lists!AF11 -> Depots
B55: Renewable Energy - Additional Generation | C55: Project Name/Site | D55: Local Authority Estimated generation� (KWh)_2024 | E55: Local Authority Estimated generation� (KWh)_2025 | F55: Local Authority Estimated generation� (KWh)_2026 | G55: Local Authority Estimated generation� (KWh)_2027 | H55: Local Authority Estimated generation� (KWh)_2028 | N55: 2023 | O55: 2024 | P55: 2025 | Q55: 2026 | R55: 2027
B56: =B9 -> Solar PV | C56: =C9 -> blue | D56: =D9 -> 100 | E56: =E9 -> 1000 | F56: =F9 -> 1000 | G56: =G9 -> 1500 | H56: =H9 -> 1500 | M56: % | N56: =SUMIFS(F$26:F$46,$B$26:$B$46,$M54,$E$26:$E$46,"%") -> 0 | O56: =SUMIFS(G$26:G$46,$B$26:$B$46,$M54,$E$26:$E$46,"%") -> 0 | P56: =SUMIFS(H$26:H$46,$B$26:$B$46,$M54,$E$26:$E$46,"%") -> 0 | Q56: =SUMIFS(I$26:I$46,$B$26:$B$46,$M54,$E$26:$E$46,"%") -> 0 | R56: =SUMIFS(J$26:J$46,$B$26:$B$46,$M54,$E$26:$E$46,"%") -> 0
B57: =B10 -> Solar Thermal | C57: =C10 -> arrow | D57: =D10 -> 100 | E57: =E10 -> 1000 | F57: =F10 -> 500 | G57: =G10 -> 1500 | H57: =H10 -> 1500 | M57: KWh | N57: =SUMIFS(F$26:F$46,$B$26:$B$46,$M54,$E$26:$E$46,"KWh") -> 500.05 | O57: =SUMIFS(G$26:G$46,$B$26:$B$46,$M54,$E$26:$E$46,"KWh") -> 500 | P57: =SUMIFS(H$26:H$46,$B$26:$B$46,$M54,$E$26:$E$46,"KWh") -> 500 | Q57: =SUMIFS(I$26:I$46,$B$26:$B$46,$M54,$E$26:$E$46,"KWh") -> 500 | R57: =SUMIFS(J$26:J$46,$B$26:$B$46,$M54,$E$26:$E$46,"KWh") -> 500
B58: =B11 -> Small Hydropower | C58: =C11 -> waterway | D58: =D11 -> 200 | E58: =E11 -> 300 | F58: =F11 -> 400 | G58: =G11 -> 500 | H58: =H11 -> 700
B59: =B12 -> 0 | C59: =C12 -> 0 | D59: =D12 -> 0 | E59: =E12 -> 0 | F59: =F12 -> 0 | G59: =G12 -> 0 | H59: =H12 -> 0 | M59: =C_Lists!AF12 -> 0
B60: =B13 -> 0 | C60: =C13 -> 0 | D60: =D13 -> 0 | E60: =E13 -> 0 | F60: =F13 -> 0 | G60: =G13 -> 0 | H60: =H13 -> 0 | N60: 2023 | O60: 2024 | P60: 2025 | Q60: 2026 | R60: 2027
B61: =B14 -> 0 | C61: =C14 -> 0 | D61: =D14 -> 0 | E61: =E14 -> 0 | F61: =F14 -> 0 | G61: =G14 -> 0 | H61: =H14 -> 0 | M61: % | N61: =SUMIFS(F$26:F$46,$B$26:$B$46,$M59,$E$26:$E$46,"%") -> 0 | O61: =SUMIFS(G$26:G$46,$B$26:$B$46,$M59,$E$26:$E$46,"%") -> 0 | P61: =SUMIFS(H$26:H$46,$B$26:$B$46,$M59,$E$26:$E$46,"%") -> 0 | Q61: =SUMIFS(I$26:I$46,$B$26:$B$46,$M59,$E$26:$E$46,"%") -> 0 | R61: =SUMIFS(J$26:J$46,$B$26:$B$46,$M59,$E$26:$E$46,"%") -> 0
B62: =B15 -> 0 | C62: =C15 -> 0 | D62: =D15 -> 0 | E62: =E15 -> 0 | F62: =F15 -> 0 | G62: =G15 -> 0 | H62: =H15 -> 0 | M62: KWh | N62: =SUMIFS(F$26:F$46,$B$26:$B$46,$M59,$E$26:$E$46,"KWh") -> 0 | O62: =SUMIFS(G$26:G$46,$B$26:$B$46,$M59,$E$26:$E$46,"KWh") -> 0 | P62: =SUMIFS(H$26:H$46,$B$26:$B$46,$M59,$E$26:$E$46,"KWh") -> 0 | Q62: =SUMIFS(I$26:I$46,$B$26:$B$46,$M59,$E$26:$E$46,"KWh") -> 0 | R62: =SUMIFS(J$26:J$46,$B$26:$B$46,$M59,$E$26:$E$46,"KWh") -> 0
B63: =B16 -> 0 | C63: =C16 -> 0 | D63: =D16 -> 0 | E63: =E16 -> 0 | F63: =F16 -> 0 | G63: =G16 -> 0 | H63: =H16 -> 0
B64: =B17 -> 0 | C64: =C17 -> 0 | D64: =D17 -> 0 | E64: =E17 -> 0 | F64: =F17 -> 0 | G64: =G17 -> 0 | H64: =H17 -> 0 | M64: =C_Lists!AF13 -> 0
B65: =B18 -> 0 | C65: =C18 -> 0 | D65: =D18 -> 0 | E65: =E18 -> 0 | F65: =F18 -> 0 | G65: =G18 -> 0 | H65: =H18 -> 0 | N65: 2023 | O65: 2024 | P65: 2025 | Q65: 2026 | R65: 2027
B66: Total | D66: =SUM(D56:D65) -> 400 | E66: =SUM(E56:E65) -> 2300 | F66: =SUM(F56:F65) -> 1900 | G66: =SUM(G56:G65) -> 3500 | H66: =SUM(H56:H65) -> 3700 | M66: % | N66: =SUMIFS(F$26:F$46,$B$26:$B$46,$M64,$E$26:$E$46,"%") -> 0 | O66: =SUMIFS(G$26:G$46,$B$26:$B$46,$M64,$E$26:$E$46,"%") -> 0 | P66: =SUMIFS(H$26:H$46,$B$26:$B$46,$M64,$E$26:$E$46,"%") -> 0 | Q66: =SUMIFS(I$26:I$46,$B$26:$B$46,$M64,$E$26:$E$46,"%") -> 0 | R66: =SUMIFS(J$26:J$46,$B$26:$B$46,$M64,$E$26:$E$46,"%") -> 0
M67: KWh | N67: =SUMIFS(F$26:F$46,$B$26:$B$46,$M64,$E$26:$E$46,"KWh") -> 0 | O67: =SUMIFS(G$26:G$46,$B$26:$B$46,$M64,$E$26:$E$46,"KWh") -> 0 | P67: =SUMIFS(H$26:H$46,$B$26:$B$46,$M64,$E$26:$E$46,"KWh") -> 0 | Q67: =SUMIFS(I$26:I$46,$B$26:$B$46,$M64,$E$26:$E$46,"KWh") -> 0 | R67: =SUMIFS(J$26:J$46,$B$26:$B$46,$M64,$E$26:$E$46,"KWh") -> 0
B69: Asset Category | C69: Type of Growth | D69: Project Name/Site | E69: Increase in KWh �or %? | F69: Local Authority Estimated Increase�(KWh or %)_2024 | G69: Local Authority Estimated Increase�(KWh or %)_2025 | H69: Local Authority Estimated Increase�(KWh or %)_2026 | I69: Local Authority Estimated Increase�(KWh or %)_2027 | J69: Local Authority Estimated Increase�(KWh or %)_2028 | M69: =C_Lists!AF14 -> 0
B70: =B26 -> Admin Buildings /Offices | C70: =C26 -> Expansion Council Buildings | D70: =D26 -> a | E70: =E26 -> % | F70: =F26 -> 0.02 | G70: =G26 -> 0.02 | H70: =H26 -> 0.02 | I70: =I26 -> 0.02 | J70: =J26 -> 0.02 | N70: 2023 | O70: 2024 | P70: 2025 | Q70: 2026 | R70: 2027
B71: =B27 -> Car Parks | C71: =C27 -> Heat Provision | D71: =D27 -> b | E71: =E27 -> KWh | F71: =F27 -> 500 | G71: =G27 -> 500 | H71: =H27 -> 500 | I71: =I27 -> 500 | J71: =J27 -> 500 | M71: % | N71: =SUMIFS(F$26:F$46,$B$26:$B$46,$M69,$E$26:$E$46,"%") -> 0 | O71: =SUMIFS(G$26:G$46,$B$26:$B$46,$M69,$E$26:$E$46,"%") -> 0 | P71: =SUMIFS(H$26:H$46,$B$26:$B$46,$M69,$E$26:$E$46,"%") -> 0 | Q71: =SUMIFS(I$26:I$46,$B$26:$B$46,$M69,$E$26:$E$46,"%") -> 0 | R71: =SUMIFS(J$26:J$46,$B$26:$B$46,$M69,$E$26:$E$46,"%") -> 0
B72: =B28 -> Care Homes | C72: =C28 -> EV Infrastructure | D72: =D28 -> c | E72: =E28 -> % | F72: =F28 -> 0.03 | G72: =G28 -> 0.03 | H72: =H28 -> 0.03 | I72: =I28 -> 0.03 | J72: =J28 -> 0.03 | M72: KWh | N72: =SUMIFS(F$26:F$46,$B$26:$B$46,$M69,$E$26:$E$46,"KWh") -> 0 | O72: =SUMIFS(G$26:G$46,$B$26:$B$46,$M69,$E$26:$E$46,"KWh") -> 0 | P72: =SUMIFS(H$26:H$46,$B$26:$B$46,$M69,$E$26:$E$46,"KWh") -> 0 | Q72: =SUMIFS(I$26:I$46,$B$26:$B$46,$M69,$E$26:$E$46,"KWh") -> 0 | R72: =SUMIFS(J$26:J$46,$B$26:$B$46,$M69,$E$26:$E$46,"KWh") -> 0
B73: =B29 -> Commercial Properties | C73: =C29 -> EV Infrastructure | D73: =D29 -> c | E73: =E29 -> KWh | F73: =F29 -> 1000 | G73: =G29 -> 500 | H73: =H29 -> 500 | I73: =I29 -> 500 | J73: =J29 -> 500
B74: =B30 -> Community Centres | C74: =C30 -> EV Infrastructure | D74: =D30 -> c | E74: =E30 -> % | F74: =F30 -> 0.05 | G74: =G30 -> 0.02 | H74: =H30 -> 0.02 | I74: =I30 -> 0.02 | J74: =J30 -> 0.02 | M74: =C_Lists!AF15 -> 0
B75: =B31 -> Day Centres | C75: =C31 -> EV Infrastructure | D75: =D31 -> c | E75: =E31 -> KWh | F75: =F31 -> 1500 | G75: =G31 -> 500 | H75: =H31 -> 500 | I75: =I31 -> 500 | J75: =J31 -> 500 | N75: 2023 | O75: 2024 | P75: 2025 | Q75: 2026 | R75: 2027
B76: =B32 -> Depots | C76: =C32 -> EV Infrastructure | D76: =D32 -> c | E76: =E32 -> KWh | F76: =F32 -> 500.05 | G76: =G32 -> 500 | H76: =H32 -> 500 | I76: =I32 -> 500 | J76: =J32 -> 500 | M76: % | N76: =SUMIFS(F$26:F$46,$B$26:$B$46,$M74,$E$26:$E$46,"%") -> 0 | O76: =SUMIFS(G$26:G$46,$B$26:$B$46,$M74,$E$26:$E$46,"%") -> 0 | P76: =SUMIFS(H$26:H$46,$B$26:$B$46,$M74,$E$26:$E$46,"%") -> 0 | Q76: =SUMIFS(I$26:I$46,$B$26:$B$46,$M74,$E$26:$E$46,"%") -> 0 | R76: =SUMIFS(J$26:J$46,$B$26:$B$46,$M74,$E$26:$E$46,"%") -> 0
B77: =B33 -> Galleries & Theatres | C77: =C33 -> EV Infrastructure | D77: =D33 -> c | E77: =E33 -> % | F77: =F33 -> 0.02 | G77: =G33 -> 0.02 | H77: =H33 -> 0.02 | I77: =I33 -> 0.02 | J77: =J33 -> 0.02 | M77: KWh | N77: =SUMIFS(F$26:F$46,$B$26:$B$46,$M74,$E$26:$E$46,"KWh") -> 0 | O77: =SUMIFS(G$26:G$46,$B$26:$B$46,$M74,$E$26:$E$46,"KWh") -> 0 | P77: =SUMIFS(H$26:H$46,$B$26:$B$46,$M74,$E$26:$E$46,"KWh") -> 0 | Q77: =SUMIFS(I$26:I$46,$B$26:$B$46,$M74,$E$26:$E$46,"KWh") -> 0 | R77: =SUMIFS(J$26:J$46,$B$26:$B$46,$M74,$E$26:$E$46,"KWh") -> 0
B78: =B34 -> Industrial Estates | C78: =C34 -> EV Infrastructure | D78: =D34 -> c | E78: =E34 -> % | F78: =F34 -> 0.02 | G78: =G34 -> 0.02 | H78: =H34 -> 0.02 | I78: =I34 -> 0.02 | J78: =J34 -> 0.02
B79: =B35 -> Leisure Centres/Pool | C79: =C35 -> EV Infrastructure | D79: =D35 -> c | E79: =E35 -> KWh | F79: =F35 -> 500.02 | G79: =G35 -> 500 | H79: =H35 -> 500 | I79: =I35 -> 500 | J79: =J35 -> 500 | M79: =C_Lists!AF16 -> 0
B80: =B36 -> Libraries | C80: =C36 -> EV Infrastructure | D80: =D36 -> c | E80: =E36 -> % | F80: =F36 -> 0.04 | G80: =G36 -> 0.03 | H80: =H36 -> 0.03 | I80: =I36 -> 0.03 | J80: =J36 -> 0.03 | N80: 2023 | O80: 2024 | P80: 2025 | Q80: 2026 | R80: 2027
B81: =B37 -> Markets | C81: =C37 -> EV Infrastructure | D81: =D37 -> c | E81: =E37 -> KWh | F81: =F37 -> 1000.02 | G81: =G37 -> 500 | H81: =H37 -> 500 | I81: =I37 -> 500 | J81: =J37 -> 500 | M81: % | N81: =SUMIFS(F$26:F$46,$B$26:$B$46,$M79,$E$26:$E$46,"%") -> 0 | O81: =SUMIFS(G$26:G$46,$B$26:$B$46,$M79,$E$26:$E$46,"%") -> 0 | P81: =SUMIFS(H$26:H$46,$B$26:$B$46,$M79,$E$26:$E$46,"%") -> 0 | Q81: =SUMIFS(I$26:I$46,$B$26:$B$46,$M79,$E$26:$E$46,"%") -> 0 | R81: =SUMIFS(J$26:J$46,$B$26:$B$46,$M79,$E$26:$E$46,"%") -> 0
B82: =B38 -> Museums | C82: =C38 -> EV Infrastructure | D82: =D38 -> c | E82: =E38 -> % | F82: =F38 -> 0.06 | G82: =G38 -> 0.02 | H82: =H38 -> 0.02 | I82: =I38 -> 0.02 | J82: =J38 -> 0.02 | M82: KWh | N82: =SUMIFS(F$26:F$46,$B$26:$B$46,$M79,$E$26:$E$46,"KWh") -> 0 | O82: =SUMIFS(G$26:G$46,$B$26:$B$46,$M79,$E$26:$E$46,"KWh") -> 0 | P82: =SUMIFS(H$26:H$46,$B$26:$B$46,$M79,$E$26:$E$46,"KWh") -> 0 | Q82: =SUMIFS(I$26:I$46,$B$26:$B$46,$M79,$E$26:$E$46,"KWh") -> 0 | R82: =SUMIFS(J$26:J$46,$B$26:$B$46,$M79,$E$26:$E$46,"KWh") -> 0
B83: =B39 -> Parks | C83: =C39 -> EV Infrastructure | D83: =D39 -> c | E83: =E39 -> KWh | F83: =F39 -> 1500.02 | G83: =G39 -> 500 | H83: =H39 -> 500 | I83: =I39 -> 500 | J83: =J39 -> 500
B84: =B40 -> Primary Schools | C84: =C40 -> EV Infrastructure | D84: =D40 -> c | E84: =E40 -> % | F84: =F40 -> 0.08 | G84: =G40 -> 0.03 | H84: =H40 -> 0.03 | I84: =I40 -> 0.03 | J84: =J40 -> 0.03 | M84: =C_Lists!AF17 -> 0
B85: =B41 -> Public Conveniences | C85: =C41 -> EV Infrastructure | D85: =D41 -> c | E85: =E41 -> KWh | F85: =F41 -> 2000.02 | G85: =G41 -> 500 | H85: =H41 -> 500 | I85: =I41 -> 500 | J85: =J41 -> 500 | N85: 2023 | O85: 2024 | P85: 2025 | Q85: 2026 | R85: 2027
B86: =B42 -> Secondary Schools | C86: =C42 -> EV Infrastructure | D86: =D42 -> c | E86: =E42 -> KWh | F86: =F42 -> 500.08 | G86: =G42 -> 500 | H86: =H42 -> 500 | I86: =I42 -> 500 | J86: =J42 -> 500 | M86: % | N86: =SUMIFS(F$26:F$46,$B$26:$B$46,$M84,$E$26:$E$46,"%") -> 0 | O86: =SUMIFS(G$26:G$46,$B$26:$B$46,$M84,$E$26:$E$46,"%") -> 0 | P86: =SUMIFS(H$26:H$46,$B$26:$B$46,$M84,$E$26:$E$46,"%") -> 0 | Q86: =SUMIFS(I$26:I$46,$B$26:$B$46,$M84,$E$26:$E$46,"%") -> 0 | R86: =SUMIFS(J$26:J$46,$B$26:$B$46,$M84,$E$26:$E$46,"%") -> 0
B87: =B43 -> Street lighting | C87: =C43 -> EV Infrastructure | D87: =D43 -> c | E87: =E43 -> % | F87: =F43 -> 0.1 | G87: =G43 -> 0.02 | H87: =H43 -> 0.02 | I87: =I43 -> 0.02 | J87: =J43 -> 0.02 | M87: KWh | N87: =SUMIFS(F$26:F$46,$B$26:$B$46,$M84,$E$26:$E$46,"KWh") -> 0 | O87: =SUMIFS(G$26:G$46,$B$26:$B$46,$M84,$E$26:$E$46,"KWh") -> 0 | P87: =SUMIFS(H$26:H$46,$B$26:$B$46,$M84,$E$26:$E$46,"KWh") -> 0 | Q87: =SUMIFS(I$26:I$46,$B$26:$B$46,$M84,$E$26:$E$46,"KWh") -> 0 | R87: =SUMIFS(J$26:J$46,$B$26:$B$46,$M84,$E$26:$E$46,"KWh") -> 0
B88: =B44 -> Cat19 | C88: =C44 -> EV Infrastructure | D88: =D44 -> c | E88: =E44 -> KWh | F88: =F44 -> 1000.08 | G88: =G44 -> 500 | H88: =H44 -> 500 | I88: =I44 -> 500 | J88: =J44 -> 500
B89: =B45 -> Cat19 | C89: =C45 -> EV Infrastructure | D89: =D45 -> c | E89: =E45 -> % | F89: =F45 -> 0.12 | G89: =G45 -> 0.03 | H89: =H45 -> 0.03 | I89: =I45 -> 0.03 | J89: =J45 -> 0.03 | M89: =C_Lists!AF18 -> 0
B90: =B46 -> Cat19 | C90: =C46 -> EV Infrastructure | D90: =D46 -> c | E90: =E46 -> KWh | F90: =F46 -> 1500.08 | G90: =G46 -> 500 | H90: =H46 -> 500 | I90: =I46 -> 500 | J90: =J46 -> 500 | N90: 2023 | O90: 2024 | P90: 2025 | Q90: 2026 | R90: 2027
M91: % | N91: =SUMIFS(F$26:F$46,$B$26:$B$46,$M89,$E$26:$E$46,"%") -> 0 | O91: =SUMIFS(G$26:G$46,$B$26:$B$46,$M89,$E$26:$E$46,"%") -> 0 | P91: =SUMIFS(H$26:H$46,$B$26:$B$46,$M89,$E$26:$E$46,"%") -> 0 | Q91: =SUMIFS(I$26:I$46,$B$26:$B$46,$M89,$E$26:$E$46,"%") -> 0 | R91: =SUMIFS(J$26:J$46,$B$26:$B$46,$M89,$E$26:$E$46,"%") -> 0
M92: KWh | N92: =SUMIFS(F$26:F$46,$B$26:$B$46,$M89,$E$26:$E$46,"KWh") -> 0 | O92: =SUMIFS(G$26:G$46,$B$26:$B$46,$M89,$E$26:$E$46,"KWh") -> 0 | P92: =SUMIFS(H$26:H$46,$B$26:$B$46,$M89,$E$26:$E$46,"KWh") -> 0 | Q92: =SUMIFS(I$26:I$46,$B$26:$B$46,$M89,$E$26:$E$46,"KWh") -> 0 | R92: =SUMIFS(J$26:J$46,$B$26:$B$46,$M89,$E$26:$E$46,"KWh") -> 0
M94: =C_Lists!AF19 -> 0
N95: 2023 | O95: 2024 | P95: 2025 | Q95: 2026 | R95: 2027
M96: % | N96: =SUMIFS(F$26:F$46,$B$26:$B$46,$M94,$E$26:$E$46,"%") -> 0 | O96: =SUMIFS(G$26:G$46,$B$26:$B$46,$M94,$E$26:$E$46,"%") -> 0 | P96: =SUMIFS(H$26:H$46,$B$26:$B$46,$M94,$E$26:$E$46,"%") -> 0 | Q96: =SUMIFS(I$26:I$46,$B$26:$B$46,$M94,$E$26:$E$46,"%") -> 0 | R96: =SUMIFS(J$26:J$46,$B$26:$B$46,$M94,$E$26:$E$46,"%") -> 0
M97: KWh | N97: =SUMIFS(F$26:F$46,$B$26:$B$46,$M94,$E$26:$E$46,"KWh") -> 0 | O97: =SUMIFS(G$26:G$46,$B$26:$B$46,$M94,$E$26:$E$46,"KWh") -> 0 | P97: =SUMIFS(H$26:H$46,$B$26:$B$46,$M94,$E$26:$E$46,"KWh") -> 0 | Q97: =SUMIFS(I$26:I$46,$B$26:$B$46,$M94,$E$26:$E$46,"KWh") -> 0 | R97: =SUMIFS(J$26:J$46,$B$26:$B$46,$M94,$E$26:$E$46,"KWh") -> 0
M99: =C_Lists!AF20 -> 0
N100: 2023 | O100: 2024 | P100: 2025 | Q100: 2026 | R100: 2027
M101: % | N101: =SUMIFS(F$26:F$46,$B$26:$B$46,$M99,$E$26:$E$46,"%") -> 0 | O101: =SUMIFS(G$26:G$46,$B$26:$B$46,$M99,$E$26:$E$46,"%") -> 0 | P101: =SUMIFS(H$26:H$46,$B$26:$B$46,$M99,$E$26:$E$46,"%") -> 0 | Q101: =SUMIFS(I$26:I$46,$B$26:$B$46,$M99,$E$26:$E$46,"%") -> 0 | R101: =SUMIFS(J$26:J$46,$B$26:$B$46,$M99,$E$26:$E$46,"%") -> 0
M102: KWh | N102: =SUMIFS(F$26:F$46,$B$26:$B$46,$M99,$E$26:$E$46,"KWh") -> 0 | O102: =SUMIFS(G$26:G$46,$B$26:$B$46,$M99,$E$26:$E$46,"KWh") -> 0 | P102: =SUMIFS(H$26:H$46,$B$26:$B$46,$M99,$E$26:$E$46,"KWh") -> 0 | Q102: =SUMIFS(I$26:I$46,$B$26:$B$46,$M99,$E$26:$E$46,"KWh") -> 0 | R102: =SUMIFS(J$26:J$46,$B$26:$B$46,$M99,$E$26:$E$46,"KWh") -> 0
M104: =C_Lists!AF21 -> 0
N105: 2023 | O105: 2024 | P105: 2025 | Q105: 2026 | R105: 2027
M106: % | N106: =SUMIFS(F$26:F$46,$B$26:$B$46,$M104,$E$26:$E$46,"%") -> 0 | O106: =SUMIFS(G$26:G$46,$B$26:$B$46,$M104,$E$26:$E$46,"%") -> 0 | P106: =SUMIFS(H$26:H$46,$B$26:$B$46,$M104,$E$26:$E$46,"%") -> 0 | Q106: =SUMIFS(I$26:I$46,$B$26:$B$46,$M104,$E$26:$E$46,"%") -> 0 | R106: =SUMIFS(J$26:J$46,$B$26:$B$46,$M104,$E$26:$E$46,"%") -> 0
M107: KWh | N107: =SUMIFS(F$26:F$46,$B$26:$B$46,$M104,$E$26:$E$46,"KWh") -> 0 | O107: =SUMIFS(G$26:G$46,$B$26:$B$46,$M104,$E$26:$E$46,"KWh") -> 0 | P107: =SUMIFS(H$26:H$46,$B$26:$B$46,$M104,$E$26:$E$46,"KWh") -> 0 | Q107: =SUMIFS(I$26:I$46,$B$26:$B$46,$M104,$E$26:$E$46,"KWh") -> 0 | R107: =SUMIFS(J$26:J$46,$B$26:$B$46,$M104,$E$26:$E$46,"KWh") -> 0
M109: =C_Lists!AF22 -> 0
N110: 2023 | O110: 2024 | P110: 2025 | Q110: 2026 | R110: 2027
M111: % | N111: =SUMIFS(F$26:F$46,$B$26:$B$46,$M109,$E$26:$E$46,"%") -> 0 | O111: =SUMIFS(G$26:G$46,$B$26:$B$46,$M109,$E$26:$E$46,"%") -> 0 | P111: =SUMIFS(H$26:H$46,$B$26:$B$46,$M109,$E$26:$E$46,"%") -> 0 | Q111: =SUMIFS(I$26:I$46,$B$26:$B$46,$M109,$E$26:$E$46,"%") -> 0 | R111: =SUMIFS(J$26:J$46,$B$26:$B$46,$M109,$E$26:$E$46,"%") -> 0
M112: KWh | N112: =SUMIFS(F$26:F$46,$B$26:$B$46,$M109,$E$26:$E$46,"KWh") -> 0 | O112: =SUMIFS(G$26:G$46,$B$26:$B$46,$M109,$E$26:$E$46,"KWh") -> 0 | P112: =SUMIFS(H$26:H$46,$B$26:$B$46,$M109,$E$26:$E$46,"KWh") -> 0 | Q112: =SUMIFS(I$26:I$46,$B$26:$B$46,$M109,$E$26:$E$46,"KWh") -> 0 | R112: =SUMIFS(J$26:J$46,$B$26:$B$46,$M109,$E$26:$E$46,"KWh") -> 0
M114: =C_Lists!AF23 -> 0
N115: 2023 | O115: 2024 | P115: 2025 | Q115: 2026 | R115: 2027
M116: % | N116: =SUMIFS(F$26:F$46,$B$26:$B$46,$M114,$E$26:$E$46,"%") -> 0 | O116: =SUMIFS(G$26:G$46,$B$26:$B$46,$M114,$E$26:$E$46,"%") -> 0 | P116: =SUMIFS(H$26:H$46,$B$26:$B$46,$M114,$E$26:$E$46,"%") -> 0 | Q116: =SUMIFS(I$26:I$46,$B$26:$B$46,$M114,$E$26:$E$46,"%") -> 0 | R116: =SUMIFS(J$26:J$46,$B$26:$B$46,$M114,$E$26:$E$46,"%") -> 0
M117: KWh | N117: =SUMIFS(F$26:F$46,$B$26:$B$46,$M114,$E$26:$E$46,"KWh") -> 0 | O117: =SUMIFS(G$26:G$46,$B$26:$B$46,$M114,$E$26:$E$46,"KWh") -> 0 | P117: =SUMIFS(H$26:H$46,$B$26:$B$46,$M114,$E$26:$E$46,"KWh") -> 0 | Q117: =SUMIFS(I$26:I$46,$B$26:$B$46,$M114,$E$26:$E$46,"KWh") -> 0 | R117: =SUMIFS(J$26:J$46,$B$26:$B$46,$M114,$E$26:$E$46,"KWh") -> 0
M119: =C_Lists!AF24 -> 0
N120: 2023 | O120: 2024 | P120: 2025 | Q120: 2026 | R120: 2027
M121: % | N121: =SUMIFS(F$26:F$46,$B$26:$B$46,$M119,$E$26:$E$46,"%") -> 0 | O121: =SUMIFS(G$26:G$46,$B$26:$B$46,$M119,$E$26:$E$46,"%") -> 0 | P121: =SUMIFS(H$26:H$46,$B$26:$B$46,$M119,$E$26:$E$46,"%") -> 0 | Q121: =SUMIFS(I$26:I$46,$B$26:$B$46,$M119,$E$26:$E$46,"%") -> 0 | R121: =SUMIFS(J$26:J$46,$B$26:$B$46,$M119,$E$26:$E$46,"%") -> 0
...

Sheet I_Energy Procurement
B2: PROCUREMENT PLAN
AN3: Workings - do not amend
B5: PURCHASING SUMMARY | AV5: 1 sep 26
AU6: f25: | AV6: =F25 -> 46997
C7: =I_Baseline!C4+1 -> 2024 | D7: =C7+1 -> 2025 | E7: =D7+1 -> 2026 | F7: =E7+1 -> 2027 | G7: =F7+1 -> 2028 | AR7: =IF(AND(AR11=1,AR13=0)=TRUE,1,0) -> 0
AR8: =EDATE(DATE(I_Baseline!$C$4,1,1),12) -> 45292 | AT8: =AR9 -> 45658 | AV8: =AT9 -> 46023 | AX8: =AV9 -> 46388 | AZ8: =AX9 -> 46753
B9: Net Energy requirement to be purchased | C9: ='C_Projection '!H162 -> 22956.55 | D9: ='C_Projection '!I162 -> 24751.81 | E9: ='C_Projection '!J162 -> 28239.862 | F9: ='C_Projection '!K162 -> 29418.426 | G9: ='C_Projection '!L162 -> 31380.211 | AR9: =EDATE(AR8,12) -> 45658 | AT9: =EDATE(AT8,12) -> 46023 | AV9: =EDATE(AV8,12) -> 46388 | AX9: =EDATE(AX8,12) -> 46753 | AZ9: =EDATE(AZ8,12) -> 47119
AN10: 25 | AO10: is contract start date after the end of relevant year? | AR10: =IF($E$25>=$AR$9,1,0) -> 1 | AT10: =IF($E$25>=AT$9,1,0) -> 1 | AV10: =IF($E$25>=AV$9,1,0) -> 0 | AX10: =IF($E$25>=AX$9,1,0) -> 0 | AZ10: =IF($E$25>=AZ$9,1,0) -> 0
B11: Energy purchased via PPA | C11: =-V35 -> -450000 | D11: =-W35 -> -223150.68 | E11: =-X35 -> -29315.068 | F11: =-Y35 -> -50000 | G11: =-Z35 -> -33424.658 | AO11: is contract start date before beginning of relevant year? | AR11: =IF($E$25<=$AR$8,1,0) -> 0 | AT11: =IF($E$25<=AT$8,1,0) -> 0 | AV11: =IF($E$25<=AV$8,1,0) -> 0 | AX11: =IF($E$25<=AX$8,1,0) -> 1 | AZ11: =IF($E$25<=AZ$8,1,0) -> 1
AO12: is contract end date before beginning of relevant year | AR12: =IF($F$25<=$AR$8,1,0) -> 0 | AT12: =IF($F$25<=AT$8,1,0) -> 0 | AV12: =IF($F$25<=AV$8,1,0) -> 0 | AX12: =IF($F$25<=AX$8,1,0) -> 0 | AZ12: =IF($F$25<=AZ$8,1,0) -> 0
B13: Energy purchased via Supply Agreement | C13: =-V61 -> -157500 | D13: =-W61 -> -157068.49 | E13: =-X61 -> 0 | F13: =-Y61 -> 0 | G13: =-Z61 -> 0 | AO13: is contract end date before end of relevant year? | AR13: =IF($F$25<=$AR$9,1,0) -> 0 | AT13: =IF($F$25<=AT$9,1,0) -> 0 | AV13: =IF($F$25<=AV$9,1,0) -> 0 | AX13: =IF($F$25<=AX$9,1,0) -> 0 | AZ13: =IF($F$25<=AZ$9,1,0) -> 1
AR14: Scen | AS14: Value | AT14: Scen | AU14: Value | AV14: Scen | AW14: Value | AX14: Scen | AY14: Value | AZ14: Scen | BA14: Value
B15: Net Variance | C15: =SUM(C9:C13) -> -584543.45 | D15: =SUM(D9:D13) -> -355467.37 | E15: =SUM(E9:E13) -> -1075.2064 | F15: =SUM(F9:F13) -> -20581.574 | G15: =SUM(G9:G13) -> -2044.447 | AP15: scenario 1 | AR15: =IF(AND(AR11=1,AR13=0)=TRUE,1,0) -> 0 | AS15: 1 | AT15: =IF(AND(AT11=1,AT13=0)=TRUE,1,0) -> 0 | AU15: 1 | AV15: =IF(AND(AV11=1,AV13=0)=TRUE,1,0) -> 0 | AW15: 1 | AX15: =IF(AND(AX11=1,AX13=0)=TRUE,1,0) -> 1 | AY15: 1 | AZ15: =IF(AND(AZ11=1,AZ13=0)=TRUE,1,0) -> 0 | BA15: 1
AP16: scenario 5,6 | AR16: =IF(AND(AR11=1,AR12=1,AR13=1),1,0)+AR10 -> 1 | AS16: 0 | AT16: =IF(AND(AT11=1,AT12=1,AT13=1),1,0)+AT10 -> 1 | AU16: 0 | AV16: =IF(AND(AV11=1,AV12=1,AV13=1),1,0)+AV10 -> 0 | AW16: 0 | AX16: =IF(AND(AX11=1,AX12=1,AX13=1),1,0)+AX10 -> 0 | AY16: 0 | AZ16: =IF(AND(AZ11=1,AZ12=1,AZ13=1),1,0)+AZ10 -> 0 | BA16: 0
AP17: senario 2 | AR17: =IF(AND(AR11=1,AR12=0,AR13=1),1,0) -> 0 | AS17: =($F25-AR$8+1)/365 -> 4.6739726 | AT17: =IF(AND(AT11=1,AT12=0,AT13=1),1,0) -> 0 | AU17: =($F25-AT$8)/365 -> 3.6684932 | AV17: =IF(AND(AV11=1,AV12=0,AV13=1),1,0) -> 0 | AW17: =($F25-AV$8)/365 -> 2.6684932 | AX17: =IF(AND(AX11=1,AX12=0,AX13=1),1,0) -> 0 | AY17: =($F25-AX$8)/365 -> 1.6684932 | AZ17: =IF(AND(AZ11=1,AZ12=0,AZ13=1),1,0) -> 1 | BA17: =($F25-AZ$8)/365 -> 0.66849315
B18: Please insert all the relevant information in the yellow and green cells in the tables below. Please do not change any of the other cells. | AP18: scenario 3 | AR18: =IF(AND(AR10=0,AR11=0,AR13=0),1,0) -> 0 | AS18: =(AR$9-$E25)/365 -> -1.4136986 | AT18: =IF(AND(AT10=0,AT11=0,AT13=0),1,0) -> 0 | AU18: =(AT$9-$E25)/365 -> -0.41369863 | AV18: =IF(AND(AV10=0,AV11=0,AV13=0),1,0) -> 1 | AW18: =(AV$9-$E25)/365 -> 0.58630137 | AX18: =IF(AND(AX10=0,AX11=0,AX13=0),1,0) -> 0 | AY18: =(AX$9-$E25)/365 -> 1.5863014 | AZ18: =IF(AND(AZ10=0,AZ11=0,AZ13=0),1,0) -> 0 | BA18: =(AZ$9-$E25)/365 -> 2.5890411
AP19: scenario 4 | AR19: =IF(AND(AR11=0,AR13=1),1,0) -> 0 | AS19: =(F25-$E25)/365 -> 2.2547945 | AT19: =IF(AND(AT11=0,AT13=1),1,0) -> 0 | AU19: =($F25-$E25)/365 -> 2.2547945 | AV19: =IF(AND(AV11=0,AV13=1),1,0) -> 0 | AW19: =($F25-$E25)/365 -> 2.2547945 | AX19: =IF(AND(AX11=0,AX13=1),1,0) -> 0 | AY19: =($F25-$E25)/365 -> 2.2547945 | AZ19: =IF(AND(AZ11=0,AZ13=1),1,0) -> 0 | BA19: =($F25-$E25)/365 -> 2.2547945
C20: Supply Agreement purchase exceeds minimum consumption tolerance
C21: =-C13>=AB61 -> TRUE | D21: =-D13>=AC61 -> TRUE | E21: =-E13>=AD61 -> TRUE | F21: =-F13>=AE61 -> TRUE | G21: =-G13>=AF61 -> TRUE | AN21: 26 | AO21: is contract start date after the end of relevant year? | AR21: =IF($E$26>=$AR$9,1,0) -> 0 | AT21: =IF($E$26>=AT$9,1,0) -> 0 | AV21: =IF($E$26>=AV$9,1,0) -> 0 | AX21: =IF($E$26>=AX$9,1,0) -> 0 | AZ21: =IF($E$26>=AZ$9,1,0) -> 0
B22: Procurement via PPA | AO22: is contract start date before beginning of relevant year? | AR22: =IF($E$26<=$AR$8,1,0) -> 1 | AT22: =IF($E$26<=AT$8,1,0) -> 1 | AV22: =IF($E$26<=AV$8,1,0) -> 1 | AX22: =IF($E$26<=AX$8,1,0) -> 1 | AZ22: =IF($E$26<=AZ$8,1,0) -> 1
G23: Power purchased | P23: Year Flags - linked to contract dates | V23: Power purchased | AO23: is contract end date before beginning of relevant year | AR23: =IF($F$26<=$AR$8,1,0) -> 0 | AT23: =IF($F$26<=AT$8,1,0) -> 0 | AV23: =IF($F$26<=AV$8,1,0) -> 1 | AX23: =IF($F$26<=AX$8,1,0) -> 1 | AZ23: =IF($F$26<=AZ$8,1,0) -> 1
B24: Power Purchase Agreement | C24: Technology | D24: Total (kWh) | E24: Contract Start Date | F24: Contract End Date | G24: =V24 -> 2024 | H24: =W24 -> 2025 | I24: =X24 -> 2026 | J24: =Y24 -> 2027 | K24: =Z24 -> 2028 | P24: =I_Baseline!C4+1 -> 2024 | Q24: =P24+1 -> 2025 | R24: =Q24+1 -> 2026 | S24: =R24+1 -> 2027 | T24: =S24+1 -> 2028 | V24: =P24 -> 2024 | W24: =Q24 -> 2025 | X24: =R24 -> 2026 | Y24: =S24 -> 2027 | Z24: =T24 -> 2028 | AO24: is contract end date before end of relevant year? | AR24: =IF($F$26<=$AR$9,1,0) -> 0 | AT24: =IF($F$26<=AT$9,1,0) -> 1 | AV24: =IF($F$26<=AV$9,1,0) -> 1 | AX24: =IF($F$26<=AX$9,1,0) -> 1 | AZ24: =IF($F$26<=AZ$9,1,0) -> 1
B25: =I_Baseline!B57 -> PPA Number One | C25: =IF(I_Baseline!C57=0,"",I_Baseline!C57) -> Onshore Wind | D25: =IF(I_Baseline!D57=0,"",I_Baseline!D57) -> 50000 | E25: 46174 | F25: 46997 | G25: =V25 -> 0 | H25: =W25 -> 0 | I25: =X25 -> 29315.068 | J25: =Y25 -> 50000 | K25: =Z25 -> 33424.658 | P25: =SUMPRODUCT(AR$15:AR$19,AS$15:AS$19) -> 0 | Q25: =SUMPRODUCT(AT$15:AT$19,AU$15:AU$19) -> 0 | R25: =SUMPRODUCT(AV$15:AV$19,AW$15:AW$19) -> 0.58630137 | S25: =SUMPRODUCT(AX$15:AX$19,AY$15:AY$19) -> 1 | T25: =SUMPRODUCT(AZ$15:AZ$19,BA$15:BA$19) -> 0.66849315 | V25: =IFERROR(P25*$D25,"") -> 0 | W25: =IFERROR(Q25*$D25,"") -> 0 | X25: =IFERROR(R25*$D25,"") -> 29315.068 | Y25: =IFERROR(S25*$D25,"") -> 50000 | Z25: =IFERROR(T25*$D25,"") -> 33424.658 | AR25: Scen | AS25: Value | AT25: Scen | AU25: Value | AV25: Scen | AW25: Value | AX25: Scen | AY25: Value | AZ25: Scen | BA25: Value
B26: =I_Baseline!B58 -> PPA 2 | C26: =IF(I_Baseline!C58=0,"",I_Baseline!C58) -> Onshore Wind | D26: =IF(I_Baseline!D58=0,"",I_Baseline!D58) -> 50000 | E26: =IF(I_Baseline!E58=0,"",I_Baseline!E58) -> 45078 | F26: =IF(I_Baseline!F58=0,"",I_Baseline!F58) -> 45839 | G26: =V26 -> 50000 | H26: =W26 -> 24794.521 | I26: =X26 -> 0 | J26: =Y26 -> 0 | K26: =Z26 -> 0 | P26: =SUMPRODUCT(AR$26:AR$30,AS$26:AS$30) -> 1 | Q26: =SUMPRODUCT(AT$26:AT$30,AU$26:AU$30) -> 0.49589041 | R26: =SUMPRODUCT(AV$26:AV$30,AW$26:AW$30) -> 0 | S26: =SUMPRODUCT(AX$26:AX$30,AY$26:AY$30) -> 0 | T26: =SUMPRODUCT(AZ$26:AZ$30,BA$26:BA$30) -> 0 | V26: =IFERROR(P26*$D26,"") -> 50000 | W26: =IFERROR(Q26*$D26,"") -> 24794.521 | X26: =IFERROR(R26*$D26,"") -> 0 | Y26: =IFERROR(S26*$D26,"") -> 0 | Z26: =IFERROR(T26*$D26,"") -> 0 | AP26: scenario 1 | AR26: =IF(AND(AR22=1,AR24=0)=TRUE,1,0) -> 1 | AS26: 1 | AT26: =IF(AND(AT22=1,AT24=0)=TRUE,1,0) -> 0 | AU26: 1 | AV26: =IF(AND(AV22=1,AV24=0)=TRUE,1,0) -> 0 | AW26: 1 | AX26: =IF(AND(AX22=1,AX24=0)=TRUE,1,0) -> 0 | AY26: 1 | AZ26: =IF(AND(AZ22=1,AZ24=0)=TRUE,1,0) -> 0 | BA26: 1
B27: =I_Baseline!B59 -> PPA3 | C27: =IF(I_Baseline!C59=0,"",I_Baseline!C59) -> Onshore Wind | D27: =IF(I_Baseline!D59=0,"",I_Baseline!D59) -> 50000 | E27: =IF(I_Baseline!E59=0,"",I_Baseline!E59) -> 45078 | F27: =IF(I_Baseline!F59=0,"",I_Baseline!F59) -> 45839 | G27: =V27 -> 50000 | H27: =W27 -> 24794.521 | I27: =X27 -> 0 | J27: =Y27 -> 0 | K27: =Z27 -> 0 | P27: =SUMPRODUCT(AR$37:AR$41,AS$37:AS$41) -> 1 | Q27: =SUMPRODUCT(AT$37:AT$41,AU$37:AU$41) -> 0.49589041 | R27: =SUMPRODUCT(AV$37:AV$41,AW$37:AW$41) -> 0 | S27: =SUMPRODUCT(AX$37:AX$41,AY$37:AY$41) -> 0 | T27: =SUMPRODUCT(AZ$37:AZ$41,BA$37:BA$41) -> 0 | V27: =IFERROR(P27*$D27,"") -> 50000 | W27: =IFERROR(Q27*$D27,"") -> 24794.521 | X27: =IFERROR(R27*$D27,"") -> 0 | Y27: =IFERROR(S27*$D27,"") -> 0 | Z27: =IFERROR(T27*$D27,"") -> 0 | AP27: scenario 5,6 | AR27: =IF(AND(AR22=1,AR23=1,AR24=1),1,0)+AR21 -> 0 | AS27: 0 | AT27: =IF(AND(AT22=1,AT23=1,AT24=1),1,0)+AT21 -> 0 | AU27: 0 | AV27: =IF(AND(AV22=1,AV23=1,AV24=1),1,0)+AV21 -> 1 | AW27: 0 | AX27: =IF(AND(AX22=1,AX23=1,AX24=1),1,0)+AX21 -> 1 | AY27: 0 | AZ27: =IF(AND(AZ22=1,AZ23=1,AZ24=1),1,0)+AZ21 -> 1 | BA27: 0
B28: =I_Baseline!B60 -> PPA4 | C28: =IF(I_Baseline!C60=0,"",I_Baseline!C60) -> Onshore Wind | D28: =IF(I_Baseline!D60=0,"",I_Baseline!D60) -> 50000 | E28: =IF(I_Baseline!E60=0,"",I_Baseline!E60) -> 45078 | F28: =IF(I_Baseline!F60=0,"",I_Baseline!F60) -> 45839 | G28: =V28 -> 50000 | H28: =W28 -> 24794.521 | I28: =X28 -> 0 | J28: =Y28 -> 0 | K28: =Z28 -> 0 | P28: =SUMPRODUCT(AR$48:AR$52,AS$48:AS$52) -> 1 | Q28: =SUMPRODUCT(AT$48:AT$52,AU$48:AU$52) -> 0.49589041 | R28: =SUMPRODUCT(AV$48:AV$52,AW$48:AW$52) -> 0 | S28: =SUMPRODUCT(AX$48:AX$52,AY$48:AY$52) -> 0 | T28: =SUMPRODUCT(AZ$48:AZ$52,BA$48:BA$52) -> 0 | V28: =IFERROR(P28*$D28,"") -> 50000 | W28: =IFERROR(Q28*$D28,"") -> 24794.521 | X28: =IFERROR(R28*$D28,"") -> 0 | Y28: =IFERROR(S28*$D28,"") -> 0 | Z28: =IFERROR(T28*$D28,"") -> 0 | AP28: senario 2 | AR28: =IF(AND(AR22=1,AR23=0,AR24=1),1,0) -> 0 | AS28: =($F26-AR$8+1)/365 -> 1.5013699 | AT28: =IF(AND(AT22=1,AT23=0,AT24=1),1,0) -> 1 | AU28: =($F26-AT$8)/365 -> 0.49589041 | AV28: =IF(AND(AV22=1,AV23=0,AV24=1),1,0) -> 0 | AW28: =($F26-AV$8)/365 -> -0.50410959 | AX28: =IF(AND(AX22=1,AX23=0,AX24=1),1,0) -> 0 | AY28: =($F26-AX$8)/365 -> -1.5041096 | AZ28: =IF(AND(AZ22=1,AZ23=0,AZ24=1),1,0) -> 0 | BA28: =($F26-AZ$8)/365 -> -2.5041096
B29: =I_Baseline!B61 -> PPA5 | C29: =IF(I_Baseline!C61=0,"",I_Baseline!C61) -> Onshore Wind | D29: =IF(I_Baseline!D61=0,"",I_Baseline!D61) -> 50000 | E29: =IF(I_Baseline!E61=0,"",I_Baseline!E61) -> 45078 | F29: =IF(I_Baseline!F61=0,"",I_Baseline!F61) -> 45839 | G29: =V29 -> 50000 | H29: =W29 -> 24794.521 | I29: =X29 -> 0 | J29: =Y29 -> 0 | K29: =Z29 -> 0 | P29: =SUMPRODUCT(AR$59:AR$63,AS$59:AS$63) -> 1 | Q29: =SUMPRODUCT(AT$59:AT$63,AU$59:AU$63) -> 0.49589041 | R29: =SUMPRODUCT(AV$59:AV$63,AW$59:AW$63) -> 0 | S29: =SUMPRODUCT(AX$59:AX$63,AY$59:AY$63) -> 0 | T29: =SUMPRODUCT(AZ$59:AZ$63,BA$59:BA$63) -> 0 | V29: =IFERROR(P29*$D29,"") -> 50000 | W29: =IFERROR(Q29*$D29,"") -> 24794.521 | X29: =IFERROR(R29*$D29,"") -> 0 | Y29: =IFERROR(S29*$D29,"") -> 0 | Z29: =IFERROR(T29*$D29,"") -> 0 | AP29: scenario 3 | AR29: =IF(AND(AR21=0,AR22=0,AR24=0),1,0) -> 0 | AS29: =(AR$9-$E26)/365 -> 1.5890411 | AT29: =IF(AND(AT21=0,AT22=0,AT24=0),1,0) -> 0 | AU29: =(AT$9-$E26)/365 -> 2.5890411 | AV29: =IF(AND(AV21=0,AV22=0,AV24=0),1,0) -> 0 | AW29: =(AV$9-$E26)/365 -> 3.5890411 | AX29: =IF(AND(AX21=0,AX22=0,AX24=0),1,0) -> 0 | AY29: =(AX$9-$E26)/365 -> 4.5890411 | AZ29: =IF(AND(AZ21=0,AZ22=0,AZ24=0),1,0) -> 0 | BA29: =(AZ$9-$E26)/365 -> 5.5917808
B30: [Insert name of PPA] | C30: Onshore Wind | D30: 50000 | E30: 45078 | F30: 45839 | G30: =V30 -> 50000 | H30: =W30 -> 24794.521 | I30: =X30 -> 0 | J30: =Y30 -> 0 | K30: =Z30 -> 0 | P30: =SUMPRODUCT(AR$70:AR$74,AS$70:AS$74) -> 1 | Q30: =SUMPRODUCT(AT$70:AT$74,AU$70:AU$74) -> 0.49589041 | R30: =SUMPRODUCT(AV$70:AV$74,AW$70:AW$74) -> 0 | S30: =SUMPRODUCT(AX$70:AX$74,AY$70:AY$74) -> 0 | T30: =SUMPRODUCT(AZ$70:AZ$74,BA$70:BA$74) -> 0 | V30: =IFERROR(P30*$D30,"") -> 50000 | W30: =IFERROR(Q30*$D30,"") -> 24794.521 | X30: =IFERROR(R30*$D30,"") -> 0 | Y30: =IFERROR(S30*$D30,"") -> 0 | Z30: =IFERROR(T30*$D30,"") -> 0 | AP30: scenario 4 | AR30: =IF(AND(AR22=0,AR24=1),1,0) -> 0 | AS30: =(F26-$E26)/365 -> 2.0849315 | AT30: =IF(AND(AT22=0,AT24=1),1,0) -> 0 | AU30: =($F26-$E26)/365 -> 2.0849315 | AV30: =IF(AND(AV22=0,AV24=1),1,0) -> 0 | AW30: =($F26-$E26)/365 -> 2.0849315 | AX30: =IF(AND(AX22=0,AX24=1),1,0) -> 0 | AY30: =($F26-$E26)/365 -> 2.0849315 | AZ30: =IF(AND(AZ22=0,AZ24=1),1,0) -> 0 | BA30: =($F26-$E26)/365 -> 2.0849315
B31: [Insert name of PPA] | C31: Onshore Wind | D31: 50000 | E31: 45078 | F31: 45839 | G31: =V31 -> 50000 | H31: =W31 -> 24794.521 | I31: =X31 -> 0 | J31: =Y31 -> 0 | K31: =Z31 -> 0 | P31: =SUMPRODUCT(AR$81:AR$85,AS$81:AS$85) -> 1 | Q31: =SUMPRODUCT(AT$81:AT$85,AU$81:AU$85) -> 0.49589041 | R31: =SUMPRODUCT(AV$81:AV$85,AW$81:AW$85) -> 0 | S31: =SUMPRODUCT(AX$81:AX$85,AY$81:AY$85) -> 0 | T31: =SUMPRODUCT(AZ$81:AZ$85,BA$81:BA$85) -> 0 | V31: =IFERROR(P31*$D31,"") -> 50000 | W31: =IFERROR(Q31*$D31,"") -> 24794.521 | X31: =IFERROR(R31*$D31,"") -> 0 | Y31: =IFERROR(S31*$D31,"") -> 0 | Z31: =IFERROR(T31*$D31,"") -> 0
B32: [Insert name of PPA] | C32: Onshore Wind | D32: 50000 | E32: 45078 | F32: 45839 | G32: =V32 -> 50000 | H32: =W32 -> 24794.521 | I32: =X32 -> 0 | J32: =Y32 -> 0 | K32: =Z32 -> 0 | P32: =SUMPRODUCT(AR$92:AR$96,AS$92:AS$96) -> 1 | Q32: =SUMPRODUCT(AT$92:AT$96,AU$92:AU$96) -> 0.49589041 | R32: =SUMPRODUCT(AV$92:AV$96,AW$92:AW$96) -> 0 | S32: =SUMPRODUCT(AX$92:AX$96,AY$92:AY$96) -> 0 | T32: =SUMPRODUCT(AZ$92:AZ$96,BA$92:BA$96) -> 0 | V32: =IFERROR(P32*$D32,"") -> 50000 | W32: =IFERROR(Q32*$D32,"") -> 24794.521 | X32: =IFERROR(R32*$D32,"") -> 0 | Y32: =IFERROR(S32*$D32,"") -> 0 | Z32: =IFERROR(T32*$D32,"") -> 0 | AN32: 27 | AO32: is contract start date after the end of relevant year? | AR32: =IF($E$27>=$AR$9,1,0) -> 0 | AT32: =IF($E$27>=AT$9,1,0) -> 0 | AV32: =IF($E$27>=AV$9,1,0) -> 0 | AX32: =IF($E$27>=AX$9,1,0) -> 0 | AZ32: =IF($E$27>=AZ$9,1,0) -> 0
B33: [Insert name of PPA] | C33: Onshore Wind | D33: 50000 | E33: 45078 | F33: 45839 | G33: =V33 -> 50000 | H33: =W33 -> 24794.521 | I33: =X33 -> 0 | J33: =Y33 -> 0 | K33: =Z33 -> 0 | P33: =SUMPRODUCT(AR$103:AR$107,AS$103:AS$107) -> 1 | Q33: =SUMPRODUCT(AT$103:AT$107,AU$103:AU$107) -> 0.49589041 | R33: =SUMPRODUCT(AV$103:AV$107,AW$103:AW$107) -> 0 | S33: =SUMPRODUCT(AX$103:AX$107,AY$103:AY$107) -> 0 | T33: =SUMPRODUCT(AZ$103:AZ$107,BA$103:BA$107) -> 0 | V33: =IFERROR(P33*$D33,"") -> 50000 | W33: =IFERROR(Q33*$D33,"") -> 24794.521 | X33: =IFERROR(R33*$D33,"") -> 0 | Y33: =IFERROR(S33*$D33,"") -> 0 | Z33: =IFERROR(T33*$D33,"") -> 0 | AO33: is contract start date before beginning of relevant year? | AR33: =IF($E$27<=$AR$8,1,0) -> 1 | AT33: =IF($E$27<=AT$8,1,0) -> 1 | AV33: =IF($E$27<=AV$8,1,0) -> 1 | AX33: =IF($E$27<=AX$8,1,0) -> 1 | AZ33: =IF($E$27<=AZ$8,1,0) -> 1
B34: [Insert name of PPA] | C34: Onshore Wind | D34: 50000 | E34: 45078 | F34: 45839 | G34: =V34 -> 50000 | H34: =W34 -> 24794.521 | I34: =X34 -> 0 | J34: =Y34 -> 0 | K34: =Z34 -> 0 | P34: =SUMPRODUCT(AR$114:AR$118,AS$114:AS$118) -> 1 | Q34: =SUMPRODUCT(AT$114:AT$118,AU$114:AU$118) -> 0.49589041 | R34: =SUMPRODUCT(AV$114:AV$118,AW$114:AW$118) -> 0 | S34: =SUMPRODUCT(AX$114:AX$118,AY$114:AY$118) -> 0 | T34: =SUMPRODUCT(AZ$114:AZ$118,BA$114:BA$118) -> 0 | V34: =IFERROR(P34*$D34,"") -> 50000 | W34: =IFERROR(Q34*$D34,"") -> 24794.521 | X34: =IFERROR(R34*$D34,"") -> 0 | Y34: =IFERROR(S34*$D34,"") -> 0 | Z34: =IFERROR(T34*$D34,"") -> 0 | AO34: is contract end date before beginning of relevant year | AR34: =IF($F$27<=$AR$8,1,0) -> 0 | AT34: =IF($F$27<=AT$8,1,0) -> 0 | AV34: =IF($F$27<=AV$8,1,0) -> 1 | AX34: =IF($F$27<=AX$8,1,0) -> 1 | AZ34: =IF($F$27<=AZ$8,1,0) -> 1
B35: Power Purchase Agreement Total | D35: =SUM(D25:D34) -> 500000 | G35: =SUM(G25:G34) -> 450000 | H35: =SUM(H25:H34) -> 223150.68 | I35: =SUM(I25:I34) -> 29315.068 | J35: =SUM(J25:J34) -> 50000 | K35: =SUM(K25:K34) -> 33424.658 | V35: =SUM(V25:V34) -> 450000 | W35: =SUM(W25:W34) -> 223150.68 | X35: =SUM(X25:X34) -> 29315.068 | Y35: =SUM(Y25:Y34) -> 50000 | Z35: =SUM(Z25:Z34) -> 33424.658 | AO35: is contract end date before end of relevant year? | AR35: =IF($F$27<=$AR$9,1,0) -> 0 | AT35: =IF($F$27<=AT$9,1,0) -> 1 | AV35: =IF($F$27<=AV$9,1,0) -> 1 | AX35: =IF($F$27<=AX$9,1,0) -> 1 | AZ35: =IF($F$27<=AZ$9,1,0) -> 1
AR36: Scen | AS36: Value | AT36: Scen | AU36: Value | AV36: Scen | AW36: Value | AX36: Scen | AY36: Value | AZ36: Scen | BA36: Value
AP37: scenario 1 | AR37: =IF(AND(AR33=1,AR35=0)=TRUE,1,0) -> 1 | AS37: 1 | AT37: =IF(AND(AT33=1,AT35=0)=TRUE,1,0) -> 0 | AU37: 1 | AV37: =IF(AND(AV33=1,AV35=0)=TRUE,1,0) -> 0 | AW37: 1 | AX37: =IF(AND(AX33=1,AX35=0)=TRUE,1,0) -> 0 | AY37: 1 | AZ37: =IF(AND(AZ33=1,AZ35=0)=TRUE,1,0) -> 0 | BA37: 1
B38: Procurement via Electricity Supply Agreement | AP38: scenario 5,6 | AR38: =IF(AND(AR33=1,AR34=1,AR35=1),1,0)+AR32 -> 0 | AS38: 0 | AT38: =IF(AND(AT33=1,AT34=1,AT35=1),1,0)+AT32 -> 0 | AU38: 0 | AV38: =IF(AND(AV33=1,AV34=1,AV35=1),1,0)+AV32 -> 1 | AW38: 0 | AX38: =IF(AND(AX33=1,AX34=1,AX35=1),1,0)+AX32 -> 1 | AY38: 0 | AZ38: =IF(AND(AZ33=1,AZ34=1,AZ35=1),1,0)+AZ32 -> 1 | BA38: 0
K39: Power purchased | P39: Year Flags - linked to contract dates | V39: Power purchased | AB39: Minimum Tolerance | AH39: Maximum Tolerance | AP39: senario 2 | AR39: =IF(AND(AR33=1,AR34=0,AR35=1),1,0) -> 0 | AS39: =($F27-AR$8+1)/365 -> 1.5013699 | AT39: =IF(AND(AT33=1,AT34=0,AT35=1),1,0) -> 1 | AU39: =($F27-AT$8)/365 -> 0.49589041 | AV39: =IF(AND(AV33=1,AV34=0,AV35=1),1,0) -> 0 | AW39: =($F27-AV$8)/365 -> -0.50410959 | AX39: =IF(AND(AX33=1,AX34=0,AX35=1),1,0) -> 0 | AY39: =($F27-AX$8)/365 -> -1.5041096 | AZ39: =IF(AND(AZ33=1,AZ34=0,AZ35=1),1,0) -> 0 | BA39: =($F27-AZ$8)/365 -> -2.5041096
B40: Electricity Supply Agreement | C40: Type of supply | D40: Total (kWh) | E40: Minimum Supply (kWh) | F40: Consumption tolerance (%) | G40: Contract Start Date | H40: Contract End Date | I40: Min Consumption | J40: Max Consumption | K40: =V40 -> 2024 | L40: =W40 -> 2025 | M40: =X40 -> 2026 | N40: =Y40 -> 2027 | O40: =Z40 -> 2028 | P40: =P24 -> 2024 | Q40: =Q24 -> 2025 | R40: =R24 -> 2026 | S40: =S24 -> 2027 | T40: =T24 -> 2028 | V40: =V24 -> 2024 | W40: =W24 -> 2025 | X40: =X24 -> 2026 | Y40: =Y24 -> 2027 | Z40: =Z24 -> 2028 | AB40: =P40 -> 2024 | AC40: =AB40+1 -> 2025 | AD40: =AC40+1 -> 2026 | AE40: =AD40+1 -> 2027 | AF40: =AE40+1 -> 2028 | AH40: =P40 -> 2024 | AI40: =AH40+1 -> 2025 | AJ40: =AI40+1 -> 2026 | AK40: =AJ40+1 -> 2027 | AL40: =AK40+1 -> 2028 | AP40: scenario 3 | AR40: =IF(AND(AR32=0,AR33=0,AR35=0),1,0) -> 0 | AS40: =(AR$9-$E27)/365 -> 1.5890411 | AT40: =IF(AND(AT32=0,AT33=0,AT35=0),1,0) -> 0 | AU40: =(AT$9-$E27)/365 -> 2.5890411 | AV40: =IF(AND(AV32=0,AV33=0,AV35=0),1,0) -> 0 | AW40: =(AV$9-$E27)/365 -> 3.5890411 | AX40: =IF(AND(AX32=0,AX33=0,AX35=0),1,0) -> 0 | AY40: =(AX$9-$E27)/365 -> 4.5890411 | AZ40: =IF(AND(AZ32=0,AZ33=0,AZ35=0),1,0) -> 0 | BA40: =(AZ$9-$E27)/365 -> 5.5917808
B41: =I_Baseline!B66 -> British Gas | C41: =IF(I_Baseline!C66=0,"",I_Baseline!C66) -> Unmetered Supply (UMS) | D41: 7500 | E41: =IF(I_Baseline!E66=0,"",I_Baseline!E66) -> 7000 | F41: =IF(I_Baseline!F66=0,"",I_Baseline!F66) -> 0.2 | G41: =IF(I_Baseline!G66=0,"",I_Baseline!G66) -> 44562 | H41: =IF(I_Baseline!H66=0,"",I_Baseline!H66) -> 46022 | I41: =IFERROR(E41*(1-F41),"") -> 5600 | J41: =IFERROR(E41*(1+F41),"") -> 8400 | K41: =V41 -> 7500 | L41: =W41 -> 7479.4521 | M41: =X41 -> 0 | N41: =Y41 -> 0 | O41: =Z41 -> 0 | P41: =SUMPRODUCT(AR$125:AR$129,AS$125:AS$129) -> 1 | Q41: =SUMPRODUCT(AT$125:AT$129,AU$125:AU$129) -> 0.99726027 | R41: =SUMPRODUCT(AV$125:AV$129,AW$125:AW$129) -> 0 | S41: =SUMPRODUCT(AX$125:AX$129,AY$125:AY$129) -> 0 | T41: =SUMPRODUCT(AZ$125:AZ$129,BA$125:BA$129) -> 0 | V41: =IFERROR(P41*$D41,"") -> 7500 | W41: =IFERROR(Q41*$D41,"") -> 7479.4521 | X41: =IFERROR(R41*$D41,"") -> 0 | Y41: =IFERROR(S41*$D41,"") -> 0 | Z41: =IFERROR(T41*$D41,"") -> 0 | AB41: =IFERROR(P41*($I41),"") -> 5600 | AC41: =IFERROR(Q41*($I41),"") -> 5584.6575 | AD41: =IFERROR(R41*($I41),"") -> 0 | AE41: =IFERROR(S41*($I41),"") -> 0 | AF41: =IFERROR(T41*($I41),"") -> 0 | AH41: =IFERROR($J41*P41,"") -> 8400 | AI41: =IFERROR($J41*Q41,"") -> 8376.9863 | AJ41: =IFERROR($J41*R41,"") -> 0 | AK41: =IFERROR($J41*S41,"") -> 0 | AL41: =IFERROR($J41*T41,"") -> 0 | AP41: scenario 4 | AR41: =IF(AND(AR33=0,AR35=1),1,0) -> 0 | AS41: =(F27-$E27)/365 -> 2.0849315 | AT41: =IF(AND(AT33=0,AT35=1),1,0) -> 0 | AU41: =($F27-$E27)/365 -> 2.0849315 | AV41: =IF(AND(AV33=0,AV35=1),1,0) -> 0 | AW41: =($F27-$E27)/365 -> 2.0849315 | AX41: =IF(AND(AX33=0,AX35=1),1,0) -> 0 | AY41: =($F27-$E27)/365 -> 2.0849315 | AZ41: =IF(AND(AZ33=0,AZ35=1),1,0) -> 0 | BA41: =($F27-$E27)/365 -> 2.0849315
B42: =I_Baseline!B67 -> British Gas | C42: =IF(I_Baseline!C67=0,"",I_Baseline!C67) -> Unmetered Supply (UMS) | D42: 7500 | E42: =IF(I_Baseline!E67=0,"",I_Baseline!E67) -> 7000 | F42: =IF(I_Baseline!F67=0,"",I_Baseline!F67) -> 0.2 | G42: =IF(I_Baseline!G67=0,"",I_Baseline!G67) -> 44562 | H42: =IF(I_Baseline!H67=0,"",I_Baseline!H67) -> 46022 | I42: =IFERROR(E42*(1-F42),"") -> 5600 | J42: =IFERROR(E42*(1+F42),"") -> 8400 | K42: =V42 -> 7500 | L42: =W42 -> 7479.4521 | M42: =X42 -> 0 | N42: =Y42 -> 0 | O42: =Z42 -> 0 | P42: =SUMPRODUCT(AR$136:AR$140,AS$136:AS$140) -> 1 | Q42: =SUMPRODUCT(AT$136:AT$140,AU$136:AU$140) -> 0.99726027 | R42: =SUMPRODUCT(AV$136:AV$140,AW$136:AW$140) -> 0 | S42: =SUMPRODUCT(AX$136:AX$140,AY$136:AY$140) -> 0 | T42: =SUMPRODUCT(AZ$136:AZ$140,BA$136:BA$140) -> 0 | V42: =IFERROR(P42*$D42,"") -> 7500 | W42: =IFERROR(Q42*$D42,"") -> 7479.4521 | X42: =IFERROR(R42*$D42,"") -> 0 | Y42: =IFERROR(S42*$D42,"") -> 0 | Z42: =IFERROR(T42*$D42,"") -> 0 | AB42: =IFERROR(P42*($I42),"") -> 5600 | AC42: =IFERROR(Q42*($I42),"") -> 5584.6575 | AD42: =IFERROR(R42*($I42),"") -> 0 | AE42: =IFERROR(S42*($I42),"") -> 0 | AF42: =IFERROR(T42*($I42),"") -> 0 | AH42: =IFERROR($J42*P42,"") -> 8400 | AI42: =IFERROR($J42*Q42,"") -> 8376.9863 | AJ42: =IFERROR($J42*R42,"") -> 0 | AK42: =IFERROR($J42*S42,"") -> 0 | AL42: =IFERROR($J42*T42,"") -> 0
B43: =I_Baseline!B68 -> British Gas | C43: =IF(I_Baseline!C68=0,"",I_Baseline!C68) -> Unmetered Supply (UMS) | D43: 7500 | E43: =IF(I_Baseline!E68=0,"",I_Baseline!E68) -> 7000 | F43: =IF(I_Baseline!F68=0,"",I_Baseline!F68) -> 0.2 | G43: =IF(I_Baseline!G68=0,"",I_Baseline!G68) -> 44562 | H43: =IF(I_Baseline!H68=0,"",I_Baseline!H68) -> 46022 | I43: =IFERROR(E43*(1-F43),"") -> 5600 | J43: =IFERROR(E43*(1+F43),"") -> 8400 | K43: =V43 -> 7500 | L43: =W43 -> 7479.4521 | M43: =X43 -> 0 | N43: =Y43 -> 0 | O43: =Z43 -> 0 | P43: =SUMPRODUCT(AR$147:AR$151,AS$147:AS$151) -> 1 | Q43: =SUMPRODUCT(AT$147:AT$151,AU$147:AU$151) -> 0.99726027 | R43: =SUMPRODUCT(AV$147:AV$151,AW$147:AW$151) -> 0 | S43: =SUMPRODUCT(AX$147:AX$151,AY$147:AY$151) -> 0 | T43: =SUMPRODUCT(AZ$147:AZ$151,BA$147:BA$151) -> 0 | V43: =IFERROR(P43*$D43,"") -> 7500 | W43: =IFERROR(Q43*$D43,"") -> 7479.4521 | X43: =IFERROR(R43*$D43,"") -> 0 | Y43: =IFERROR(S43*$D43,"") -> 0 | Z43: =IFERROR(T43*$D43,"") -> 0 | AB43: =IFERROR(P43*($I43),"") -> 5600 | AC43: =IFERROR(Q43*($I43),"") -> 5584.6575 | AD43: =IFERROR(R43*($I43),"") -> 0 | AE43: =IFERROR(S43*($I43),"") -> 0 | AF43: =IFERROR(T43*($I43),"") -> 0 | AH43: =IFERROR($J43*P43,"") -> 8400 | AI43: =IFERROR($J43*Q43,"") -> 8376.9863 | AJ43: =IFERROR($J43*R43,"") -> 0 | AK43: =IFERROR($J43*S43,"") -> 0 | AL43: =IFERROR($J43*T43,"") -> 0 | AN43: 28 | AO43: is contract start date after the end of relevant year? | AR43: =IF($E$28>=$AR$9,1,0) -> 0 | AT43: =IF($E$28>=AT$9,1,0) -> 0 | AV43: =IF($E$28>=AV$9,1,0) -> 0 | AX43: =IF($E$28>=AX$9,1,0) -> 0 | AZ43: =IF($E$28>=AZ$9,1,0) -> 0
B44: =I_Baseline!B69 -> British Gas | C44: =IF(I_Baseline!C69=0,"",I_Baseline!C69) -> Unmetered Supply (UMS) | D44: 7500 | E44: =IF(I_Baseline!E69=0,"",I_Baseline!E69) -> 7000 | F44: =IF(I_Baseline!F69=0,"",I_Baseline!F69) -> 0.2 | G44: =IF(I_Baseline!G69=0,"",I_Baseline!G69) -> 44562 | H44: =IF(I_Baseline!H69=0,"",I_Baseline!H69) -> 46022 | I44: =IFERROR(E44*(1-F44),"") -> 5600 | J44: =IFERROR(E44*(1+F44),"") -> 8400 | K44: =V44 -> 7500 | L44: =W44 -> 7479.4521 | M44: =X44 -> 0 | N44: =Y44 -> 0 | O44: =Z44 -> 0 | P44: =SUMPRODUCT(AR$158:AR$162,AS$158:AS$162) -> 1 | Q44: =SUMPRODUCT(AT$158:AT$162,AU$158:AU$162) -> 0.99726027 | R44: =SUMPRODUCT(AV$158:AV$162,AW$158:AW$162) -> 0 | S44: =SUMPRODUCT(AX$158:AX$162,AY$158:AY$162) -> 0 | T44: =SUMPRODUCT(AZ$158:AZ$162,BA$158:BA$162) -> 0 | V44: =IFERROR(P44*$D44,"") -> 7500 | W44: =IFERROR(Q44*$D44,"") -> 7479.4521 | X44: =IFERROR(R44*$D44,"") -> 0 | Y44: =IFERROR(S44*$D44,"") -> 0 | Z44: =IFERROR(T44*$D44,"") -> 0 | AB44: =IFERROR(P44*($I44),"") -> 5600 | AC44: =IFERROR(Q44*($I44),"") -> 5584.6575 | AD44: =IFERROR(R44*($I44),"") -> 0 | AE44: =IFERROR(S44*($I44),"") -> 0 | AF44: =IFERROR(T44*($I44),"") -> 0 | AH44: =IFERROR($J44*P44,"") -> 8400 | AI44: =IFERROR($J44*Q44,"") -> 8376.9863 | AJ44: =IFERROR($J44*R44,"") -> 0 | AK44: =IFERROR($J44*S44,"") -> 0 | AL44: =IFERROR($J44*T44,"") -> 0 | AO44: is contract start date before beginning of relevant year? | AR44: =IF($E$28<=$AR$8,1,0) -> 1 | AT44: =IF($E$28<=AT$8,1,0) -> 1 | AV44: =IF($E$28<=AV$8,1,0) -> 1 | AX44: =IF($E$28<=AX$8,1,0) -> 1 | AZ44: =IF($E$28<=AZ$8,1,0) -> 1
B45: =I_Baseline!B70 -> British Gas | C45: =IF(I_Baseline!C70=0,"",I_Baseline!C70) -> Unmetered Supply (UMS) | D45: 7500 | E45: =IF(I_Baseline!E70=0,"",I_Baseline!E70) -> 7000 | F45: =IF(I_Baseline!F70=0,"",I_Baseline!F70) -> 0.2 | G45: =IF(I_Baseline!G70=0,"",I_Baseline!G70) -> 44562 | H45: =IF(I_Baseline!H70=0,"",I_Baseline!H70) -> 46022 | I45: =IFERROR(E45*(1-F45),"") -> 5600 | J45: =IFERROR(E45*(1+F45),"") -> 8400 | K45: =V45 -> 7500 | L45: =W45 -> 7479.4521 | M45: =X45 -> 0 | N45: =Y45 -> 0 | O45: =Z45 -> 0 | P45: =SUMPRODUCT(AR$169:AR$173,AS$169:AS$173) -> 1 | Q45: =SUMPRODUCT(AT$169:AT$173,AU$169:AU$173) -> 0.99726027 | R45: =SUMPRODUCT(AV$169:AV$173,AW$169:AW$173) -> 0 | S45: =SUMPRODUCT(AX$169:AX$173,AY$169:AY$173) -> 0 | T45: =SUMPRODUCT(AZ$169:AZ$173,BA$169:BA$173) -> 0 | V45: =IFERROR(P45*$D45,"") -> 7500 | W45: =IFERROR(Q45*$D45,"") -> 7479.4521 | X45: =IFERROR(R45*$D45,"") -> 0 | Y45: =IFERROR(S45*$D45,"") -> 0 | Z45: =IFERROR(T45*$D45,"") -> 0 | AB45: =IFERROR(P45*($I45),"") -> 5600 | AC45: =IFERROR(Q45*($I45),"") -> 5584.6575 | AD45: =IFERROR(R45*($I45),"") -> 0 | AE45: =IFERROR(S45*($I45),"") -> 0 | AF45: =IFERROR(T45*($I45),"") -> 0 | AH45: =IFERROR($J45*P45,"") -> 8400 | AI45: =IFERROR($J45*Q45,"") -> 8376.9863 | AJ45: =IFERROR($J45*R45,"") -> 0 | AK45: =IFERROR($J45*S45,"") -> 0 | AL45: =IFERROR($J45*T45,"") -> 0 | AO45: is contract end date before beginning of relevant year | AR45: =IF($F$28<=$AR$8,1,0) -> 0 | AT45: =IF($F$28<=AT$8,1,0) -> 0 | AV45: =IF($F$28<=AV$8,1,0) -> 1 | AX45: =IF($F$28<=AX$8,1,0) -> 1 | AZ45: =IF($F$28<=AZ$8,1,0) -> 1
B46: =I_Baseline!B71 -> British Gas | C46: =IF(I_Baseline!C71=0,"",I_Baseline!C71) -> Unmetered Supply (UMS) | D46: =IF(I_Baseline!D71=0,"",I_Baseline!D71) -> 8000 | E46: =IF(I_Baseline!E71=0,"",I_Baseline!E71) -> 7000 | F46: =IF(I_Baseline!F71=0,"",I_Baseline!F71) -> 0.2 | G46: =IF(I_Baseline!G71=0,"",I_Baseline!G71) -> 44562 | H46: =IF(I_Baseline!H71=0,"",I_Baseline!H71) -> 46022 | I46: =IFERROR(E46*(1-F46),"") -> 5600 | J46: =IFERROR(E46*(1+F46),"") -> 8400 | K46: =V46 -> 8000 | L46: =W46 -> 7978.0822 | M46: =X46 -> 0 | N46: =Y46 -> 0 | O46: =Z46 -> 0 | P46: =SUMPRODUCT(AR$180:AR$184,AS$180:AS$184) -> 1 | Q46: =SUMPRODUCT(AT$180:AT$184,AU$180:AU$184) -> 0.99726027 | R46: =SUMPRODUCT(AV$180:AV$184,AW$180:AW$184) -> 0 | S46: =SUMPRODUCT(AX$180:AX$184,AY$180:AY$184) -> 0 | T46: =SUMPRODUCT(AZ$180:AZ$184,BA$180:BA$184) -> 0 | V46: =IFERROR(P46*$D46,"") -> 8000 | W46: =IFERROR(Q46*$D46,"") -> 7978.0822 | X46: =IFERROR(R46*$D46,"") -> 0 | Y46: =IFERROR(S46*$D46,"") -> 0 | Z46: =IFERROR(T46*$D46,"") -> 0 | AB46: =IFERROR(P46*($I46),"") -> 5600 | AC46: =IFERROR(Q46*($I46),"") -> 5584.6575 | AD46: =IFERROR(R46*($I46),"") -> 0 | AE46: =IFERROR(S46*($I46),"") -> 0 | AF46: =IFERROR(T46*($I46),"") -> 0 | AH46: =IFERROR($J46*P46,"") -> 8400 | AI46: =IFERROR($J46*Q46,"") -> 8376.9863 | AJ46: =IFERROR($J46*R46,"") -> 0 | AK46: =IFERROR($J46*S46,"") -> 0 | AL46: =IFERROR($J46*T46,"") -> 0 | AO46: is contract end date before end of relevant year? | AR46: =IF($F$28<=$AR$9,1,0) -> 0 | AT46: =IF($F$28<=AT$9,1,0) -> 1 | AV46: =IF($F$28<=AV$9,1,0) -> 1 | AX46: =IF($F$28<=AX$9,1,0) -> 1 | AZ46: =IF($F$28<=AZ$9,1,0) -> 1
B47: =I_Baseline!B72 -> British Gas | C47: =IF(I_Baseline!C72=0,"",I_Baseline!C72) -> Unmetered Supply (UMS) | D47: =IF(I_Baseline!D72=0,"",I_Baseline!D72) -> 8000 | E47: =IF(I_Baseline!E72=0,"",I_Baseline!E72) -> 7000 | F47: =IF(I_Baseline!F72=0,"",I_Baseline!F72) -> 0.2 | G47: =IF(I_Baseline!G72=0,"",I_Baseline!G72) -> 44562 | H47: =IF(I_Baseline!H72=0,"",I_Baseline!H72) -> 46022 | I47: =IFERROR(E47*(1-F47),"") -> 5600 | J47: =IFERROR(E47*(1+F47),"") -> 8400 | K47: =V47 -> 8000 | L47: =W47 -> 7978.0822 | M47: =X47 -> 0 | N47: =Y47 -> 0 | O47: =Z47 -> 0 | P47: =SUMPRODUCT(AR$191:AR$195,AS$191:AS$195) -> 1 | Q47: =SUMPRODUCT(AT$191:AT$195,AU$191:AU$195) -> 0.99726027 | R47: =SUMPRODUCT(AV$191:AV$195,AW$191:AW$195) -> 0 | S47: =SUMPRODUCT(AX$191:AX$195,AY$191:AY$195) -> 0 | T47: =SUMPRODUCT(AZ$191:AZ$195,BA$191:BA$195) -> 0 | V47: =IFERROR(P47*$D47,"") -> 8000 | W47: =IFERROR(Q47*$D47,"") -> 7978.0822 | X47: =IFERROR(R47*$D47,"") -> 0 | Y47: =IFERROR(S47*$D47,"") -> 0 | Z47: =IFERROR(T47*$D47,"") -> 0 | AB47: =IFERROR(P47*($I47),"") -> 5600 | AC47: =IFERROR(Q47*($I47),"") -> 5584.6575 | AD47: =IFERROR(R47*($I47),"") -> 0 | AE47: =IFERROR(S47*($I47),"") -> 0 | AF47: =IFERROR(T47*($I47),"") -> 0 | AH47: =IFERROR($J47*P47,"") -> 8400 | AI47: =IFERROR($J47*Q47,"") -> 8376.9863 | AJ47: =IFERROR($J47*R47,"") -> 0 | AK47: =IFERROR($J47*S47,"") -> 0 | AL47: =IFERROR($J47*T47,"") -> 0 | AR47: Scen | AS47: Value | AT47: Scen | AU47: Value | AV47: Scen | AW47: Value | AX47: Scen | AY47: Value | AZ47: Scen | BA47: Value
B48: =I_Baseline!B73 -> British Gas | C48: =IF(I_Baseline!C73=0,"",I_Baseline!C73) -> Unmetered Supply (UMS) | D48: =IF(I_Baseline!D73=0,"",I_Baseline!D73) -> 8000 | E48: =IF(I_Baseline!E73=0,"",I_Baseline!E73) -> 7000 | F48: =IF(I_Baseline!F73=0,"",I_Baseline!F73) -> 0.2 | G48: =IF(I_Baseline!G73=0,"",I_Baseline!G73) -> 44562 | H48: =IF(I_Baseline!H73=0,"",I_Baseline!H73) -> 46022 | I48: =IFERROR(E48*(1-F48),"") -> 5600 | J48: =IFERROR(E48*(1+F48),"") -> 8400 | K48: =V48 -> 8000 | L48: =W48 -> 7978.0822 | M48: =X48 -> 0 | N48: =Y48 -> 0 | O48: =Z48 -> 0 | P48: =SUMPRODUCT(AR$202:AR$206,AS$202:AS$206) -> 1 | Q48: =SUMPRODUCT(AT$202:AT$206,AU$202:AU$206) -> 0.99726027 | R48: =SUMPRODUCT(AV$202:AV$206,AW$202:AW$206) -> 0 | S48: =SUMPRODUCT(AX$202:AX$206,AY$202:AY$206) -> 0 | T48: =SUMPRODUCT(AZ$202:AZ$206,BA$202:BA$206) -> 0 | V48: =IFERROR(P48*$D48,"") -> 8000 | W48: =IFERROR(Q48*$D48,"") -> 7978.0822 | X48: =IFERROR(R48*$D48,"") -> 0 | Y48: =IFERROR(S48*$D48,"") -> 0 | Z48: =IFERROR(T48*$D48,"") -> 0 | AB48: =IFERROR(P48*($I48),"") -> 5600 | AC48: =IFERROR(Q48*($I48),"") -> 5584.6575 | AD48: =IFERROR(R48*($I48),"") -> 0 | AE48: =IFERROR(S48*($I48),"") -> 0 | AF48: =IFERROR(T48*($I48),"") -> 0 | AH48: =IFERROR($J48*P48,"") -> 8400 | AI48: =IFERROR($J48*Q48,"") -> 8376.9863 | AJ48: =IFERROR($J48*R48,"") -> 0 | AK48: =IFERROR($J48*S48,"") -> 0 | AL48: =IFERROR($J48*T48,"") -> 0 | AP48: scenario 1 | AR48: =IF(AND(AR44=1,AR46=0)=TRUE,1,0) -> 1 | AS48: 1 | AT48: =IF(AND(AT44=1,AT46=0)=TRUE,1,0) -> 0 | AU48: 1 | AV48: =IF(AND(AV44=1,AV46=0)=TRUE,1,0) -> 0 | AW48: 1 | AX48: =IF(AND(AX44=1,AX46=0)=TRUE,1,0) -> 0 | AY48: 1 | AZ48: =IF(AND(AZ44=1,AZ46=0)=TRUE,1,0) -> 0 | BA48: 1
B49: =I_Baseline!B74 -> British Gas | C49: =IF(I_Baseline!C74=0,"",I_Baseline!C74) -> Unmetered Supply (UMS) | D49: =IF(I_Baseline!D74=0,"",I_Baseline!D74) -> 8000 | E49: =IF(I_Baseline!E74=0,"",I_Baseline!E74) -> 7000 | F49: =IF(I_Baseline!F74=0,"",I_Baseline!F74) -> 0.2 | G49: =IF(I_Baseline!G74=0,"",I_Baseline!G74) -> 44562 | H49: =IF(I_Baseline!H74=0,"",I_Baseline!H74) -> 46022 | I49: =IFERROR(E49*(1-F49),"") -> 5600 | J49: =IFERROR(E49*(1+F49),"") -> 8400 | K49: =V49 -> 8000 | L49: =W49 -> 7978.0822 | M49: =X49 -> 0 | N49: =Y49 -> 0 | O49: =Z49 -> 0 | P49: =SUMPRODUCT(AR$213:AR$217,AS$213:AS$217) -> 1 | Q49: =SUMPRODUCT(AT$213:AT$217,AU$213:AU$217) -> 0.99726027 | R49: =SUMPRODUCT(AV$213:AV$217,AW$213:AW$217) -> 0 | S49: =SUMPRODUCT(AX$213:AX$217,AY$213:AY$217) -> 0 | T49: =SUMPRODUCT(AZ$213:AZ$217,BA$213:BA$217) -> 0 | V49: =IFERROR(P49*$D49,"") -> 8000 | W49: =IFERROR(Q49*$D49,"") -> 7978.0822 | X49: =IFERROR(R49*$D49,"") -> 0 | Y49: =IFERROR(S49*$D49,"") -> 0 | Z49: =IFERROR(T49*$D49,"") -> 0 | AB49: =IFERROR(P49*($I49),"") -> 5600 | AC49: =IFERROR(Q49*($I49),"") -> 5584.6575 | AD49: =IFERROR(R49*($I49),"") -> 0 | AE49: =IFERROR(S49*($I49),"") -> 0 | AF49: =IFERROR(T49*($I49),"") -> 0 | AH49: =IFERROR($J49*P49,"") -> 8400 | AI49: =IFERROR($J49*Q49,"") -> 8376.9863 | AJ49: =IFERROR($J49*R49,"") -> 0 | AK49: =IFERROR($J49*S49,"") -> 0 | AL49: =IFERROR($J49*T49,"") -> 0 | AP49: scenario 5,6 | AR49: =IF(AND(AR44=1,AR45=1,AR46=1),1,0)+AR43 -> 0 | AS49: 0 | AT49: =IF(AND(AT44=1,AT45=1,AT46=1),1,0)+AT43 -> 0 | AU49: 0 | AV49: =IF(AND(AV44=1,AV45=1,AV46=1),1,0)+AV43 -> 1 | AW49: 0 | AX49: =IF(AND(AX44=1,AX45=1,AX46=1),1,0)+AX43 -> 1 | AY49: 0 | AZ49: =IF(AND(AZ44=1,AZ45=1,AZ46=1),1,0)+AZ43 -> 1 | BA49: 0
B50: =I_Baseline!B75 -> British Gas | C50: =IF(I_Baseline!C75=0,"",I_Baseline!C75) -> Unmetered Supply (UMS) | D50: =IF(I_Baseline!D75=0,"",I_Baseline!D75) -> 8000 | E50: =IF(I_Baseline!E75=0,"",I_Baseline!E75) -> 7000 | F50: =IF(I_Baseline!F75=0,"",I_Baseline!F75) -> 0.2 | G50: =IF(I_Baseline!G75=0,"",I_Baseline!G75) -> 44562 | H50: =IF(I_Baseline!H75=0,"",I_Baseline!H75) -> 46022 | I50: =IFERROR(E50*(1-F50),"") -> 5600 | J50: =IFERROR(E50*(1+F50),"") -> 8400 | K50: =V50 -> 8000 | L50: =W50 -> 7978.0822 | M50: =X50 -> 0 | N50: =Y50 -> 0 | O50: =Z50 -> 0 | P50: =SUMPRODUCT(AR$224:AR$228,AS$224:AS$228) -> 1 | Q50: =SUMPRODUCT(AT$224:AT$228,AU$224:AU$228) -> 0.99726027 | R50: =SUMPRODUCT(AV$224:AV$228,AW$224:AW$228) -> 0 | S50: =SUMPRODUCT(AX$224:AX$228,AY$224:AY$228) -> 0 | T50: =SUMPRODUCT(AZ$224:AZ$228,BA$224:BA$228) -> 0 | V50: =IFERROR(P50*$D50,"") -> 8000 | W50: =IFERROR(Q50*$D50,"") -> 7978.0822 | X50: =IFERROR(R50*$D50,"") -> 0 | Y50: =IFERROR(S50*$D50,"") -> 0 | Z50: =IFERROR(T50*$D50,"") -> 0 | AB50: =IFERROR(P50*($I50),"") -> 5600 | AC50: =IFERROR(Q50*($I50),"") -> 5584.6575 | AD50: =IFERROR(R50*($I50),"") -> 0 | AE50: =IFERROR(S50*($I50),"") -> 0 | AF50: =IFERROR(T50*($I50),"") -> 0 | AH50: =IFERROR($J50*P50,"") -> 8400 | AI50: =IFERROR($J50*Q50,"") -> 8376.9863 | AJ50: =IFERROR($J50*R50,"") -> 0 | AK50: =IFERROR($J50*S50,"") -> 0 | AL50: =IFERROR($J50*T50,"") -> 0 | AP50: senario 2 | AR50: =IF(AND(AR44=1,AR45=0,AR46=1),1,0) -> 0 | AS50: =($F28-AR$8+1)/365 -> 1.5013699 | AT50: =IF(AND(AT44=1,AT45=0,AT46=1),1,0) -> 1 | AU50: =($F28-AT$8)/365 -> 0.49589041 | AV50: =IF(AND(AV44=1,AV45=0,AV46=1),1,0) -> 0 | AW50: =($F28-AV$8)/365 -> -0.50410959 | AX50: =IF(AND(AX44=1,AX45=0,AX46=1),1,0) -> 0 | AY50: =($F28-AX$8)/365 -> -1.5041096 | AZ50: =IF(AND(AZ44=1,AZ45=0,AZ46=1),1,0) -> 0 | BA50: =($F28-AZ$8)/365 -> -2.5041096
B51: ED Energy | C51: Unmetered Supply (UMS) | D51: 8000 | E51: 7000 | F51: 0.2 | G51: 44562 | H51: 46022 | I51: =IFERROR(E51*(1-F51),"") -> 5600 | J51: =IFERROR(E51*(1+F51),"") -> 8400 | K51: =V51 -> 8000 | L51: =W51 -> 7978.0822 | M51: =X51 -> 0 | N51: =Y51 -> 0 | O51: =Z51 -> 0 | P51: =SUMPRODUCT(AR$235:AR$239,AS$235:AS$239) -> 1 | Q51: =SUMPRODUCT(AT$235:AT$239,AU$235:AU$239) -> 0.99726027 | R51: =SUMPRODUCT(AV$235:AV$239,AW$235:AW$239) -> 0 | S51: =SUMPRODUCT(AX$235:AX$239,AY$235:AY$239) -> 0 | T51: =SUMPRODUCT(AZ$235:AZ$239,BA$235:BA$239) -> 0 | V51: =IFERROR(P51*$D51,"") -> 8000 | W51: =IFERROR(Q51*$D51,"") -> 7978.0822 | X51: =IFERROR(R51*$D51,"") -> 0 | Y51: =IFERROR(S51*$D51,"") -> 0 | Z51: =IFERROR(T51*$D51,"") -> 0 | AB51: =IFERROR(P51*($I51),"") -> 5600 | AC51: =IFERROR(Q51*($I51),"") -> 5584.6575 | AD51: =IFERROR(R51*($I51),"") -> 0 | AE51: =IFERROR(S51*($I51),"") -> 0 | AF51: =IFERROR(T51*($I51),"") -> 0 | AH51: =IFERROR($J51*P51,"") -> 8400 | AI51: =IFERROR($J51*Q51,"") -> 8376.9863 | AJ51: =IFERROR($J51*R51,"") -> 0 | AK51: =IFERROR($J51*S51,"") -> 0 | AL51: =IFERROR($J51*T51,"") -> 0 | AP51: scenario 3 | AR51: =IF(AND(AR43=0,AR44=0,AR46=0),1,0) -> 0 | AS51: =(AR$9-$E28)/365 -> 1.5890411 | AT51: =IF(AND(AT43=0,AT44=0,AT46=0),1,0) -> 0 | AU51: =(AT$9-$E28)/365 -> 2.5890411 | AV51: =IF(AND(AV43=0,AV44=0,AV46=0),1,0) -> 0 | AW51: =(AV$9-$E28)/365 -> 3.5890411 | AX51: =IF(AND(AX43=0,AX44=0,AX46=0),1,0) -> 0 | AY51: =(AX$9-$E28)/365 -> 4.5890411 | AZ51: =IF(AND(AZ43=0,AZ44=0,AZ46=0),1,0) -> 0 | BA51: =(AZ$9-$E28)/365 -> 5.5917808
B52: ED Energy | C52: Unmetered Supply (UMS) | D52: 8000 | E52: 7000 | F52: 0.2 | G52: 44562 | H52: 46022 | I52: =IFERROR(E52*(1-F52),"") -> 5600 | J52: =IFERROR(E52*(1+F52),"") -> 8400 | K52: =V52 -> 8000 | L52: =W52 -> 7978.0822 | M52: =X52 -> 0 | N52: =Y52 -> 0 | O52: =Z52 -> 0 | P52: =SUMPRODUCT(AR$246:AR$250,AS$246:AS$250) -> 1 | Q52: =SUMPRODUCT(AT$246:AT$250,AU$246:AU$250) -> 0.99726027 | R52: =SUMPRODUCT(AV$246:AV$250,AW$246:AW$250) -> 0 | S52: =SUMPRODUCT(AX$246:AX$250,AY$246:AY$250) -> 0 | T52: =SUMPRODUCT(AZ$246:AZ$250,BA$246:BA$250) -> 0 | V52: =IFERROR(P52*$D52,"") -> 8000 | W52: =IFERROR(Q52*$D52,"") -> 7978.0822 | X52: =IFERROR(R52*$D52,"") -> 0 | Y52: =IFERROR(S52*$D52,"") -> 0 | Z52: =IFERROR(T52*$D52,"") -> 0 | AB52: =IFERROR(P52*($I52),"") -> 5600 | AC52: =IFERROR(Q52*($I52),"") -> 5584.6575 | AD52: =IFERROR(R52*($I52),"") -> 0 | AE52: =IFERROR(S52*($I52),"") -> 0 | AF52: =IFERROR(T52*($I52),"") -> 0 | AH52: =IFERROR($J52*P52,"") -> 8400 | AI52: =IFERROR($J52*Q52,"") -> 8376.9863 | AJ52: =IFERROR($J52*R52,"") -> 0 | AK52: =IFERROR($J52*S52,"") -> 0 | AL52: =IFERROR($J52*T52,"") -> 0 | AP52: scenario 4 | AR52: =IF(AND(AR44=0,AR46=1),1,0) -> 0 | AS52: =(F28-$E28)/365 -> 2.0849315 | AT52: =IF(AND(AT44=0,AT46=1),1,0) -> 0 | AU52: =($F28-$E28)/365 -> 2.0849315 | AV52: =IF(AND(AV44=0,AV46=1),1,0) -> 0 | AW52: =($F28-$E28)/365 -> 2.0849315 | AX52: =IF(AND(AX44=0,AX46=1),1,0) -> 0 | AY52: =($F28-$E28)/365 -> 2.0849315 | AZ52: =IF(AND(AZ44=0,AZ46=1),1,0) -> 0 | BA52: =($F28-$E28)/365 -> 2.0849315
B53: ED Energy | C53: Unmetered Supply (UMS) | D53: 8000 | E53: 7000 | F53: 0.2 | G53: 44562 | H53: 46022 | I53: =IFERROR(E53*(1-F53),"") -> 5600 | J53: =IFERROR(E53*(1+F53),"") -> 8400 | K53: =V53 -> 8000 | L53: =W53 -> 7978.0822 | M53: =X53 -> 0 | N53: =Y53 -> 0 | O53: =Z53 -> 0 | P53: =SUMPRODUCT(AR$257:AR$261,AS$257:AS$261) -> 1 | Q53: =SUMPRODUCT(AT$257:AT$261,AU$257:AU$261) -> 0.99726027 | R53: =SUMPRODUCT(AV$257:AV$261,AW$257:AW$261) -> 0 | S53: =SUMPRODUCT(AX$257:AX$261,AY$257:AY$261) -> 0 | T53: =SUMPRODUCT(AZ$257:AZ$261,BA$257:BA$261) -> 0 | V53: =IFERROR(P53*$D53,"") -> 8000 | W53: =IFERROR(Q53*$D53,"") -> 7978.0822 | X53: =IFERROR(R53*$D53,"") -> 0 | Y53: =IFERROR(S53*$D53,"") -> 0 | Z53: =IFERROR(T53*$D53,"") -> 0 | AB53: =IFERROR(P53*($I53),"") -> 5600 | AC53: =IFERROR(Q53*($I53),"") -> 5584.6575 | AD53: =IFERROR(R53*($I53),"") -> 0 | AE53: =IFERROR(S53*($I53),"") -> 0 | AF53: =IFERROR(T53*($I53),"") -> 0 | AH53: =IFERROR($J53*P53,"") -> 8400 | AI53: =IFERROR($J53*Q53,"") -> 8376.9863 | AJ53: =IFERROR($J53*R53,"") -> 0 | AK53: =IFERROR($J53*S53,"") -> 0 | AL53: =IFERROR($J53*T53,"") -> 0
B54: ED Energy | C54: Unmetered Supply (UMS) | D54: 8000 | E54: 7000 | F54: 0.2 | G54: 44562 | H54: 46022 | I54: =IFERROR(E54*(1-F54),"") -> 5600 | J54: =IFERROR(E54*(1+F54),"") -> 8400 | K54: =V54 -> 8000 | L54: =W54 -> 7978.0822 | M54: =X54 -> 0 | N54: =Y54 -> 0 | O54: =Z54 -> 0 | P54: =SUMPRODUCT(AR$268:AR$272,AS$268:AS$272) -> 1 | Q54: =SUMPRODUCT(AT$268:AT$272,AU$268:AU$272) -> 0.99726027 | R54: =SUMPRODUCT(AV$268:AV$272,AW$268:AW$272) -> 0 | S54: =SUMPRODUCT(AX$268:AX$272,AY$268:AY$272) -> 0 | T54: =SUMPRODUCT(AZ$268:AZ$272,BA$268:BA$272) -> 0 | V54: =IFERROR(P54*$D54,"") -> 8000 | W54: =IFERROR(Q54*$D54,"") -> 7978.0822 | X54: =IFERROR(R54*$D54,"") -> 0 | Y54: =IFERROR(S54*$D54,"") -> 0 | Z54: =IFERROR(T54*$D54,"") -> 0 | AB54: =IFERROR(P54*($I54),"") -> 5600 | AC54: =IFERROR(Q54*($I54),"") -> 5584.6575 | AD54: =IFERROR(R54*($I54),"") -> 0 | AE54: =IFERROR(S54*($I54),"") -> 0 | AF54: =IFERROR(T54*($I54),"") -> 0 | AH54: =IFERROR($J54*P54,"") -> 8400 | AI54: =IFERROR($J54*Q54,"") -> 8376.9863 | AJ54: =IFERROR($J54*R54,"") -> 0 | AK54: =IFERROR($J54*S54,"") -> 0 | AL54: =IFERROR($J54*T54,"") -> 0 | AN54: 29 | AO54: is contract start date after the end of relevant year? | AR54: =IF($E$29>=$AR$9,1,0) -> 0 | AT54: =IF($E$29>=AT$9,1,0) -> 0 | AV54: =IF($E$29>=AV$9,1,0) -> 0 | AX54: =IF($E$29>=AX$9,1,0) -> 0 | AZ54: =IF($E$29>=AZ$9,1,0) -> 0
B55: ED Energy | C55: Unmetered Supply (UMS) | D55: 8000 | E55: 7000 | F55: 0.2 | G55: 44562 | H55: 46022 | I55: =IFERROR(E55*(1-F55),"") -> 5600 | J55: =IFERROR(E55*(1+F55),"") -> 8400 | K55: =V55 -> 8000 | L55: =W55 -> 7978.0822 | M55: =X55 -> 0 | N55: =Y55 -> 0 | O55: =Z55 -> 0 | P55: =SUMPRODUCT(AR$279:AR$283,AS$279:AS$283) -> 1 | Q55: =SUMPRODUCT(AT$279:AT$283,AU$279:AU$283) -> 0.99726027 | R55: =SUMPRODUCT(AV$279:AV$283,AW$279:AW$283) -> 0 | S55: =SUMPRODUCT(AX$279:AX$283,AY$279:AY$283) -> 0 | T55: =SUMPRODUCT(AZ$279:AZ$283,BA$279:BA$283) -> 0 | V55: =IFERROR(P55*$D55,"") -> 8000 | W55: =IFERROR(Q55*$D55,"") -> 7978.0822 | X55: =IFERROR(R55*$D55,"") -> 0 | Y55: =IFERROR(S55*$D55,"") -> 0 | Z55: =IFERROR(T55*$D55,"") -> 0 | AB55: =IFERROR(P55*($I55),"") -> 5600 | AC55: =IFERROR(Q55*($I55),"") -> 5584.6575 | AD55: =IFERROR(R55*($I55),"") -> 0 | AE55: =IFERROR(S55*($I55),"") -> 0 | AF55: =IFERROR(T55*($I55),"") -> 0 | AH55: =IFERROR($J55*P55,"") -> 8400 | AI55: =IFERROR($J55*Q55,"") -> 8376.9863 | AJ55: =IFERROR($J55*R55,"") -> 0 | AK55: =IFERROR($J55*S55,"") -> 0 | AL55: =IFERROR($J55*T55,"") -> 0 | AO55: is contract start date before beginning of relevant year? | AR55: =IF($E$29<=$AR$8,1,0) -> 1 | AT55: =IF($E$29<=AT$8,1,0) -> 1 | AV55: =IF($E$29<=AV$8,1,0) -> 1 | AX55: =IF($E$29<=AX$8,1,0) -> 1 | AZ55: =IF($E$29<=AZ$8,1,0) -> 1
B56: ED Energy | C56: Unmetered Supply (UMS) | D56: 8000 | E56: 7000 | F56: 0.2 | G56: 44562 | H56: 46022 | I56: =IFERROR(E56*(1-F56),"") -> 5600 | J56: =IFERROR(E56*(1+F56),"") -> 8400 | K56: =V56 -> 8000 | L56: =W56 -> 7978.0822 | M56: =X56 -> 0 | N56: =Y56 -> 0 | O56: =Z56 -> 0 | P56: =SUMPRODUCT(AR$290:AR$294,AS$290:AS$294) -> 1 | Q56: =SUMPRODUCT(AT$290:AT$294,AU$290:AU$294) -> 0.99726027 | R56: =SUMPRODUCT(AV$290:AV$294,AW$290:AW$294) -> 0 | S56: =SUMPRODUCT(AX$290:AX$294,AY$290:AY$294) -> 0 | T56: =SUMPRODUCT(AZ$290:AZ$294,BA$290:BA$294) -> 0 | V56: =IFERROR(P56*$D56,"") -> 8000 | W56: =IFERROR(Q56*$D56,"") -> 7978.0822 | X56: =IFERROR(R56*$D56,"") -> 0 | Y56: =IFERROR(S56*$D56,"") -> 0 | Z56: =IFERROR(T56*$D56,"") -> 0 | AB56: =IFERROR(P56*($I56),"") -> 5600 | AC56: =IFERROR(Q56*($I56),"") -> 5584.6575 | AD56: =IFERROR(R56*($I56),"") -> 0 | AE56: =IFERROR(S56*($I56),"") -> 0 | AF56: =IFERROR(T56*($I56),"") -> 0 | AH56: =IFERROR($J56*P56,"") -> 8400 | AI56: =IFERROR($J56*Q56,"") -> 8376.9863 | AJ56: =IFERROR($J56*R56,"") -> 0 | AK56: =IFERROR($J56*S56,"") -> 0 | AL56: =IFERROR($J56*T56,"") -> 0 | AO56: is contract end date before beginning of relevant year | AR56: =IF($F$29<=$AR$8,1,0) -> 0 | AT56: =IF($F$29<=AT$8,1,0) -> 0 | AV56: =IF($F$29<=AV$8,1,0) -> 1 | AX56: =IF($F$29<=AX$8,1,0) -> 1 | AZ56: =IF($F$29<=AZ$8,1,0) -> 1
B57: ED Energy | C57: Unmetered Supply (UMS) | D57: 8000 | E57: 7000 | F57: 0.2 | G57: 44562 | H57: 46022 | I57: =IFERROR(E57*(1-F57),"") -> 5600 | J57: =IFERROR(E57*(1+F57),"") -> 8400 | K57: =V57 -> 8000 | L57: =W57 -> 7978.0822 | M57: =X57 -> 0 | N57: =Y57 -> 0 | O57: =Z57 -> 0 | P57: =SUMPRODUCT(AR$301:AR$305,AS$301:AS$305) -> 1 | Q57: =SUMPRODUCT(AT$301:AT$305,AU$301:AU$305) -> 0.99726027 | R57: =SUMPRODUCT(AV$301:AV$305,AW$301:AW$305) -> 0 | S57: =SUMPRODUCT(AX$301:AX$305,AY$301:AY$305) -> 0 | T57: =SUMPRODUCT(AZ$301:AZ$305,BA$301:BA$305) -> 0 | V57: =IFERROR(P57*$D57,"") -> 8000 | W57: =IFERROR(Q57*$D57,"") -> 7978.0822 | X57: =IFERROR(R57*$D57,"") -> 0 | Y57: =IFERROR(S57*$D57,"") -> 0 | Z57: =IFERROR(T57*$D57,"") -> 0 | AB57: =IFERROR(P57*($I57),"") -> 5600 | AC57: =IFERROR(Q57*($I57),"") -> 5584.6575 | AD57: =IFERROR(R57*($I57),"") -> 0 | AE57: =IFERROR(S57*($I57),"") -> 0 | AF57: =IFERROR(T57*($I57),"") -> 0 | AH57: =IFERROR($J57*P57,"") -> 8400 | AI57: =IFERROR($J57*Q57,"") -> 8376.9863 | AJ57: =IFERROR($J57*R57,"") -> 0 | AK57: =IFERROR($J57*S57,"") -> 0 | AL57: =IFERROR($J57*T57,"") -> 0 | AO57: is contract end date before end of relevant year? | AR57: =IF($F$29<=$AR$9,1,0) -> 0 | AT57: =IF($F$29<=AT$9,1,0) -> 1 | AV57: =IF($F$29<=AV$9,1,0) -> 1 | AX57: =IF($F$29<=AX$9,1,0) -> 1 | AZ57: =IF($F$29<=AZ$9,1,0) -> 1
B58: ED Energy | C58: Unmetered Supply (UMS) | D58: 8000 | E58: 7000 | F58: 0.2 | G58: 44562 | H58: 46022 | I58: =IFERROR(E58*(1-F58),"") -> 5600 | J58: =IFERROR(E58*(1+F58),"") -> 8400 | K58: =V58 -> 8000 | L58: =W58 -> 7978.0822 | M58: =X58 -> 0 | N58: =Y58 -> 0 | O58: =Z58 -> 0 | P58: =SUMPRODUCT(AR$312:AR$316,AS$312:AS$316) -> 1 | Q58: =SUMPRODUCT(AT$312:AT$316,AU$312:AU$316) -> 0.99726027 | R58: =SUMPRODUCT(AV$312:AV$316,AW$312:AW$316) -> 0 | S58: =SUMPRODUCT(AX$312:AX$316,AY$312:AY$316) -> 0 | T58: =SUMPRODUCT(AZ$312:AZ$316,BA$312:BA$316) -> 0 | V58: =IFERROR(P58*$D58,"") -> 8000 | W58: =IFERROR(Q58*$D58,"") -> 7978.0822 | X58: =IFERROR(R58*$D58,"") -> 0 | Y58: =IFERROR(S58*$D58,"") -> 0 | Z58: =IFERROR(T58*$D58,"") -> 0 | AB58: =IFERROR(P58*($I58),"") -> 5600 | AC58: =IFERROR(Q58*($I58),"") -> 5584.6575 | AD58: =IFERROR(R58*($I58),"") -> 0 | AE58: =IFERROR(S58*($I58),"") -> 0 | AF58: =IFERROR(T58*($I58),"") -> 0 | AH58: =IFERROR($J58*P58,"") -> 8400 | AI58: =IFERROR($J58*Q58,"") -> 8376.9863 | AJ58: =IFERROR($J58*R58,"") -> 0 | AK58: =IFERROR($J58*S58,"") -> 0 | AL58: =IFERROR($J58*T58,"") -> 0 | AR58: Scen | AS58: Value | AT58: Scen | AU58: Value | AV58: Scen | AW58: Value | AX58: Scen | AY58: Value | AZ58: Scen | BA58: Value
B59: ED Energy | C59: Unmetered Supply (UMS) | D59: 8000 | E59: 7000 | F59: 0.2 | G59: 44562 | H59: 46022 | I59: =IFERROR(E59*(1-F59),"") -> 5600 | J59: =IFERROR(E59*(1+F59),"") -> 8400 | K59: =V59 -> 8000 | L59: =W59 -> 7978.0822 | M59: =X59 -> 0 | N59: =Y59 -> 0 | O59: =Z59 -> 0 | P59: =SUMPRODUCT(AR$323:AR$327,AS$323:AS$327) -> 1 | Q59: =SUMPRODUCT(AT$323:AT$327,AU$323:AU$327) -> 0.99726027 | R59: =SUMPRODUCT(AV$323:AV$327,AW$323:AW$327) -> 0 | S59: =SUMPRODUCT(AX$323:AX$327,AY$323:AY$327) -> 0 | T59: =SUMPRODUCT(AZ$323:AZ$327,BA$323:BA$327) -> 0 | V59: =IFERROR(P59*$D59,"") -> 8000 | W59: =IFERROR(Q59*$D59,"") -> 7978.0822 | X59: =IFERROR(R59*$D59,"") -> 0 | Y59: =IFERROR(S59*$D59,"") -> 0 | Z59: =IFERROR(T59*$D59,"") -> 0 | AB59: =IFERROR(P59*($I59),"") -> 5600 | AC59: =IFERROR(Q59*($I59),"") -> 5584.6575 | AD59: =IFERROR(R59*($I59),"") -> 0 | AE59: =IFERROR(S59*($I59),"") -> 0 | AF59: =IFERROR(T59*($I59),"") -> 0 | AH59: =IFERROR($J59*P59,"") -> 8400 | AI59: =IFERROR($J59*Q59,"") -> 8376.9863 | AJ59: =IFERROR($J59*R59,"") -> 0 | AK59: =IFERROR($J59*S59,"") -> 0 | AL59: =IFERROR($J59*T59,"") -> 0 | AP59: scenario 1 | AR59: =IF(AND(AR55=1,AR57=0)=TRUE,1,0) -> 1 | AS59: 1 | AT59: =IF(AND(AT55=1,AT57=0)=TRUE,1,0) -> 0 | AU59: 1 | AV59: =IF(AND(AV55=1,AV57=0)=TRUE,1,0) -> 0 | AW59: 1 | AX59: =IF(AND(AX55=1,AX57=0)=TRUE,1,0) -> 0 | AY59: 1 | AZ59: =IF(AND(AZ55=1,AZ57=0)=TRUE,1,0) -> 0 | BA59: 1
B60: ED Energy | C60: Unmetered Supply (UMS) | D60: 8000 | E60: 7000 | F60: 0.2 | G60: 44562 | H60: 46022 | I60: =IFERROR(E60*(1-F60),"") -> 5600 | J60: =IFERROR(E60*(1+F60),"") -> 8400 | K60: =V60 -> 8000 | L60: =W60 -> 7978.0822 | M60: =X60 -> 0 | N60: =Y60 -> 0 | O60: =Z60 -> 0 | P60: =SUMPRODUCT(AR$334:AR$338,AS$334:AS$338) -> 1 | Q60: =SUMPRODUCT(AT$334:AT$338,AU$334:AU$338) -> 0.99726027 | R60: =SUMPRODUCT(AV$334:AV$338,AW$334:AW$338) -> 0 | S60: =SUMPRODUCT(AX$334:AX$338,AY$334:AY$338) -> 0 | T60: =SUMPRODUCT(AZ$334:AZ$338,BA$334:BA$338) -> 0 | V60: =IFERROR(P60*$D60,"") -> 8000 | W60: =IFERROR(Q60*$D60,"") -> 7978.0822 | X60: =IFERROR(R60*$D60,"") -> 0 | Y60: =IFERROR(S60*$D60,"") -> 0 | Z60: =IFERROR(T60*$D60,"") -> 0 | AB60: =IFERROR(P60*($I60),"") -> 5600 | AC60: =IFERROR(Q60*($I60),"") -> 5584.6575 | AD60: =IFERROR(R60*($I60),"") -> 0 | AE60: =IFERROR(S60*($I60),"") -> 0 | AF60: =IFERROR(T60*($I60),"") -> 0 | AH60: =IFERROR($J60*P60,"") -> 8400 | AI60: =IFERROR($J60*Q60,"") -> 8376.9863 | AJ60: =IFERROR($J60*R60,"") -> 0 | AK60: =IFERROR($J60*S60,"") -> 0 | AL60: =IFERROR($J60*T60,"") -> 0 | AP60: scenario 5,6 | AR60: =IF(AND(AR55=1,AR56=1,AR57=1),1,0)+AR54 -> 0 | AS60: 0 | AT60: =IF(AND(AT55=1,AT56=1,AT57=1),1,0)+AT54 -> 0 | AU60: 0 | AV60: =IF(AND(AV55=1,AV56=1,AV57=1),1,0)+AV54 -> 1 | AW60: 0 | AX60: =IF(AND(AX55=1,AX56=1,AX57=1),1,0)+AX54 -> 1 | AY60: 0 | AZ60: =IF(AND(AZ55=1,AZ56=1,AZ57=1),1,0)+AZ54 -> 1 | BA60: 0
B61: Electricity Supply Agreement Total | D61: =SUM(D51:D60) -> 80000 | I61: =SUM(I41:I60) -> 112000 | J61: =SUM(J41:J60) -> 168000 | K61: =SUM(K41:K60) -> 157500 | L61: =SUM(L41:L60) -> 157068.49 | M61: =SUM(M41:M60) -> 0 | N61: =SUM(N41:N60) -> 0 | O61: =SUM(O41:O60) -> 0 | V61: =SUM(V41:V60) -> 157500 | W61: =SUM(W41:W60) -> 157068.49 | X61: =SUM(X41:X60) -> 0 | Y61: =SUM(Y41:Y60) -> 0 | Z61: =SUM(Z41:Z60) -> 0 | AB61: =SUM(AB41:AB60) -> 112000 | AC61: =SUM(AC41:AC60) -> 111693.15 | AD61: =SUM(AD41:AD60) -> 0 | AE61: =SUM(AE41:AE60) -> 0 | AF61: =SUM(AF41:AF60) -> 0 | AH61: =SUM(AH41:AH60) -> 168000 | AI61: =SUM(AI41:AI60) -> 167539.73 | AJ61: =SUM(AJ41:AJ60) -> 0 | AK61: =SUM(AK41:AK60) -> 0 | AL61: =SUM(AL41:AL60) -> 0 | AP61: senario 2 | AR61: =IF(AND(AR55=1,AR56=0,AR57=1),1,0) -> 0 | AS61: =($F29-AR$8+1)/365 -> 1.5013699 | AT61: =IF(AND(AT55=1,AT56=0,AT57=1),1,0) -> 1 | AU61: =($F29-AT$8)/365 -> 0.49589041 | AV61: =IF(AND(AV55=1,AV56=0,AV57=1),1,0) -> 0 | AW61: =($F29-AV$8)/365 -> -0.50410959 | AX61: =IF(AND(AX55=1,AX56=0,AX57=1),1,0) -> 0 | AY61: =($F29-AX$8)/365 -> -1.5041096 | AZ61: =IF(AND(AZ55=1,AZ56=0,AZ57=1),1,0) -> 0 | BA61: =($F29-AZ$8)/365 -> -2.5041096
AP62: scenario 3 | AR62: =IF(AND(AR54=0,AR55=0,AR57=0),1,0) -> 0 | AS62: =(AR$9-$E29)/365 -> 1.5890411 | AT62: =IF(AND(AT54=0,AT55=0,AT57=0),1,0) -> 0 | AU62: =(AT$9-$E29)/365 -> 2.5890411 | AV62: =IF(AND(AV54=0,AV55=0,AV57=0),1,0) -> 0 | AW62: =(AV$9-$E29)/365 -> 3.5890411 | AX62: =IF(AND(AX54=0,AX55=0,AX57=0),1,0) -> 0 | AY62: =(AX$9-$E29)/365 -> 4.5890411 | AZ62: =IF(AND(AZ54=0,AZ55=0,AZ57=0),1,0) -> 0 | BA62: =(AZ$9-$E29)/365 -> 5.5917808
AP63: scenario 4 | AR63: =IF(AND(AR55=0,AR57=1),1,0) -> 0 | AS63: =(F29-$E29)/365 -> 2.0849315 | AT63: =IF(AND(AT55=0,AT57=1),1,0) -> 0 | AU63: =($F29-$E29)/365 -> 2.0849315 | AV63: =IF(AND(AV55=0,AV57=1),1,0) -> 0 | AW63: =($F29-$E29)/365 -> 2.0849315 | AX63: =IF(AND(AX55=0,AX57=1),1,0) -> 0 | AY63: =($F29-$E29)/365 -> 2.0849315 | AZ63: =IF(AND(AZ55=0,AZ57=1),1,0) -> 0 | BA63: =($F29-$E29)/365 -> 2.0849315
AN65: 30 | AO65: is contract start date after the end of relevant year? | AR65: =IF($E$30>=$AR$9,1,0) -> 0 | AT65: =IF($E$30>=AT$9,1,0) -> 0 | AV65: =IF($E$30>=AV$9,1,0) -> 0 | AX65: =IF($E$30>=AX$9,1,0) -> 0 | AZ65: =IF($E$30>=AZ$9,1,0) -> 0
AO66: is contract start date before beginning of relevant year? | AR66: =IF($E$30<=$AR$8,1,0) -> 1 | AT66: =IF($E$30<=AT$8,1,0) -> 1 | AV66: =IF($E$30<=AV$8,1,0) -> 1 | AX66: =IF($E$30<=AX$8,1,0) -> 1 | AZ66: =IF($E$30<=AZ$8,1,0) -> 1
AO67: is contract end date before beginning of relevant year | AR67: =IF($F$30<=$AR$8,1,0) -> 0 | AT67: =IF($F$30<=AT$8,1,0) -> 0 | AV67: =IF($F$30<=AV$8,1,0) -> 1 | AX67: =IF($F$30<=AX$8,1,0) -> 1 | AZ67: =IF($F$30<=AZ$8,1,0) -> 1
AO68: is contract end date before end of relevant year? | AR68: =IF($F$30<=$AR$9,1,0) -> 0 | AT68: =IF($F$30<=AT$9,1,0) -> 1 | AV68: =IF($F$30<=AV$9,1,0) -> 1 | AX68: =IF($F$30<=AX$9,1,0) -> 1 | AZ68: =IF($F$30<=AZ$9,1,0) -> 1
AR69: Scen | AS69: Value | AT69: Scen | AU69: Value | AV69: Scen | AW69: Value | AX69: Scen | AY69: Value | AZ69: Scen | BA69: Value
AP70: scenario 1 | AR70: =IF(AND(AR66=1,AR68=0)=TRUE,1,0) -> 1 | AS70: 1 | AT70: =IF(AND(AT66=1,AT68=0)=TRUE,1,0) -> 0 | AU70: 1 | AV70: =IF(AND(AV66=1,AV68=0)=TRUE,1,0) -> 0 | AW70: 1 | AX70: =IF(AND(AX66=1,AX68=0)=TRUE,1,0) -> 0 | AY70: 1 | AZ70: =IF(AND(AZ66=1,AZ68=0)=TRUE,1,0) -> 0 | BA70: 1
AP71: scenario 5,6 | AR71: =IF(AND(AR66=1,AR67=1,AR68=1),1,0)+AR65 -> 0 | AS71: 0 | AT71: =IF(AND(AT66=1,AT67=1,AT68=1),1,0)+AT65 -> 0 | AU71: 0 | AV71: =IF(AND(AV66=1,AV67=1,AV68=1),1,0)+AV65 -> 1 | AW71: 0 | AX71: =IF(AND(AX66=1,AX67=1,AX68=1),1,0)+AX65 -> 1 | AY71: 0 | AZ71: =IF(AND(AZ66=1,AZ67=1,AZ68=1),1,0)+AZ65 -> 1 | BA71: 0
AP72: senario 2 | AR72: =IF(AND(AR66=1,AR67=0,AR68=1),1,0) -> 0 | AS72: =($F30-AR$8+1)/365 -> 1.5013699 | AT72: =IF(AND(AT66=1,AT67=0,AT68=1),1,0) -> 1 | AU72: =($F30-AT$8)/365 -> 0.49589041 | AV72: =IF(AND(AV66=1,AV67=0,AV68=1),1,0) -> 0 | AW72: =($F30-AV$8)/365 -> -0.50410959 | AX72: =IF(AND(AX66=1,AX67=0,AX68=1),1,0) -> 0 | AY72: =($F30-AX$8)/365 -> -1.5041096 | AZ72: =IF(AND(AZ66=1,AZ67=0,AZ68=1),1,0) -> 0 | BA72: =($F30-AZ$8)/365 -> -2.5041096
AP73: scenario 3 | AR73: =IF(AND(AR65=0,AR66=0,AR68=0),1,0) -> 0 | AS73: =(AR$9-$E30)/365 -> 1.5890411 | AT73: =IF(AND(AT65=0,AT66=0,AT68=0),1,0) -> 0 | AU73: =(AT$9-$E30)/365 -> 2.5890411 | AV73: =IF(AND(AV65=0,AV66=0,AV68=0),1,0) -> 0 | AW73: =(AV$9-$E30)/365 -> 3.5890411 | AX73: =IF(AND(AX65=0,AX66=0,AX68=0),1,0) -> 0 | AY73: =(AX$9-$E30)/365 -> 4.5890411 | AZ73: =IF(AND(AZ65=0,AZ66=0,AZ68=0),1,0) -> 0 | BA73: =(AZ$9-$E30)/365 -> 5.5917808
AP74: scenario 4 | AR74: =IF(AND(AR66=0,AR68=1),1,0) -> 0 | AS74: =(F30-$E30)/365 -> 2.0849315 | AT74: =IF(AND(AT66=0,AT68=1),1,0) -> 0 | AU74: =($F30-$E30)/365 -> 2.0849315 | AV74: =IF(AND(AV66=0,AV68=1),1,0) -> 0 | AW74: =($F30-$E30)/365 -> 2.0849315 | AX74: =IF(AND(AX66=0,AX68=1),1,0) -> 0 | AY74: =($F30-$E30)/365 -> 2.0849315 | AZ74: =IF(AND(AZ66=0,AZ68=1),1,0) -> 0 | BA74: =($F30-$E30)/365 -> 2.0849315
AN76: 31 | AO76: is contract start date after the end of relevant year? | AR76: =IF($E$31>=$AR$9,1,0) -> 0 | AT76: =IF($E$31>=AT$9,1,0) -> 0 | AV76: =IF($E$31>=AV$9,1,0) -> 0 | AX76: =IF($E$31>=AX$9,1,0) -> 0 | AZ76: =IF($E$31>=AZ$9,1,0) -> 0
AO77: is contract start date before beginning of relevant year? | AR77: =IF($E$31<=$AR$8,1,0) -> 1 | AT77: =IF($E$31<=AT$8,1,0) -> 1 | AV77: =IF($E$31<=AV$8,1,0) -> 1 | AX77: =IF($E$31<=AX$8,1,0) -> 1 | AZ77: =IF($E$31<=AZ$8,1,0) -> 1
AO78: is contract end date before beginning of relevant year | AR78: =IF($F$31<=$AR$8,1,0) -> 0 | AT78: =IF($F$31<=AT$8,1,0) -> 0 | AV78: =IF($F$31<=AV$8,1,0) -> 1 | AX78: =IF($F$31<=AX$8,1,0) -> 1 | AZ78: =IF($F$31<=AZ$8,1,0) -> 1
AO79: is contract end date before end of relevant year? | AR79: =IF($F$31<=$AR$9,1,0) -> 0 | AT79: =IF($F$31<=AT$9,1,0) -> 1 | AV79: =IF($F$31<=AV$9,1,0) -> 1 | AX79: =IF($F$31<=AX$9,1,0) -> 1 | AZ79: =IF($F$31<=AZ$9,1,0) -> 1
AR80: Scen | AS80: Value | AT80: Scen | AU80: Value | AV80: Scen | AW80: Value | AX80: Scen | AY80: Value | AZ80: Scen | BA80: Value
AP81: scenario 1 | AR81: =IF(AND(AR77=1,AR79=0)=TRUE,1,0) -> 1 | AS81: 1 | AT81: =IF(AND(AT77=1,AT79=0)=TRUE,1,0) -> 0 | AU81: 1 | AV81: =IF(AND(AV77=1,AV79=0)=TRUE,1,0) -> 0 | AW81: 1 | AX81: =IF(AND(AX77=1,AX79=0)=TRUE,1,0) -> 0 | AY81: 1 | AZ81: =IF(AND(AZ77=1,AZ79=0)=TRUE,1,0) -> 0 | BA81: 1
AP82: scenario 5,6 | AR82: =IF(AND(AR77=1,AR78=1,AR79=1),1,0)+AR76 -> 0 | AS82: 0 | AT82: =IF(AND(AT77=1,AT78=1,AT79=1),1,0)+AT76 -> 0 | AU82: 0 | AV82: =IF(AND(AV77=1,AV78=1,AV79=1),1,0)+AV76 -> 1 | AW82: 0 | AX82: =IF(AND(AX77=1,AX78=1,AX79=1),1,0)+AX76 -> 1 | AY82: 0 | AZ82: =IF(AND(AZ77=1,AZ78=1,AZ79=1),1,0)+AZ76 -> 1 | BA82: 0
AP83: senario 2 | AR83: =IF(AND(AR77=1,AR78=0,AR79=1),1,0) -> 0 | AS83: =($F31-AR$8+1)/365 -> 1.5013699 | AT83: =IF(AND(AT77=1,AT78=0,AT79=1),1,0) -> 1 | AU83: =($F31-AT$8)/365 -> 0.49589041 | AV83: =IF(AND(AV77=1,AV78=0,AV79=1),1,0) -> 0 | AW83: =($F31-AV$8)/365 -> -0.50410959 | AX83: =IF(AND(AX77=1,AX78=0,AX79=1),1,0) -> 0 | AY83: =($F31-AX$8)/365 -> -1.5041096 | AZ83: =IF(AND(AZ77=1,AZ78=0,AZ79=1),1,0) -> 0 | BA83: =($F31-AZ$8)/365 -> -2.5041096
AP84: scenario 3 | AR84: =IF(AND(AR76=0,AR77=0,AR79=0),1,0) -> 0 | AS84: =(AR$9-$E31)/365 -> 1.5890411 | AT84: =IF(AND(AT76=0,AT77=0,AT79=0),1,0) -> 0 | AU84: =(AT$9-$E31)/365 -> 2.5890411 | AV84: =IF(AND(AV76=0,AV77=0,AV79=0),1,0) -> 0 | AW84: =(AV$9-$E31)/365 -> 3.5890411 | AX84: =IF(AND(AX76=0,AX77=0,AX79=0),1,0) -> 0 | AY84: =(AX$9-$E31)/365 -> 4.5890411 | AZ84: =IF(AND(AZ76=0,AZ77=0,AZ79=0),1,0) -> 0 | BA84: =(AZ$9-$E31)/365 -> 5.5917808
AP85: scenario 4 | AR85: =IF(AND(AR77=0,AR79=1),1,0) -> 0 | AS85: =(F31-$E31)/365 -> 2.0849315 | AT85: =IF(AND(AT77=0,AT79=1),1,0) -> 0 | AU85: =($F31-$E31)/365 -> 2.0849315 | AV85: =IF(AND(AV77=0,AV79=1),1,0) -> 0 | AW85: =($F31-$E31)/365 -> 2.0849315 | AX85: =IF(AND(AX77=0,AX79=1),1,0) -> 0 | AY85: =($F31-$E31)/365 -> 2.0849315 | AZ85: =IF(AND(AZ77=0,AZ79=1),1,0) -> 0 | BA85: =($F31-$E31)/365 -> 2.0849315
AN87: 32 | AO87: is contract start date after the end of relevant year? | AR87: =IF($E$32>=$AR$9,1,0) -> 0 | AT87: =IF($E$32>=AT$9,1,0) -> 0 | AV87: =IF($E$32>=AV$9,1,0) -> 0 | AX87: =IF($E$32>=AX$9,1,0) -> 0 | AZ87: =IF($E$32>=AZ$9,1,0) -> 0
AO88: is contract start date before beginning of relevant year? | AR88: =IF($E$32<=$AR$8,1,0) -> 1 | AT88: =IF($E$32<=AT$8,1,0) -> 1 | AV88: =IF($E$32<=AV$8,1,0) -> 1 | AX88: =IF($E$32<=AX$8,1,0) -> 1 | AZ88: =IF($E$32<=AZ$8,1,0) -> 1
AO89: is contract end date before beginning of relevant year | AR89: =IF($F$32<=$AR$8,1,0) -> 0 | AT89: =IF($F$32<=AT$8,1,0) -> 0 | AV89: =IF($F$32<=AV$8,1,0) -> 1 | AX89: =IF($F$32<=AX$8,1,0) -> 1 | AZ89: =IF($F$32<=AZ$8,1,0) -> 1
AO90: is contract end date before end of relevant year? | AR90: =IF($F$32<=$AR$9,1,0) -> 0 | AT90: =IF($F$32<=AT$9,1,0) -> 1 | AV90: =IF($F$32<=AV$9,1,0) -> 1 | AX90: =IF($F$32<=AX$9,1,0) -> 1 | AZ90: =IF($F$32<=AZ$9,1,0) -> 1
AR91: Scen | AS91: Value | AT91: Scen | AU91: Value | AV91: Scen | AW91: Value | AX91: Scen | AY91: Value | AZ91: Scen | BA91: Value
AP92: scenario 1 | AR92: =IF(AND(AR88=1,AR90=0)=TRUE,1,0) -> 1 | AS92: 1 | AT92: =IF(AND(AT88=1,AT90=0)=TRUE,1,0) -> 0 | AU92: 1 | AV92: =IF(AND(AV88=1,AV90=0)=TRUE,1,0) -> 0 | AW92: 1 | AX92: =IF(AND(AX88=1,AX90=0)=TRUE,1,0) -> 0 | AY92: 1 | AZ92: =IF(AND(AZ88=1,AZ90=0)=TRUE,1,0) -> 0 | BA92: 1
AP93: scenario 5,6 | AR93: =IF(AND(AR88=1,AR89=1,AR90=1),1,0)+AR87 -> 0 | AS93: 0 | AT93: =IF(AND(AT88=1,AT89=1,AT90=1),1,0)+AT87 -> 0 | AU93: 0 | AV93: =IF(AND(AV88=1,AV89=1,AV90=1),1,0)+AV87 -> 1 | AW93: 0 | AX93: =IF(AND(AX88=1,AX89=1,AX90=1),1,0)+AX87 -> 1 | AY93: 0 | AZ93: =IF(AND(AZ88=1,AZ89=1,AZ90=1),1,0)+AZ87 -> 1 | BA93: 0
AP94: senario 2 | AR94: =IF(AND(AR88=1,AR89=0,AR90=1),1,0) -> 0 | AS94: =($F32-AR$8+1)/365 -> 1.5013699 | AT94: =IF(AND(AT88=1,AT89=0,AT90=1),1,0) -> 1 | AU94: =($F32-AT$8)/365 -> 0.49589041 | AV94: =IF(AND(AV88=1,AV89=0,AV90=1),1,0) -> 0 | AW94: =($F32-AV$8)/365 -> -0.50410959 | AX94: =IF(AND(AX88=1,AX89=0,AX90=1),1,0) -> 0 | AY94: =($F32-AX$8)/365 -> -1.5041096 | AZ94: =IF(AND(AZ88=1,AZ89=0,AZ90=1),1,0) -> 0 | BA94: =($F32-AZ$8)/365 -> -2.5041096
AP95: scenario 3 | AR95: =IF(AND(AR87=0,AR88=0,AR90=0),1,0) -> 0 | AS95: =(AR$9-$E32)/365 -> 1.5890411 | AT95: =IF(AND(AT87=0,AT88=0,AT90=0),1,0) -> 0 | AU95: =(AT$9-$E32)/365 -> 2.5890411 | AV95: =IF(AND(AV87=0,AV88=0,AV90=0),1,0) -> 0 | AW95: =(AV$9-$E32)/365 -> 3.5890411 | AX95: =IF(AND(AX87=0,AX88=0,AX90=0),1,0) -> 0 | AY95: =(AX$9-$E32)/365 -> 4.5890411 | AZ95: =IF(AND(AZ87=0,AZ88=0,AZ90=0),1,0) -> 0 | BA95: =(AZ$9-$E32)/365 -> 5.5917808
AP96: scenario 4 | AR96: =IF(AND(AR88=0,AR90=1),1,0) -> 0 | AS96: =(F32-$E32)/365 -> 2.0849315 | AT96: =IF(AND(AT88=0,AT90=1),1,0) -> 0 | AU96: =($F32-$E32)/365 -> 2.0849315 | AV96: =IF(AND(AV88=0,AV90=1),1,0) -> 0 | AW96: =($F32-$E32)/365 -> 2.0849315 | AX96: =IF(AND(AX88=0,AX90=1),1,0) -> 0 | AY96: =($F32-$E32)/365 -> 2.0849315 | AZ96: =IF(AND(AZ88=0,AZ90=1),1,0) -> 0 | BA96: =($F32-$E32)/365 -> 2.0849315
AN98: 33 | AO98: is contract start date after the end of relevant year? | AR98: =IF($E$33>=$AR$9,1,0) -> 0 | AT98: =IF($E$33>=AT$9,1,0) -> 0 | AV98: =IF($E$33>=AV$9,1,0) -> 0 | AX98: =IF($E$33>=AX$9,1,0) -> 0 | AZ98: =IF($E$33>=AZ$9,1,0) -> 0
AO99: is contract start date before beginning of relevant year? | AR99: =IF($E$33<=$AR$8,1,0) -> 1 | AT99: =IF($E$33<=AT$8,1,0) -> 1 | AV99: =IF($E$33<=AV$8,1,0) -> 1 | AX99: =IF($E$33<=AX$8,1,0) -> 1 | AZ99: =IF($E$33<=AZ$8,1,0) -> 1
AO100: is contract end date before beginning of relevant year | AR100: =IF($F$33<=$AR$8,1,0) -> 0 | AT100: =IF($F$33<=AT$8,1,0) -> 0 | AV100: =IF($F$33<=AV$8,1,0) -> 1 | AX100: =IF($F$33<=AX$8,1,0) -> 1 | AZ100: =IF($F$33<=AZ$8,1,0) -> 1
AO101: is contract end date before end of relevant year? | AR101: =IF($F$33<=$AR$9,1,0) -> 0 | AT101: =IF($F$33<=AT$9,1,0) -> 1 | AV101: =IF($F$33<=AV$9,1,0) -> 1 | AX101: =IF($F$33<=AX$9,1,0) -> 1 | AZ101: =IF($F$33<=AZ$9,1,0) -> 1
AR102: Scen | AS102: Value | AT102: Scen | AU102: Value | AV102: Scen | AW102: Value | AX102: Scen | AY102: Value | AZ102: Scen | BA102: Value
AP103: scenario 1 | AR103: =IF(AND(AR99=1,AR101=0)=TRUE,1,0) -> 1 | AS103: 1 | AT103: =IF(AND(AT99=1,AT101=0)=TRUE,1,0) -> 0 | AU103: 1 | AV103: =IF(AND(AV99=1,AV101=0)=TRUE,1,0) -> 0 | AW103: 1 | AX103: =IF(AND(AX99=1,AX101=0)=TRUE,1,0) -> 0 | AY103: 1 | AZ103: =IF(AND(AZ99=1,AZ101=0)=TRUE,1,0) -> 0 | BA103: 1
AP104: scenario 5,6 | AR104: =IF(AND(AR99=1,AR100=1,AR101=1),1,0)+AR98 -> 0 | AS104: 0 | AT104: =IF(AND(AT99=1,AT100=1,AT101=1),1,0)+AT98 -> 0 | AU104: 0 | AV104: =IF(AND(AV99=1,AV100=1,AV101=1),1,0)+AV98 -> 1 | AW104: 0 | AX104: =IF(AND(AX99=1,AX100=1,AX101=1),1,0)+AX98 -> 1 | AY104: 0 | AZ104: =IF(AND(AZ99=1,AZ100=1,AZ101=1),1,0)+AZ98 -> 1 | BA104: 0
AP105: senario 2 | AR105: =IF(AND(AR99=1,AR100=0,AR101=1),1,0) -> 0 | AS105: =($F33-AR$8+1)/365 -> 1.5013699 | AT105: =IF(AND(AT99=1,AT100=0,AT101=1),1,0) -> 1 | AU105: =($F33-AT$8)/365 -> 0.49589041 | AV105: =IF(AND(AV99=1,AV100=0,AV101=1),1,0) -> 0 | AW105: =($F33-AV$8)/365 -> -0.50410959 | AX105: =IF(AND(AX99=1,AX100=0,AX101=1),1,0) -> 0 | AY105: =($F33-AX$8)/365 -> -1.5041096 | AZ105: =IF(AND(AZ99=1,AZ100=0,AZ101=1),1,0) -> 0 | BA105: =($F33-AZ$8)/365 -> -2.5041096
AP106: scenario 3 | AR106: =IF(AND(AR98=0,AR99=0,AR101=0),1,0) -> 0 | AS106: =(AR$9-$E33)/365 -> 1.5890411 | AT106: =IF(AND(AT98=0,AT99=0,AT101=0),1,0) -> 0 | AU106: =(AT$9-$E33)/365 -> 2.5890411 | AV106: =IF(AND(AV98=0,AV99=0,AV101=0),1,0) -> 0 | AW106: =(AV$9-$E33)/365 -> 3.5890411 | AX106: =IF(AND(AX98=0,AX99=0,AX101=0),1,0) -> 0 | AY106: =(AX$9-$E33)/365 -> 4.5890411 | AZ106: =IF(AND(AZ98=0,AZ99=0,AZ101=0),1,0) -> 0 | BA106: =(AZ$9-$E33)/365 -> 5.5917808
...

Sheet C_Projection 
B2: PROJECTION CALCULATIONS | H2: 1 | I2: 2 | J2: 3 | K2: 4 | L2: 5
G3: =I_Baseline!C4 -> 2023 | H3: =G3+1 -> 2024 | I3: =H3+1 -> 2025 | J3: =I3+1 -> 2026 | K3: =J3+1 -> 2027 | L3: =K3+1 -> 2028 | R3: Category | S3: Calculation | T3: =G3 -> 2023 | U3: =H3 -> 2024 | V3: =I3 -> 2025 | W3: =J3 -> 2026 | X3: =K3 -> 2027 | Y3: =L3 -> 2028
R4: =B5 -> Admin Buildings /Offices | S4: Beginning Usage | T4: =G5 -> 3000 | U4: =T7 -> 3000 | V4: =U7 -> 2995.5 | W4: =V7 -> 2982.41 | X4: =W7 -> 2865.0582 | Y4: =X7 -> 2693.3594
B5: =C_Lists!AF5 -> Admin Buildings /Offices | F5: Baseline - Beginning of period | G5: =I_Baseline!$D$16 -> 3000 | H5: =G5 -> 3000 | I5: =H10 -> 2995.5 | J5: =I10 -> 2982.41 | K5: =J10 -> 2865.0582 | L5: =K10 -> 2693.3594 | R5: =R4 -> Admin Buildings /Offices | S5: Growth | U5: =H7+H8 -> 60 | V5: =I7+I8 -> 59.91 | W5: =J7+J8 -> 59.6482 | X5: =K7+K8 -> 57.301164 | Y5: =L7+L8 -> 53.867187
R6: =R4 -> Admin Buildings /Offices | S6: Intervention | U6: =H9 -> -64.5 | V6: =I9 -> -73 | W6: =J9 -> -177 | X6: =K9 -> -229 | Y6: =L9 -> -333
F7: Growth (%) | H7: =H5*'I_Generation and growth FCast'!N$26 -> 60 | I7: =I5*'I_Generation and growth FCast'!O26 -> 59.91 | J7: =J5*'I_Generation and growth FCast'!P26 -> 59.6482 | K7: =K5*'I_Generation and growth FCast'!Q26 -> 57.301164 | L7: =L5*'I_Generation and growth FCast'!R26 -> 53.867187 | R7: =R4 -> Admin Buildings /Offices | S7: Net Usage | T7: =SUM(T4:T6) -> 3000 | U7: =SUM(U4:U6) -> 2995.5 | V7: =SUM(V4:V6) -> 2982.41 | W7: =SUM(W4:W6) -> 2865.0582 | X7: =SUM(X4:X6) -> 2693.3594 | Y7: =SUM(Y4:Y6) -> 2414.2266
F8: Growth (KwH) | H8: ='I_Generation and growth FCast'!N$27 -> 0 | I8: ='I_Generation and growth FCast'!O27 -> 0 | J8: ='I_Generation and growth FCast'!P27 -> 0 | K8: ='I_Generation and growth FCast'!Q27 -> 0 | L8: ='I_Generation and growth FCast'!R27 -> 0 | R8: =B12 -> Car Parks | S8: Beginning Usage | T8: =G12 -> 3000 | U8: =H12 -> 3000 | V8: =I12 -> 3433 | W8: =J12 -> 3855 | X8: =K12 -> 4193 | Y8: =L12 -> 4489
F9: Intervention | H9: =-'I_Intervention FCast'!W12 -> -64.5 | I9: =-'I_Intervention FCast'!X12 -> -73 | J9: =-'I_Intervention FCast'!Y12 -> -177 | K9: =-'I_Intervention FCast'!Z12 -> -229 | L9: =-'I_Intervention FCast'!AA12 -> -333 | R9: =R8 -> Car Parks | S9: Growth | U9: =H14+H15 -> 500 | V9: =I14+I15 -> 500 | W9: =J14+J15 -> 500 | X9: =K14+K15 -> 500 | Y9: =L14+L15 -> 500
F10: End of Period | G10: =G5 -> 3000 | H10: =SUM(H5:H9) -> 2995.5 | I10: =SUM(I5:I9) -> 2982.41 | J10: =SUM(J5:J9) -> 2865.0582 | K10: =SUM(K5:K9) -> 2693.3594 | L10: =SUM(L5:L9) -> 2414.2266 | R10: =R8 -> Car Parks | S10: Intervention | U10: =H16 -> -67 | V10: =I16 -> -78 | W10: =J16 -> -162 | X10: =K16 -> -204 | Y10: =L16 -> -288
R11: =R8 -> Car Parks | S11: Net Usage | T11: =G17 -> 3000 | U11: =H17 -> 3433 | V11: =I17 -> 3855 | W11: =J17 -> 4193 | X11: =K17 -> 4489 | Y11: =L17 -> 4701 | AB11: Category | AC11: (All)
B12: =C_Lists!AF6 -> Car Parks | F12: Baseline - Beginning of period | G12: =I_Baseline!D17 -> 3000 | H12: =G12 -> 3000 | I12: =H17 -> 3433 | J12: =I17 -> 3855 | K12: =J17 -> 4193 | L12: =K17 -> 4489 | AB12: Calculation | AC12: (Multiple Items)
F14: Growth (%) | H14: =H12*'I_Generation and growth FCast'!N31 -> 0 | I14: =I12*'I_Generation and growth FCast'!O31 -> 0 | J14: =J12*'I_Generation and growth FCast'!P31 -> 0 | K14: =K12*'I_Generation and growth FCast'!Q31 -> 0 | L14: =L12*'I_Generation and growth FCast'!R31 -> 0 | R14: Row Labels | S14: 2023 | T14: 2024 | U14: 2025 | V14: 2026 | W14: 2027 | X14: 2028 | AB14: Values
F15: Growth (KwH) | H15: ='I_Generation and growth FCast'!N32 -> 500 | I15: ='I_Generation and growth FCast'!O32 -> 500 | J15: ='I_Generation and growth FCast'!P32 -> 500 | K15: ='I_Generation and growth FCast'!Q32 -> 500 | L15: ='I_Generation and growth FCast'!R32 -> 500 | R15: Admin Buildings /Offices | S15: 12000 | T15: 12108 | U15: 12142.16 | V15: 11803.003 | W15: 11270.063 | X15: 10352.465 | AB15: 2023 | AC15: 24000
F16: Intervention | H16: =-'I_Intervention FCast'!W18 -> -67 | I16: =-'I_Intervention FCast'!X18 -> -78 | J16: =-'I_Intervention FCast'!Y18 -> -162 | K16: =-'I_Intervention FCast'!Z18 -> -204 | L16: =-'I_Intervention FCast'!AA18 -> -288 | R16: Growth | T16: 240 | U16: 242.16 | V16: 242.8432 | W16: 236.06006 | X16: 225.40127 | AB16: 2024 | AC16: 24496
F17: End of Period | G17: =G12 -> 3000 | H17: =SUM(H12:H16) -> 3433 | I17: =SUM(I12:I16) -> 3855 | J17: =SUM(J12:J16) -> 4193 | K17: =SUM(K12:K16) -> 4489 | L17: =SUM(L12:L16) -> 4701 | R17: Intervention | T17: -132 | U17: -208 | V17: -582 | W17: -769 | X17: -1143 | AB17: 2025 | AC17: 24862.16
R18: Beginning Usage | S18: 12000 | T18: 12000 | U18: 12108 | V18: 12142.16 | W18: 11803.003 | X18: 11270.063 | AB18: 2026 | AC18: 24591.003
B19: =C_Lists!AF7 -> Care Homes | F19: Baseline - Beginning of period | G19: =I_Baseline!D18 -> 3000 | H19: =G19 -> 3000 | I19: =H24 -> 3023 | J19: =I24 -> 3035.69 | K19: =J24 -> 2964.7607 | L19: =K24 -> 2849.7035 | AB19: 2027 | AC19: 23994.063
R20: Car Parks | S20: 12000 | T20: 12388 | U20: 12720 | V20: 12788 | W20: 12724 | X20: 12396 | AB20: 2028 | AC20: 22748.465
F21: Growth (%) | H21: =H19*'I_Generation and growth FCast'!N36 -> 90 | I21: =I19*'I_Generation and growth FCast'!O36 -> 90.69 | J21: =J19*'I_Generation and growth FCast'!P36 -> 91.0707 | K21: =K19*'I_Generation and growth FCast'!Q36 -> 88.942821 | L21: =L19*'I_Generation and growth FCast'!R36 -> 85.491106 | R21: Growth | T21: 500 | U21: 500 | V21: 500 | W21: 500 | X21: 500
F22: Growth (KwH) | H22: ='I_Generation and growth FCast'!N37 -> 0 | I22: ='I_Generation and growth FCast'!O37 -> 0 | J22: ='I_Generation and growth FCast'!P37 -> 0 | K22: ='I_Generation and growth FCast'!Q37 -> 0 | L22: ='I_Generation and growth FCast'!R37 -> 0 | R22: Intervention | T22: -112 | U22: -168 | V22: -432 | W22: -564 | X22: -828
F23: Intervention | H23: =-'I_Intervention FCast'!W24 -> -67 | I23: =-'I_Intervention FCast'!X24 -> -78 | J23: =-'I_Intervention FCast'!Y24 -> -162 | K23: =-'I_Intervention FCast'!Z24 -> -204 | L23: =-'I_Intervention FCast'!AA24 -> -288 | R23: Beginning Usage | S23: 12000 | T23: 12000 | U23: 12388 | V23: 12720 | W23: 12788 | X23: 12724
F24: End of Period | G24: =G19 -> 3000 | H24: =SUM(H19:H23) -> 3023 | I24: =SUM(I19:I23) -> 3035.69 | J24: =SUM(J19:J23) -> 2964.7607 | K24: =SUM(K19:K23) -> 2849.7035 | L24: =SUM(L19:L23) -> 2647.1946
B26: =C_Lists!AF8 -> Commercial Properties | F26: Baseline - Beginning of period | G26: =I_Baseline!D19 -> 3000 | H26: =G26 -> 3000 | I26: =H31 -> 3933 | J26: =I31 -> 4355 | K26: =J31 -> 4693 | L26: =K31 -> 4989
F28: Growth (%) | H28: =H26*'I_Generation and growth FCast'!N41 -> 0 | I28: =I26*'I_Generation and growth FCast'!O41 -> 0 | J28: =J26*'I_Generation and growth FCast'!P41 -> 0 | K28: =K26*'I_Generation and growth FCast'!Q41 -> 0 | L28: =L26*'I_Generation and growth FCast'!R41 -> 0
F29: Growth (KwH) | H29: ='I_Generation and growth FCast'!N42 -> 1000 | I29: ='I_Generation and growth FCast'!O42 -> 500 | J29: ='I_Generation and growth FCast'!P42 -> 500 | K29: ='I_Generation and growth FCast'!Q42 -> 500 | L29: ='I_Generation and growth FCast'!R42 -> 500
F30: Intervention | H30: =-'I_Intervention FCast'!W30 -> -67 | I30: =-'I_Intervention FCast'!X30 -> -78 | J30: =-'I_Intervention FCast'!Y30 -> -162 | K30: =-'I_Intervention FCast'!Z30 -> -204 | L30: =-'I_Intervention FCast'!AA30 -> -288
F31: End of Period | G31: =G26 -> 3000 | H31: =SUM(H26:H30) -> 3933 | I31: =SUM(I26:I30) -> 4355 | J31: =SUM(J26:J30) -> 4693 | K31: =SUM(K26:K30) -> 4989 | L31: =SUM(L26:L30) -> 5201
B33: =C_Lists!AF9 -> Community Centres | F33: Baseline - Beginning of period | G33: =I_Baseline!D20 -> 3000 | H33: =G33 -> 3000 | I33: =H38 -> 3083 | J33: =I38 -> 3066.66 | K33: =J38 -> 2965.9932 | L33: =K38 -> 2821.3131
F35: Growth (%) | H35: =H33*'I_Generation and growth FCast'!N46 -> 150 | I35: =I33*'I_Generation and growth FCast'!O46 -> 61.66 | J35: =J33*'I_Generation and growth FCast'!P46 -> 61.3332 | K35: =K33*'I_Generation and growth FCast'!Q46 -> 59.319864 | L35: =L33*'I_Generation and growth FCast'!R46 -> 56.426261
F36: Growth (KwH) | H36: ='I_Generation and growth FCast'!N47 -> 0 | I36: ='I_Generation and growth FCast'!O47 -> 0 | J36: ='I_Generation and growth FCast'!P47 -> 0 | K36: ='I_Generation and growth FCast'!Q47 -> 0 | L36: ='I_Generation and growth FCast'!R47 -> 0
F37: Intervention | H37: =-'I_Intervention FCast'!W36 -> -67 | I37: =-'I_Intervention FCast'!X36 -> -78 | J37: =-'I_Intervention FCast'!Y36 -> -162 | K37: =-'I_Intervention FCast'!Z36 -> -204 | L37: =-'I_Intervention FCast'!AA36 -> -288
F38: End of Period | G38: =G33 -> 3000 | H38: =SUM(H33:H37) -> 3083 | I38: =SUM(I33:I37) -> 3066.66 | J38: =SUM(J33:J37) -> 2965.9932 | K38: =SUM(K33:K37) -> 2821.3131 | L38: =SUM(L33:L37) -> 2589.7393
B40: =C_Lists!AF10 -> Day Centres | F40: Baseline - Beginning of period | G40: =I_Baseline!D21 -> 3000 | H40: =G40 -> 3000 | I40: =H45 -> 4433 | J40: =I45 -> 4855 | K40: =J45 -> 5193 | L40: =K45 -> 5489
F42: Growth (%) | H42: =H40*'I_Generation and growth FCast'!N51 -> 0 | I42: =I40*'I_Generation and growth FCast'!O51 -> 0 | J42: =J40*'I_Generation and growth FCast'!P51 -> 0 | K42: =K40*'I_Generation and growth FCast'!Q51 -> 0 | L42: =L40*'I_Generation and growth FCast'!R51 -> 0
F43: Growth (KwH) | H43: ='I_Generation and growth FCast'!N52 -> 1500 | I43: ='I_Generation and growth FCast'!O52 -> 500 | J43: ='I_Generation and growth FCast'!P52 -> 500 | K43: ='I_Generation and growth FCast'!Q52 -> 500 | L43: ='I_Generation and growth FCast'!R52 -> 500
F44: Intervention | H44: =-'I_Intervention FCast'!W42 -> -67 | I44: =-'I_Intervention FCast'!X42 -> -78 | J44: =-'I_Intervention FCast'!Y42 -> -162 | K44: =-'I_Intervention FCast'!Z42 -> -204 | L44: =-'I_Intervention FCast'!AA42 -> -288
F45: End of Period | G45: =G40 -> 3000 | H45: =SUM(H40:H44) -> 4433 | I45: =SUM(I40:I44) -> 4855 | J45: =SUM(J40:J44) -> 5193 | K45: =SUM(K40:K44) -> 5489 | L45: =SUM(L40:L44) -> 5701
B47: =C_Lists!AF11 -> Depots | F47: Baseline - Beginning of period | G47: =I_Baseline!D22 -> 3000 | H47: =G47 -> 3000 | I47: =H52 -> 3433.05 | J47: =I52 -> 3855.05 | K47: =J52 -> 4193.05 | L47: =K52 -> 4489.05
F49: Growth (%) | H49: =H47*'I_Generation and growth FCast'!N56 -> 0 | I49: =I47*'I_Generation and growth FCast'!O56 -> 0 | J49: =J47*'I_Generation and growth FCast'!P56 -> 0 | K49: =K47*'I_Generation and growth FCast'!Q56 -> 0 | L49: =L47*'I_Generation and growth FCast'!R56 -> 0
F50: Growth (KwH) | H50: ='I_Generation and growth FCast'!N57 -> 500.05 | I50: ='I_Generation and growth FCast'!O57 -> 500 | J50: ='I_Generation and growth FCast'!P57 -> 500 | K50: ='I_Generation and growth FCast'!Q57 -> 500 | L50: ='I_Generation and growth FCast'!R57 -> 500
F51: Intervention | H51: =-'I_Intervention FCast'!W48 -> -67 | I51: =-'I_Intervention FCast'!X48 -> -78 | J51: =-'I_Intervention FCast'!Y48 -> -162 | K51: =-'I_Intervention FCast'!Z48 -> -204 | L51: =-'I_Intervention FCast'!AA48 -> -288
F52: End of Period | G52: =G47 -> 3000 | H52: =SUM(H47:H51) -> 3433.05 | I52: =SUM(I47:I51) -> 3855.05 | J52: =SUM(J47:J51) -> 4193.05 | K52: =SUM(K47:K51) -> 4489.05 | L52: =SUM(L47:L51) -> 4701.05
B54: =C_Lists!AF12 -> 0 | F54: Baseline - Beginning of period | G54: =I_Baseline!D23 -> 0 | H54: =G54 -> 0 | I54: =H59 -> 0 | J54: =I59 -> 0 | K54: =J59 -> 0 | L54: =K59 -> 0
F56: Growth (%) | H56: =H54*'I_Generation and growth FCast'!N61 -> 0 | I56: =I54*'I_Generation and growth FCast'!O61 -> 0 | J56: =J54*'I_Generation and growth FCast'!P61 -> 0 | K56: =K54*'I_Generation and growth FCast'!Q61 -> 0 | L56: =L54*'I_Generation and growth FCast'!R61 -> 0
F57: Growth (KwH) | H57: ='I_Generation and growth FCast'!N62 -> 0 | I57: ='I_Generation and growth FCast'!O62 -> 0 | J57: ='I_Generation and growth FCast'!P62 -> 0 | K57: ='I_Generation and growth FCast'!Q62 -> 0 | L57: ='I_Generation and growth FCast'!R62 -> 0
F58: Intervention | H58: =-'I_Intervention FCast'!W54 -> 0 | I58: =-'I_Intervention FCast'!X54 -> 0 | J58: =-'I_Intervention FCast'!Y54 -> 0 | K58: =-'I_Intervention FCast'!Z54 -> 0 | L58: =-'I_Intervention FCast'!AA54 -> 0
F59: End of Period | G59: =G54 -> 0 | H59: =SUM(H54:H58) -> 0 | I59: =SUM(I54:I58) -> 0 | J59: =SUM(J54:J58) -> 0 | K59: =SUM(K54:K58) -> 0 | L59: =SUM(L54:L58) -> 0
B61: =C_Lists!AF13 -> 0 | F61: Baseline - Beginning of period | G61: =I_Baseline!D24 -> 0 | H61: =G61 -> 0 | I61: =H66 -> 0 | J61: =I66 -> 0 | K61: =J66 -> 0 | L61: =K66 -> 0
F63: Growth (%) | H63: =H61*'I_Generation and growth FCast'!N66 -> 0 | I63: =I61*'I_Generation and growth FCast'!O66 -> 0 | J63: =J61*'I_Generation and growth FCast'!P66 -> 0 | K63: =K61*'I_Generation and growth FCast'!Q66 -> 0 | L63: =L61*'I_Generation and growth FCast'!R66 -> 0
F64: Growth (KwH) | H64: ='I_Generation and growth FCast'!N67 -> 0 | I64: ='I_Generation and growth FCast'!O67 -> 0 | J64: ='I_Generation and growth FCast'!P67 -> 0 | K64: ='I_Generation and growth FCast'!Q67 -> 0 | L64: ='I_Generation and growth FCast'!R67 -> 0
F65: Intervention | H65: =-'I_Intervention FCast'!W60 -> 0 | I65: =-'I_Intervention FCast'!X60 -> 0 | J65: =-'I_Intervention FCast'!Y60 -> 0 | K65: =-'I_Intervention FCast'!Z60 -> 0 | L65: =-'I_Intervention FCast'!AA60 -> 0
F66: End of Period | G66: =G61 -> 0 | H66: =SUM(H61:H65) -> 0 | I66: =SUM(I61:I65) -> 0 | J66: =SUM(J61:J65) -> 0 | K66: =SUM(K61:K65) -> 0 | L66: =SUM(L61:L65) -> 0
B68: =C_Lists!AF14 -> 0 | F68: Baseline - Beginning of period | G68: =I_Baseline!D25 -> 0 | H68: =G68 -> 0 | I68: =H73 -> 0 | J68: =I73 -> 0 | K68: =J73 -> 0 | L68: =K73 -> 0
F70: Growth (%) | H70: =H68*'I_Generation and growth FCast'!N71 -> 0 | I70: =I68*'I_Generation and growth FCast'!O71 -> 0 | J70: =J68*'I_Generation and growth FCast'!P71 -> 0 | K70: =K68*'I_Generation and growth FCast'!Q71 -> 0 | L70: =L68*'I_Generation and growth FCast'!R71 -> 0
F71: Growth (KwH) | H71: ='I_Generation and growth FCast'!N72 -> 0 | I71: ='I_Generation and growth FCast'!O72 -> 0 | J71: ='I_Generation and growth FCast'!P72 -> 0 | K71: ='I_Generation and growth FCast'!Q72 -> 0 | L71: ='I_Generation and growth FCast'!R72 -> 0
F72: Intervention | H72: =-'I_Intervention FCast'!W66 -> 0 | I72: =-'I_Intervention FCast'!X66 -> 0 | J72: =-'I_Intervention FCast'!Y66 -> 0 | K72: =-'I_Intervention FCast'!Z66 -> 0 | L72: =-'I_Intervention FCast'!AA66 -> 0
F73: End of Period | G73: =G68 -> 0 | H73: =SUM(H68:H72) -> 0 | I73: =SUM(I68:I72) -> 0 | J73: =SUM(J68:J72) -> 0 | K73: =SUM(K68:K72) -> 0 | L73: =SUM(L68:L72) -> 0
B75: =C_Lists!AF15 -> 0 | F75: Baseline - Beginning of period | G75: =I_Baseline!D26 -> 0 | H75: =G75 -> 0 | I75: =H80 -> 0 | J75: =I80 -> 0 | K75: =J80 -> 0 | L75: =K80 -> 0
F77: Growth (%) | H77: =H75*'I_Generation and growth FCast'!N76 -> 0 | I77: =I75*'I_Generation and growth FCast'!O76 -> 0 | J77: =J75*'I_Generation and growth FCast'!P76 -> 0 | K77: =K75*'I_Generation and growth FCast'!Q76 -> 0 | L77: =L75*'I_Generation and growth FCast'!R76 -> 0
F78: Growth (KwH) | H78: ='I_Generation and growth FCast'!N77 -> 0 | I78: ='I_Generation and growth FCast'!O77 -> 0 | J78: ='I_Generation and growth FCast'!P77 -> 0 | K78: ='I_Generation and growth FCast'!Q77 -> 0 | L78: ='I_Generation and growth FCast'!R77 -> 0
F79: Intervention | H79: =-'I_Intervention FCast'!W72 -> 0 | I79: =-'I_Intervention FCast'!X72 -> 0 | J79: =-'I_Intervention FCast'!Y72 -> 0 | K79: =-'I_Intervention FCast'!Z72 -> 0 | L79: =-'I_Intervention FCast'!AA72 -> 0
F80: End of Period | G80: =G75 -> 0 | H80: =SUM(H75:H79) -> 0 | I80: =SUM(I75:I79) -> 0 | J80: =SUM(J75:J79) -> 0 | K80: =SUM(K75:K79) -> 0 | L80: =SUM(L75:L79) -> 0
B82: =C_Lists!AF16 -> 0 | F82: Baseline - Beginning of period | G82: =I_Baseline!D27 -> 0 | H82: =G82 -> 0 | I82: =H87 -> 0 | J82: =I87 -> 0 | K82: =J87 -> 0 | L82: =K87 -> 0
F84: Growth (%) | H84: =H82*'I_Generation and growth FCast'!N81 -> 0 | I84: =I82*'I_Generation and growth FCast'!O81 -> 0 | J84: =J82*'I_Generation and growth FCast'!P81 -> 0 | K84: =K82*'I_Generation and growth FCast'!Q81 -> 0 | L84: =L82*'I_Generation and growth FCast'!R81 -> 0
F85: Growth (KwH) | H85: ='I_Generation and growth FCast'!N82 -> 0 | I85: ='I_Generation and growth FCast'!O82 -> 0 | J85: ='I_Generation and growth FCast'!P82 -> 0 | K85: ='I_Generation and growth FCast'!Q82 -> 0 | L85: ='I_Generation and growth FCast'!R82 -> 0
F86: Intervention | H86: =-'I_Intervention FCast'!W78 -> 0 | I86: =-'I_Intervention FCast'!X78 -> 0 | J86: =-'I_Intervention FCast'!Y78 -> 0 | K86: =-'I_Intervention FCast'!Z78 -> 0 | L86: =-'I_Intervention FCast'!AA78 -> 0
F87: End of Period | G87: =G82 -> 0 | H87: =SUM(H82:H86) -> 0 | I87: =SUM(I82:I86) -> 0 | J87: =SUM(J82:J86) -> 0 | K87: =SUM(K82:K86) -> 0 | L87: =SUM(L82:L86) -> 0
B89: =C_Lists!AF17 -> 0 | F89: Baseline - Beginning of period | G89: =I_Baseline!D28 -> 0 | H89: =G89 -> 0 | I89: =H94 -> 2023 | J89: =I94 -> 4047 | K89: =J94 -> 6072 | L89: =K94 -> 8098
F91: Growth (%) | H91: =H89*'I_Generation and growth FCast'!N86 -> 0 | I91: =I89*'I_Generation and growth FCast'!O86 -> 0 | J91: =J89*'I_Generation and growth FCast'!P86 -> 0 | K91: =K89*'I_Generation and growth FCast'!Q86 -> 0 | L91: =L89*'I_Generation and growth FCast'!R86 -> 0
F92: Growth (KwH) | H92: ='I_Generation and growth FCast'!N90 -> 2023 | I92: ='I_Generation and growth FCast'!O90 -> 2024 | J92: ='I_Generation and growth FCast'!P90 -> 2025 | K92: ='I_Generation and growth FCast'!Q90 -> 2026 | L92: ='I_Generation and growth FCast'!R90 -> 2027
F93: Intervention | H93: =-'I_Intervention FCast'!W84 -> 0 | I93: =-'I_Intervention FCast'!X84 -> 0 | J93: =-'I_Intervention FCast'!Y84 -> 0 | K93: =-'I_Intervention FCast'!Z84 -> 0 | L93: =-'I_Intervention FCast'!AA84 -> 0
F94: End of Period | G94: =G89 -> 0 | H94: =SUM(H89:H93) -> 2023 | I94: =SUM(I89:I93) -> 4047 | J94: =SUM(J89:J93) -> 6072 | K94: =SUM(K89:K93) -> 8098 | L94: =SUM(L89:L93) -> 10125
B96: =C_Lists!AF18 -> 0 | F96: Baseline - Beginning of period | G96: =I_Baseline!D29 -> 0 | H96: =G96 -> 0 | I96: =H101 -> 0 | J96: =I101 -> 0 | K96: =J101 -> 0 | L96: =K101 -> 0
F98: Growth (%) | H98: =H96*'I_Generation and growth FCast'!N91 -> 0 | I98: =I96*'I_Generation and growth FCast'!O91 -> 0 | J98: =J96*'I_Generation and growth FCast'!P91 -> 0 | K98: =K96*'I_Generation and growth FCast'!Q91 -> 0 | L98: =L96*'I_Generation and growth FCast'!R91 -> 0
F99: Growth (KwH) | H99: ='I_Generation and growth FCast'!N92 -> 0 | I99: ='I_Generation and growth FCast'!O92 -> 0 | J99: ='I_Generation and growth FCast'!P92 -> 0 | K99: ='I_Generation and growth FCast'!Q92 -> 0 | L99: ='I_Generation and growth FCast'!R92 -> 0
F100: Intervention | H100: =-'I_Intervention FCast'!W90 -> 0 | I100: =-'I_Intervention FCast'!X90 -> 0 | J100: =-'I_Intervention FCast'!Y90 -> 0 | K100: =-'I_Intervention FCast'!Z90 -> 0 | L100: =-'I_Intervention FCast'!AA90 -> 0
F101: End of Period | G101: =G96 -> 0 | H101: =SUM(H96:H100) -> 0 | I101: =SUM(I96:I100) -> 0 | J101: =SUM(J96:J100) -> 0 | K101: =SUM(K96:K100) -> 0 | L101: =SUM(L96:L100) -> 0
B103: =C_Lists!AF19 -> 0 | F103: Baseline - Beginning of period | G103: =I_Baseline!D30 -> 0 | H103: =G103 -> 0 | I103: =H108 -> 0 | J103: =I108 -> 0 | K103: =J108 -> 0 | L103: =K108 -> 0
F105: Growth (%) | H105: =H103*'I_Generation and growth FCast'!N96 -> 0 | I105: =I103*'I_Generation and growth FCast'!O96 -> 0 | J105: =J103*'I_Generation and growth FCast'!P96 -> 0 | K105: =K103*'I_Generation and growth FCast'!Q96 -> 0 | L105: =L103*'I_Generation and growth FCast'!R96 -> 0
F106: Growth (KwH) | H106: ='I_Generation and growth FCast'!N97 -> 0 | I106: ='I_Generation and growth FCast'!O97 -> 0 | J106: ='I_Generation and growth FCast'!P97 -> 0 | K106: ='I_Generation and growth FCast'!Q97 -> 0 | L106: ='I_Generation and growth FCast'!R97 -> 0
F107: Intervention | H107: =-'I_Intervention FCast'!W96 -> 0 | I107: =-'I_Intervention FCast'!X96 -> 0 | J107: =-'I_Intervention FCast'!Y96 -> 0 | K107: =-'I_Intervention FCast'!Z96 -> 0 | L107: =-'I_Intervention FCast'!AA96 -> 0
F108: End of Period | G108: =G103 -> 0 | H108: =SUM(H103:H107) -> 0 | I108: =SUM(I103:I107) -> 0 | J108: =SUM(J103:J107) -> 0 | K108: =SUM(K103:K107) -> 0 | L108: =SUM(L103:L107) -> 0
B110: =C_Lists!AF20 -> 0 | F110: Baseline - Beginning of period | G110: =I_Baseline!D31 -> 0 | H110: =G110 -> 0 | I110: =H115 -> 0 | J110: =I115 -> 0 | K110: =J115 -> 0 | L110: =K115 -> 0
F112: Growth (%) | H112: =H110*'I_Generation and growth FCast'!N101 -> 0 | I112: =I110*'I_Generation and growth FCast'!O101 -> 0 | J112: =J110*'I_Generation and growth FCast'!P101 -> 0 | K112: =K110*'I_Generation and growth FCast'!Q101 -> 0 | L112: =L110*'I_Generation and growth FCast'!R101 -> 0
F113: Growth (KwH) | H113: ='I_Generation and growth FCast'!N102 -> 0 | I113: ='I_Generation and growth FCast'!O102 -> 0 | J113: ='I_Generation and growth FCast'!P102 -> 0 | K113: ='I_Generation and growth FCast'!Q102 -> 0 | L113: ='I_Generation and growth FCast'!R102 -> 0
F114: Intervention | H114: =-'I_Intervention FCast'!W102 -> 0 | I114: =-'I_Intervention FCast'!X102 -> 0 | J114: =-'I_Intervention FCast'!Y102 -> 0 | K114: =-'I_Intervention FCast'!Z102 -> 0 | L114: =-'I_Intervention FCast'!AA102 -> 0
F115: End of Period | G115: =G110 -> 0 | H115: =SUM(H110:H114) -> 0 | I115: =SUM(I110:I114) -> 0 | J115: =SUM(J110:J114) -> 0 | K115: =SUM(K110:K114) -> 0 | L115: =SUM(L110:L114) -> 0
B117: =C_Lists!AF21 -> 0 | F117: Baseline - Beginning of period | G117: =I_Baseline!D32 -> 0 | H117: =G117 -> 0 | I117: =H122 -> 0 | J117: =I122 -> 0 | K117: =J122 -> 0 | L117: =K122 -> 0
F119: Growth (%) | H119: =H117*'I_Generation and growth FCast'!N106 -> 0 | I119: =I117*'I_Generation and growth FCast'!O106 -> 0 | J119: =J117*'I_Generation and growth FCast'!P106 -> 0 | K119: =K117*'I_Generation and growth FCast'!Q106 -> 0 | L119: =L117*'I_Generation and growth FCast'!R106 -> 0
F120: Growth (KwH) | H120: ='I_Generation and growth FCast'!N107 -> 0 | I120: ='I_Generation and growth FCast'!O107 -> 0 | J120: ='I_Generation and growth FCast'!P107 -> 0 | K120: ='I_Generation and growth FCast'!Q107 -> 0 | L120: ='I_Generation and growth FCast'!R107 -> 0
F121: Intervention | H121: =-'I_Intervention FCast'!W108 -> 0 | I121: =-'I_Intervention FCast'!X108 -> 0 | J121: =-'I_Intervention FCast'!Y108 -> 0 | K121: =-'I_Intervention FCast'!Z108 -> 0 | L121: =-'I_Intervention FCast'!AA108 -> 0
F122: End of Period | G122: =G117 -> 0 | H122: =SUM(H117:H121) -> 0 | I122: =SUM(I117:I121) -> 0 | J122: =SUM(J117:J121) -> 0 | K122: =SUM(K117:K121) -> 0 | L122: =SUM(L117:L121) -> 0
B124: =C_Lists!AF22 -> 0 | F124: Baseline - Beginning of period | G124: =I_Baseline!D33 -> 0 | H124: =G124 -> 0 | I124: =H129 -> 0 | J124: =I129 -> 0 | K124: =J129 -> 0 | L124: =K129 -> 0
F126: Growth (%) | H126: =H124*'I_Generation and growth FCast'!N111 -> 0 | I126: =I124*'I_Generation and growth FCast'!O111 -> 0 | J126: =J124*'I_Generation and growth FCast'!P111 -> 0 | K126: =K124*'I_Generation and growth FCast'!Q111 -> 0 | L126: =L124*'I_Generation and growth FCast'!R111 -> 0
F127: Growth (KwH) | H127: ='I_Generation and growth FCast'!N112 -> 0 | I127: ='I_Generation and growth FCast'!O112 -> 0 | J127: ='I_Generation and growth FCast'!P112 -> 0 | K127: ='I_Generation and growth FCast'!Q112 -> 0 | L127: ='I_Generation and growth FCast'!R112 -> 0
F128: Intervention | H128: =-'I_Intervention FCast'!W114 -> 0 | I128: =-'I_Intervention FCast'!X114 -> 0 | J128: =-'I_Intervention FCast'!Y114 -> 0 | K128: =-'I_Intervention FCast'!Z114 -> 0 | L128: =-'I_Intervention FCast'!AA114 -> 0
F129: End of Period | G129: =G124 -> 0 | H129: =SUM(H124:H128) -> 0 | I129: =SUM(I124:I128) -> 0 | J129: =SUM(J124:J128) -> 0 | K129: =SUM(K124:K128) -> 0 | L129: =SUM(L124:L128) -> 0
B131: =C_Lists!AF23 -> 0 | F131: Baseline - Beginning of period | G131: =I_Baseline!D34 -> 0 | H131: =G131 -> 0 | I131: =H136 -> 0 | J131: =I136 -> 0 | K131: =J136 -> 0 | L131: =K136 -> 0
F133: Growth (%) | H133: =H131*'I_Generation and growth FCast'!N116 -> 0 | I133: =I131*'I_Generation and growth FCast'!O116 -> 0 | J133: =J131*'I_Generation and growth FCast'!P116 -> 0 | K133: =K131*'I_Generation and growth FCast'!Q116 -> 0 | L133: =L131*'I_Generation and growth FCast'!R116 -> 0
F134: Growth (KwH) | H134: ='I_Generation and growth FCast'!N117 -> 0 | I134: ='I_Generation and growth FCast'!O117 -> 0 | J134: ='I_Generation and growth FCast'!P117 -> 0 | K134: ='I_Generation and growth FCast'!Q117 -> 0 | L134: ='I_Generation and growth FCast'!R117 -> 0
...

Sheet C_Lists
S4: reduction rate | AF4: Category list
F5: Admin Buildings /Offices | H5: Solar PV | J5: Unmetered Supply (UMS) | L5: British Gas | N5: Boilers | P5: Self-Selected | R5: Boilers | S5: 0.02 | V5: Biomass boilers | Y5: Expansion Schools | AB5: KWh | AD5: Half Hourly | AF5: ='I_Asset List'!C10 -> Admin Buildings /Offices
F6: Car Parks | H6: Onshore Wind | J6: Half-Hourly (HH) | L6: ED Energy | N6: Building management systems | P6: Standard | R6: Building management systems | S6: =S5+1% -> 0.03 | V6: Solar PV | Y6: Expansion Council Buildings | AB6: % | AD6: Non Half Hourly | AF6: ='I_Asset List'!C11 -> Car Parks
F7: Care Homes | H7: Biomass | J7: Non-Half Hourly (NHH) | L7: E.ON | N7: Combined heat & power | R7: Combined heat & power | S7: =S6+1% -> 0.04 | V7: Solar Thermal | Y7: Heat Provision | AF7: ='I_Asset List'!C12 -> Care Homes
F8: Commercial Properties | H8: Bess | L8: Npower | N8: Compressor | R8: Compressor | S8: =S7+1% -> 0.05 | V8: Small Hydropower | Y8: EV Infrastructure | AF8: ='I_Asset List'!C13 -> Commercial Properties
F9: Community Centres | H9: Other | L9: Scottish Power | N9: Computers and IT solutions | R9: Computers and IT solutions | S9: =S8+1% -> 0.06 | Y9: Other | AF9: ='I_Asset List'!C14 -> Community Centres
F10: Day Centres | L10: SSE | N10: Cooling | R10: Cooling | S10: =S9+1% -> 0.07 | AF10: ='I_Asset List'!C15 -> Day Centres
F11: Depots | L11: Internal Procurement Framework | N11: Hand dryers | R11: Hand dryers | S11: =S10+1% -> 0.08 | AF11: ='I_Asset List'!C16 -> Depots
F12: Galleries & Theatres | L12: Multi-Supplier Framework | N12: Energy from waste | R12: Energy from waste | S12: =S11+1% -> 0.09 | AF12: ='I_Asset List'!C17 -> 0
F13: Industrial Estates | L13: Other | N13: Heating | R13: Heating | S13: =S12+1% -> 0.1 | AF13: ='I_Asset List'!C18 -> 0
F14: Leisure Centres/Pool | N14: Insulation | R14: Insulation | S14: =S13+1% -> 0.11 | AF14: ='I_Asset List'!C19 -> 0
F15: Libraries | N15: Lighting controls | R15: Lighting controls | S15: =S14+1% -> 0.12 | AF15: ='I_Asset List'!C20 -> 0
F16: Markets | N16: LED lighting | R16: LED lighting | S16: =S15+1% -> 0.13 | AF16: ='I_Asset List'!C21 -> 0
F17: Museums | N17: Street lighting | R17: Street lighting | S17: =S16+1% -> 0.14 | AF17: ='I_Asset List'!C22 -> 0
F18: Parks | N18: Traffic lights | R18: Traffic lights | S18: =S17+1% -> 0.15 | AF18: ='I_Asset List'!C23 -> 0
F19: Primary Schools | N19: Montor controls | R19: Montor controls | S19: =S18+1% -> 0.16 | AF19: ='I_Asset List'!C24 -> 0
F20: Public Conveniences | N20: Motor replacement | R20: Motor replacement | S20: =S19+1% -> 0.17 | AF20: ='I_Asset List'!C25 -> 0
F21: Secondary Schools | N21: Office equipment | R21: Office equipment | S21: =S20+1% -> 0.18 | AF21: ='I_Asset List'!C26 -> 0
F22: Street lighting | N22: Swimming | R22: Swimming | S22: =S21+1% -> 0.19 | AF22: ='I_Asset List'!C27 -> 0
F23: Other electricity [insert heading] | N23: Time switches | R23: Time switches | S23: =S22+1% -> 0.2 | AF23: ='I_Asset List'!C28 -> 0
N24: Transformers | R24: Transformers | S24: =S23+1% -> 0.21 | AF24: ='I_Asset List'!C29 -> 0
N25: Ventilation | R25: Ventilation | S25: =S24+1% -> 0.22
N26: Voltage management | R26: Voltage management | S26: =S25+1% -> 0.23

Sheet C_EmissionsFactors
B2: Table 1: Electricity emissions factors to 2100, kgCO2e/kWh
B3: Consumption and generation-based emissions factors.
B5: Analysts should use consumption-based emissions factors for measuring GHG emissions per unit of final energy demand. These emissions factors include transmission and distribution losses, including significant losses due to power station inefficiency. Generation-based emissions factors measure GHG emissions per unit of electricity generated.
B7: Long-run marginal emissions factors should be used for measuring small changes in consumption or generation. Grid average emissions factors are used for footprinting. | M7: 4. Total electricity forecast (CO2) Calculations
B10: Year | C10: Long-run marginal | G10: Grid average | M10: Year | N10: =O_Summary!G74 -> 2023 | O10: =O_Summary!H74 -> 2024 | P10: =O_Summary!I74 -> 2025 | Q10: =O_Summary!J74 -> 2026 | R10: =O_Summary!K74 -> 2027 | S10: =O_Summary!L74 -> 2028
C11: Consumption-based | F11: Generation-based | G11: Consumption-based | J11: Generation-based | M11: Consumption kWh | N11: =O_Summary!G76 -> 21000 | O11: =O_Summary!H76 -> 26356.55 | P11: =O_Summary!I76 -> 30051.81 | Q11: =O_Summary!J76 -> 33139.862 | R11: =O_Summary!K76 -> 35918.426 | S11: =O_Summary!L76 -> 38080.211
C12: Domestic | D12: Commercial/ Public sector | E12: Industrial | G12: Domestic | H12: Commercial/ Public sector | I12: Industrial | M12: Emissions Factor | N12: =SUMIF($B13:$B103,N10,$D13:$D103) -> 0.25038317 | O12: =SUMIF($B13:$B103,O10,$D13:$D103) -> 0.2355735 | P12: =SUMIF($B13:$B103,P10,$D13:$D103) -> 0.21992323 | Q12: =SUMIF($B13:$B103,Q10,$D13:$D103) -> 0.20338466 | R12: =SUMIF($B13:$B103,R10,$D13:$D103) -> 0.18590736 | S12: =SUMIF($B13:$B103,S10,$D13:$D103) -> 0.16743805
B13: 2010 | C13: 0.38937842 | D13: 0.38223548 | E13: 0.37509253 | F13: 0.35714721 | G13: 0.49824255 | H13: 0.48910255 | I13: 0.47996255 | J13: 0.457 | M13: Equivalent CO2 | N13: =(N11*N12)/1000 -> 5.2580466 | O13: =(O11*O12)/1000 -> 6.2089048 | P13: =(P11*P12)/1000 -> 6.6090913 | Q13: =(Q11*Q12)/1000 -> 6.7401396 | R13: =(R11*R12)/1000 -> 6.6774997 | S13: =(S11*S12)/1000 -> 6.376076
B14: 2011 | C14: 0.38377759 | D14: 0.37676904 | E14: 0.3697605 | F14: 0.35042732 | G14: 0.48187493 | H14: 0.47307493 | I14: 0.46427493 | J14: 0.44
B15: 2012 | C15: 0.37657133 | D15: 0.36970481 | E15: 0.36283829 | F15: 0.34332601 | G15: 0.52867356 | H15: 0.51903356 | I15: 0.50939356 | J15: 0.482
B16: 2013 | C16: 0.36739164 | D16: 0.3606752 | E16: 0.35395877 | F16: 0.33582162 | G16: 0.49120972 | H16: 0.48222972 | I16: 0.47324972 | J16: 0.449
B17: 2014 | C17: 0.360443 | D17: 0.35388518 | E17: 0.34732735 | F17: 0.32789129 | G17: 0.4386111 | H17: 0.4306311 | I17: 0.4226511 | J17: 0.399
B18: 2015 | C18: 0.35021798 | D18: 0.34382777 | E18: 0.33743755 | F18: 0.31951083 | G18: 0.36719576 | H18: 0.36049576 | I18: 0.35379576 | J18: 0.335
B19: 2016 | C19: 0.33958889 | D19: 0.3333758 | E19: 0.3271627 | F19: 0.3106547 | G19: 0.29296136 | H19: 0.28760136 | I19: 0.28224136 | J19: 0.268
B20: 2017 | C20: 0.32998032 | D20: 0.3239544 | E20: 0.31792848 | F20: 0.3012959 | G20: 0.26175364 | H20: 0.25697364 | I20: 0.25219364 | J20: 0.239
B21: 2018 | C21: 0.31925306 | D21: 0.31342495 | E21: 0.30759683 | F21: 0.29140589 | G21: 0.24321465 | H21: 0.23877465 | I21: 0.23433465 | J21: 0.222
B22: 2019 | C22: 0.30770237 | D22: 0.30208328 | E22: 0.29646419 | F22: 0.28095452 | G22: 0.21685029 | H22: 0.21289029 | I22: 0.20893029 | J22: 0.198
B23: 2020 | C23: 0.29560631 | D23: 0.29020811 | E23: 0.28480991 | F23: 0.26990994 | G23: 0.16237654 | H23: 0.15941131 | I23: 0.15644608 | J23: 0.14826153
B24: 2021 | C24: 0.28282367 | D24: 0.2776589 | E24: 0.27249413 | F24: 0.25823846 | G24: 0.1514815 | H24: 0.14871523 | I24: 0.14594896 | J24: 0.13831356
B25: 2022 | C25: 0.26931549 | D25: 0.2643974 | E25: 0.25947931 | F25: 0.24590452 | G25: 0.14153171 | H25: 0.13894714 | I25: 0.13636256 | J25: 0.12922869
... B103: 2100 | C103: 0.0069786896 | D103: 0.0068512486 | E103: 0.0067238077 | F103: 0.0063720483 | G103: 0.0069786896 | H103: 0.0068512486 | I103: 0.0067238077 | J103: 0.0063720483
B106: Note: GHGs include CO2, CH4 and N2O.
B108: Source: BEIS modelling
B110: Further guidance on the use of marginal and average emissions factors are available from the appraisal guidance (Chapter 3) and the background documentation (Chapter 2) which can be downloaded from the Green Gook supplementary guidance section of GOV.UK webpage:
B111: https://www.gov.uk/government/publications/valuation-of-energy-use-and-greenhouse-gas-emissions-for-appraisal
